Workbook
Name _001_Recursos__Propios: '[1]FUENTES DE RECURSOS '!$E$2:$E$50
Name _001_Recursos__Propios: '[1]FUENTES DE RECURSOS '!$E$2:$E$50
Name CARGOS: [2]DEPENDENCIAS!$B$2:$B$43
Name COD_MR: '[3]CONSOLIDADO PLAN DESARROLLO'!$DT$9:$DT$62
Name COD_MR: 'CONSOLIDADO PLAN DESARROLLO'!$DT$9:$DT$62
Name E1.: 'CONSOLIDADO PLAN DESARROLLO'!$BK$9:$BK$18
Name E1.P_A: 'CONSOLIDADO PLAN DESARROLLO'!$BP$9:$BP$13
Name E1.P_A.MR1: 'CONSOLIDADO PLAN DESARROLLO'!$BU$10:$BU$18
Name E1.P_A.MR2: 'CONSOLIDADO PLAN DESARROLLO'!$BU$19:$BU$22
Name E1.P_A.MR3: 'CONSOLIDADO PLAN DESARROLLO'!$BU$23:$BU$27
Name E1.P_A.MR4: 'CONSOLIDADO PLAN DESARROLLO'!$BU$28:$BU$32
Name E1.P_A.MR5: 'CONSOLIDADO PLAN DESARROLLO'!$BU$33:$BU$36
Name E1.P_B: 'CONSOLIDADO PLAN DESARROLLO'!$BP$14:$BP$16
Name E1.P_B.MR1: 'CONSOLIDADO PLAN DESARROLLO'!$BU$37:$BU$40
Name E1.P_B.MR2: 'CONSOLIDADO PLAN DESARROLLO'!$BU$41:$BU$43
Name E1.P_B.MR3: 'CONSOLIDADO PLAN DESARROLLO'!$BU$44:$BU$53
Name E1.P_C: 'CONSOLIDADO PLAN DESARROLLO'!$BP$17
Name E1.P_C.MR1: 'CONSOLIDADO PLAN DESARROLLO'!$BU$54:$BU$69
Name E1.P_D: 'CONSOLIDADO PLAN DESARROLLO'!$BP$18
Name E1.P_D.MR1: 'CONSOLIDADO PLAN DESARROLLO'!$BU$70:$BU$82
Name E1.P_E: 'CONSOLIDADO PLAN DESARROLLO'!$BP$19
Name E1.P_E.MR1: 'CONSOLIDADO PLAN DESARROLLO'!$BU$83:$BU$87
Name E1.P_F: 'CONSOLIDADO PLAN DESARROLLO'!$BP$20:$BP$21
Name E1.P_F.MR1: 'CONSOLIDADO PLAN DESARROLLO'!$BU$88:$BU$91
Name E1.P_F.MR2: 'CONSOLIDADO PLAN DESARROLLO'!$BU$92:$BU$95
Name E1.P_G: 'CONSOLIDADO PLAN DESARROLLO'!$BP$22:$BP$23
Name E1.P_G.MR1: 'CONSOLIDADO PLAN DESARROLLO'!$BU$96:$BU$98
Name E1.P_G.MR2: 'CONSOLIDADO PLAN DESARROLLO'!$BU$99
Name E1.P_H: 'CONSOLIDADO PLAN DESARROLLO'!$BP$24
Name E1.P_H.MR1: 'CONSOLIDADO PLAN DESARROLLO'!$BU$100:$BU$106
Name E1.P_I: 'CONSOLIDADO PLAN DESARROLLO'!$BP$25
Name E1.P_I.MR1: 'CONSOLIDADO PLAN DESARROLLO'!$BU$107:$BU$109
Name E1.P_J: 'CONSOLIDADO PLAN DESARROLLO'!$BP$26
Name E1.P_J.MR1: 'CONSOLIDADO PLAN DESARROLLO'!$BU$110:$BU$111
Name E2.: 'CONSOLIDADO PLAN DESARROLLO'!$BK$19:$BK$24
Name E2.P_A: 'CONSOLIDADO PLAN DESARROLLO'!$BP$27
Name E2.P_A.MR1: 'CONSOLIDADO PLAN DESARROLLO'!$BU$112:$BU$121
Name E2.P_B: 'CONSOLIDADO PLAN DESARROLLO'!$BP$28
Name E2.P_B.MR1: 'CONSOLIDADO PLAN DESARROLLO'!$BU$122:$BU$125
Name E2.P_C: 'CONSOLIDADO PLAN DESARROLLO'!$BP$29
Name E2.P_C.MR1: 'CONSOLIDADO PLAN DESARROLLO'!$BU$126:$BU$128
Name E2.P_D: 'CONSOLIDADO PLAN DESARROLLO'!$BP$30
Name E2.P_D.MR1: 'CONSOLIDADO PLAN DESARROLLO'!$BU$129:$BU$133
Name E2.P_E: 'CONSOLIDADO PLAN DESARROLLO'!$BP$31
Name E2.P_E.MR1: 'CONSOLIDADO PLAN DESARROLLO'!$BU$134:$BU$139
Name E2.P_F: 'CONSOLIDADO PLAN DESARROLLO'!$BP$32:$BP$33
Name E2.P_F.MR1: 'CONSOLIDADO PLAN DESARROLLO'!$BU$140:$BU$144
Name E2.P_F.MR2: 'CONSOLIDADO PLAN DESARROLLO'!$BU$145:$BU$148
Name E3.: 'CONSOLIDADO PLAN DESARROLLO'!$BK$25:$BK$36
Name E3.P_A: 'CONSOLIDADO PLAN DESARROLLO'!$BP$34
Name E3.P_A.MR1: 'CONSOLIDADO PLAN DESARROLLO'!$BU$149:$BU$169
Name E3.P_B: 'CONSOLIDADO PLAN DESARROLLO'!$BP$35
Name E3.P_B.MR1: 'CONSOLIDADO PLAN DESARROLLO'!$BU$170:$BU$182
Name E3.P_C: 'CONSOLIDADO PLAN DESARROLLO'!$BP$36:$BP$37
Name E3.P_C.MR1: 'CONSOLIDADO PLAN DESARROLLO'!$BU$183:$BU$185
Name E3.P_C.MR2: 'CONSOLIDADO PLAN DESARROLLO'!$BU$186
Name E3.P_D: 'CONSOLIDADO PLAN DESARROLLO'!$BP$38:$BP$39
Name E3.P_D.MR1: 'CONSOLIDADO PLAN DESARROLLO'!$BU$187:$BU$192
Name E3.P_D.MR2: 'CONSOLIDADO PLAN DESARROLLO'!$BU$193:$BU$195
Name E3.P_E: 'CONSOLIDADO PLAN DESARROLLO'!$BP$40

Sheet PLAN DE ACCION 2019
B2: PLAN DE DESARROLLO MUNICIPAL "TOCANCIPÁ ALTA COMPETITIVIDAD CON DESARROLLO Y PROYECCIÓN" | BF2: DILIGENCIE O ELIJA DE LA LISTA DESPLAGABLE ÚNICAMENTE EN LAS CELDAS MARCADAS CON ESTE COLOR. NOTA: ABSTÉNGASE DE DIGITAR O MODIFICAR EL CONTENIDO DE LAS OTRAS CELDAS.
B3: COMPONENTE DE EFICACIA - PLAN DE ACCIÒN - VIGENCIA | N3: 2019 | Q3: =VLOOKUP(N3,#REF!,2,0) -> #REF! | R3: =VLOOKUP(N3,$N$331:$O$335,2,0) -> 9
B5: EJE: | C5: =VLOOKUP($D$9,'CONSOLIDADO PLAN DESARROLLO'!$DT$9:$DZ$62,3,0) -> E3. - Infraestructura, Planeación, Ambiente y Servicios Públicos | J5: SECTOR: | L5: =VLOOKUP($D$9,'CONSOLIDADO PLAN DESARROLLO'!$DT$9:$DZ$62,5,0) -> Servicios Públicos | V5: OBJETIVO DEL EJE: | Y5: =VLOOKUP($D$9,'CONSOLIDADO PLAN DESARROLLO'!$DT$9:$DZ$62,4,0) -> Desarrollar infraestructuras sostenibles y de calidad, que interactúen de manera armónica con el medio ambiente y el cambio climático basado en el desarrollo económico y el bienestar social, promoviendo el acceso equitativo de servicios básicos esenciales para todos los grupos de población
B6: PROGRAMA: | C6: =VLOOKUP($D$9,'CONSOLIDADO PLAN DESARROLLO'!$DT$9:$DZ$62,6,0) -> E3.P_L - ACUEDUCTO, ALCANTARILLADO Y ASEO | G6: OBJETIVO PROGRAMA: | K6: =VLOOKUP($D$9,'CONSOLIDADO PLAN DESARROLLO'!$DT$9:$DZ$62,7,0) -> Ampliar las coberturas los servicios públicos de Acueducto, Alcantarillado y Aseo | R6: RECURSOS FINANCIEROS ($) | AL6: GERENCIA
B7: RESPONSABLE | D7: CÓD. CONS. META RESULTADO | E7: DESCRIPCIÓN META DE RESULTADO | F7: INDICADOR | G7: LINEA BASE | H7: META CUATRIENIO | I7: Valor Esperado | J7: =+$N$3 -> 2019 | K7: META ACUMULADA 1er SEMESTRE | L7: META ACUMULADA 1-Ener_31-Dic. | R7: COFINANCIACIÓN DEPARTAMENTO | T7: COFINACIACIÓN NACIÓN | V7: CRÉDITO | X7: OTROS | Z7: RECURSOS PROPIOS | AB7: SGP | AD7: REGALÍAS | AF7: RECURSOS FUNCIONAMIENTO | AH7: RECURSOS GESTIONADOS | AJ7: TOTALES | AL7: POBLACIÓN BENEFICIADA POR CICLO VITAL | AS7: POBLACIÓN BENEFICIADA POR GÉNERO | AV7: POBLACIÓN BENEFICIADA CONDICIONES ESPECIALES | BA7: VERIFICACIÒN | BB7: COOPERANTE - RECURSOS GESTIONADOS | BC7: RESPONSABLE DIRECTO
R8: Programado - apropiado | S8: Ejecutado - compromisos | T8: Programado - apropiado | U8: Ejecutado - compromisos | V8: Programado - apropiado | W8: Ejecutado - compromisos | X8: Programado - apropiado | Y8: Ejecutado - compromisos | Z8: Programado - apropiado | AA8: Ejecutado - compromisos | AB8: Programado - apropiado | AC8: Ejecutado - compromisos | AD8: Programado - apropiado | AE8: Ejecutado - compromisos | AF8: Programado - apropiado | AG8: Ejecutado - compromisos | AH8: Programado - apropiado | AI8: Ejecutado - compromisos | AJ8: Programado - apropiado | AK8: Ejecutado - compromisos | AL8: P.I | AM8: I | AN8: ADO | AO8: JUV | AP8: ADU | AQ8: AD-M | AR8: TOT. CICLO VITAL | AS8: M | AT8: H | AU8: TOT. GÉNERO | AV8: VCA | AW8: LGTBI | AX8: DISCAP | AY8: AFRO | AZ8: INDIG
B9: ELVA JEANNETTE CUEVAS BAUTISTA - GERENTE EMPRESA DE SERVICIOS PÚBLICOS | D9: E3.P_L.MR2 | E9: =VLOOKUP($D$9,'CONSOLIDADO PLAN DESARROLLO'!$EB$9:$EF$62,2,0) -> Mantener la cobertura de alcantarillado en el área urbana y el área rural | F9: =VLOOKUP($D$9,'CONSOLIDADO PLAN DESARROLLO'!$EB$9:$EF$62,3,0) -> % cobertura urbana % cobertura rural | G9: =VLOOKUP($D$9,'CONSOLIDADO PLAN DESARROLLO'!$EB$9:$EF$62,4,0) -> 100% 75,7% | H9: =VLOOKUP($D$9,'CONSOLIDADO PLAN DESARROLLO'!$EB$9:$EF$62,5,0) -> 100% 75,7% | I9: 100% 88% | K9: 100% 88% | L9: 100% 88% | R9: =+R12+R30+R39+R52+R69+R78+R87+R96+R105+R114+R123+R132+R141+R150+R159+R168+R177+R186+R195+R204+R213 -> 0 | S9: =+S12+S30+S39+S52+S69+S78+S87+S96+S105+S114+S123+S132+S141+S150+S159+S168+S177+S186+S195+S204+S213 -> 0 | T9: =+T12+T30+T39+T52+T69+T78+T87+T96+T105+T114+T123+T132+T141+T150+T159+T168+T177+T186+T195+T204+T213 -> 440386423 | U9: =+U12+U30+U39+U52+U69+U78+U87+U96+U105+U114+U123+U132+U141+U150+U159+U168+U177+U186+U195+U204+U213 -> 0 | V9: =+V12+V30+V39+V52+V69+V78+V87+V96+V105+V114+V123+V132+V141+V150+V159+V168+V177+V186+V195+V204+V213 -> 0 | W9: =+W12+W30+W39+W52+W69+W78+W87+W96+W105+W114+W123+W132+W141+W150+W159+W168+W177+W186+W195+W204+W213 -> 0 | X9: =+X12+X30+X39+X52+X69+X78+X87+X96+X105+X114+X123+X132+X141+X150+X159+X168+X177+X186+X195+X204+X213 -> 0 | Y9: =+Y12+Y30+Y39+Y52+Y69+Y78+Y87+Y96+Y105+Y114+Y123+Y132+Y141+Y150+Y159+Y168+Y177+Y186+Y195+Y204+Y213 -> 0 | ... AZ9: =+AZ12+AZ30+AZ39+AZ52+AZ69+AZ78+AZ87+AZ96+AZ105+AZ114+AZ123+AZ132+AZ141+AZ150+AZ159+AZ168+AZ177+AZ186+AZ195+AZ204+AZ213 -> 0
B10: JORGE ANDRES PORRAS VARGAS - GERENTE EMPRESA DE SERVICIOS PUBLICOS | C10: 040104-MR1b | D10: =VLOOKUP($D$9,#REF!,2,0) -> #REF! | K10: =VLOOKUP($D$9,#REF!,3,0) -> #REF! | L10: =VLOOKUP($D$9,#REF!,4,0) -> #REF! | M10: =VLOOKUP($D$9,#REF!,5,0) -> #REF! | N10: =VLOOKUP($D$9,#REF!,Q3,0) -> #REF! | Q10: 5555
A12: 1 | B12: PROYECTO | C12: CODIGO REGISTRO PROYECTO | D12: CÓD. CONS. META PRODUCTO | E12: DESCRIPCIÓN META DE PRODUCTO | F12: INDICADOR | G12: LINEA BASE | H12: META CUATRIENIO | I12: Valor Esperado | J12: =+$N$3 -> 2019 | K12: META ACUMULADA 1er SEMESTRE | L12: META ACUMULADA 1-Ener_31-Dic. | M12: ACTIVIDADES | N12: UNIDAD DE MEDIDA | O12: CANTIDADES CUATRIENIO | P12: Ejecutado 1-Ener_30-Jun. | Q12: Ejecutado 1-Ener_31-Dic. | R12: =SUM(R13:R28) -> 0 | S12: =SUM(S13:S28) -> 0 | T12: =SUM(T13:T28) -> 0 | U12: =SUM(U13:U28) -> 0 | V12: =SUM(V13:V28) -> 0 | W12: =SUM(W13:W28) -> 0 | X12: =SUM(X13:X28) -> 0 | Y12: =SUM(Y13:Y28) -> 0 | ... AK12: =SUM(AK13:AK28) -> 902272454 | BA12: VERIFICACIÒN | BB12: COOPERANTE - RECURSOS GESTIONADOS | BC12: RESPONSABLE DIRECTO
B13: =VLOOKUP($D$9,'PROYECTOS REGISTRADOS'!$A$2:$D$82,4,0) -> Mejoramiento de la Cobertura de Alcantarillado en el Área Urbana y Área Rural en el Municipio de Tocancipá, Cundinamarca, Centro Oriente | C13: =VLOOKUP($D$9,'PROYECTOS REGISTRADOS'!$A$2:$D$82,3,0) -> 2016-25817-0033 | D13: E3.P_L.MR2-MP01-1 | E13: =IF(D13=0,"0-0",(VLOOKUP(D13,'CONSOLIDADO PLAN DESARROLLO'!$EL$9:$ET$304,2,0))) -> Cumplir con los requisitos legales de vertimientos a través de la estabilización y optimización de las Plantas de Tratamiento de Aguas Residuales - PTAR´s | F13: =IF(D13=0,"0-0",(VLOOKUP(D13,'CONSOLIDADO PLAN DESARROLLO'!$EL$9:$ET$304,3,0))) -> No. de plantas de tratamiento de aguas residuales cumpliendo requisitos legales de vertimientos | G13: =IF(D13=0,"0-0",(VLOOKUP(D13,'CONSOLIDADO PLAN DESARROLLO'!$EL$9:$ET$304,4,0))) -> 0 | H13: =IF(D13=0,"0-0",(VLOOKUP(D13,'CONSOLIDADO PLAN DESARROLLO'!$EL$9:$ET$304,5,0))) -> 5 | I13: =IF(D13=0,"0-0",(VLOOKUP(D13,'CONSOLIDADO PLAN DESARROLLO'!$EL$9:$ET$304,$R$3,0))) -> 0.1 | K13: 0.05 | L13: 3.55 | M13: Suscripción y legalización de convenios y/o contratos interadministrativos | N13: Número | O13: 3 | P13: 0 | Q13: 0 | R13: =VLOOKUP($D13,'[4]Tablero Logro Metas 2019'!$AK$7:$AS$302,3,0) -> 0 | S13: 0 | T13: =VLOOKUP($D13,'[4]Tablero Logro Metas 2019'!$AK$7:$AS$302,4,0) -> 0 | U13: 0 | V13: =VLOOKUP($D13,'[4]Tablero Logro Metas 2019'!$AK$7:$AS$302,5,0) -> 0 | W13: 0 | X13: =VLOOKUP($D13,'[4]Tablero Logro Metas 2019'!$AK$7:$AS$302,6,0) -> 0 | Y13: 0 | Z13: =VLOOKUP($D13,'[4]Tablero Logro Metas 2019'!$AK$7:$AS$302,7,0) -> 0 | AA13: 0 | AB13: =VLOOKUP($D13,'[4]Tablero Logro Metas 2019'!$AK$7:$AS$302,8,0) -> 0 | AC13: 0 | AD13: =VLOOKUP($D13,'[4]Tablero Logro Metas 2019'!$AK$7:$AS$302,9,0) -> 0 | AE13: 0 | AF13: 902272454 | AG13: 0 | AI13: 0 | AJ13: =+R13+T13+V13+X13+Z13+AB13+AD13+AF13+AH13 -> 902272454 | AK13: =AC13+AE13+AG13+S13+U13+W13+Y13+AA13+AI13 -> 0 | AL13: 0 | AM13: 0 | AN13: 0 | AO13: 0 | AP13: 0 | AQ13: 0 | AR13: =SUM(AL13:AQ13) -> 0 | AS13: 0 | AT13: 0 | AU13: 0 | AV13: 0 | AW13: 0 | AX13: 0 | AY13: 0 | AZ13: 0 | BA13: N/A | BB13: N/A | BC13: N/A
M14: Construcción de la estructura de descarga de acuerdo a la normatividad legal vigente de la PTAR Verganzo | N14: Número | O14: 1 | P14: 0 | Q14: 0 | S14: 0 | U14: 0 | W14: 0 | Y14: 0 | AA14: 0 | AC14: 0 | AE14: 0 | AG14: 0 | AI14: 0 | AK14: =AC14+AE14+AG14+S14+U14+W14+Y14+AA14+AI14 -> 0 | AL14: 0 | AM14: 0 | AN14: 0 | AO14: 0 | AP14: 0 | AQ14: 0 | AR14: =SUM(AL14:AQ14) -> 0 | AS14: 0 | AT14: 0 | AU14: 0 | AV14: 0 | AW14: 0 | AX14: 0 | AY14: 0 | AZ14: 0 | BA14: N/A | BB14: N/A | BC14: N/A
M15: Interventoria del estructura de descarga de acuerdo a la normatividad legal vigente de la PTAR Verganzo | N15: Número | O15: 1 | P15: 0 | Q15: 0 | S15: 0 | U15: 0 | W15: 0 | Y15: 0 | AA15: 0 | AC15: 0 | AE15: 0 | AG15: 0 | AI15: 0 | AK15: =AC15+AE15+AG15+S15+U15+W15+Y15+AA15+AI15 -> 0 | AL15: 0 | AM15: 0 | AN15: 0 | AO15: 0 | AP15: 0 | AQ15: 0 | AR15: =SUM(AL15:AQ15) -> 0 | AS15: 0 | AT15: 0 | AU15: 0 | AV15: 0 | AW15: 0 | AX15: 0 | AY15: 0 | AZ15: 0 | BA15: N/A | BB15: N/A | BC15: N/A
M16: Estudios y diseños de las estructuras de descarga de las PTAR | N16: Número | O16: 1 | P16: 0 | Q16: 0 | S16: 0 | U16: 0 | W16: 0 | Y16: 0 | AA16: 0 | AC16: 0 | AE16: 0 | AG16: 0 | AI16: 0 | AK16: =AC16+AE16+AG16+S16+U16+W16+Y16+AA16+AI16 -> 0 | AL16: 0 | AM16: 0 | AN16: 0 | AO16: 0 | AP16: 0 | AQ16: 0 | AR16: =SUM(AL16:AQ16) -> 0 | AS16: 0 | AT16: 0 | AU16: 0 | AV16: 0 | AW16: 0 | AX16: 0 | AY16: 0 | AZ16: 0 | BA16: N/A | BB16: N/A | BC16: N/A
M17: Interventoria Estudios y diseños de las estructuras de descarga de las PTAR | N17: Número | O17: 1 | P17: 0 | Q17: 0 | S17: 0 | U17: 0 | W17: 0 | Y17: 0 | AA17: 0 | AC17: 0 | AE17: 0 | AG17: 0 | AI17: 0 | AK17: =AC17+AE17+AG17+S17+U17+W17+Y17+AA17+AI17 -> 0 | AL17: 0 | AM17: 0 | AN17: 0 | AO17: 0 | AP17: 0 | AQ17: 0 | AR17: =SUM(AL17:AQ17) -> 0 | AS17: 0 | AT17: 0 | AU17: 0 | AV17: 0 | AW17: 0 | AX17: 0 | AY17: 0 | AZ17: 0 | BA17: N/A | BB17: N/A | BC17: N/A
M18: Obtener el permiso de vertimiento, ocupacion de cause y tratamiento y disposicion de lodos de las PTAR´s | N18: Número | O18: 5 | P18: 1.5 | Q18: 1 | S18: 0 | U18: 0 | W18: 0 | Y18: 0 | AA18: 0 | AC18: 0 | AE18: 0 | AG18: 3900000 | AI18: 0 | AK18: =AC18+AE18+AG18+S18+U18+W18+Y18+AA18+AI18 -> 3900000 | AL18: 2444 | AM18: 3872 | AN18: 4033 | AO18: 7785 | AP18: 14556 | AQ18: 2316 | AR18: =SUM(AL18:AQ18) -> 35006 | AS18: 17977 | AT18: 17029 | AU18: =SUM(AS18:AT18) -> 35006 | AV18: 0 | AW18: 0 | AX18: 786 | AY18: 0 | AZ18: 0 | BA18: Honorarios Directora PTAP y PTAR | BB18: Empresa de Servicios Públicos de Tocancipá S.A. ESP | BC18: Empresa de Servicios Públicos de Tocancipá S.A. ESP
M19: Avaluo, Compra y legalizacion de predios | N19: Número | O19: 2 | P19: 0 | Q19: 0 | S19: 0 | U19: 0 | W19: 0 | Y19: 0 | AA19: 0 | AC19: 0 | AE19: 0 | AG19: 0 | AI19: 0 | AK19: =AC19+AE19+AG19+S19+U19+W19+Y19+AA19+AI19 -> 0 | AL19: 0 | AM19: 0 | AN19: 0 | AO19: 0 | AP19: 0 | AQ19: 0 | AR19: =SUM(AL19:AQ19) -> 0 | AS19: 0 | AT19: 0 | AU19: 0 | AV19: 0 | AW19: 0 | AX19: 0 | AY19: 0 | AZ19: 0 | BA19: N/A | BB19: N/A | BC19: N/A
M20: Ampliación y optimización de los sistemas de tratamiento de aguas residuales con normatividad vigente | N20: Número | O20: 3 | P20: 0.5 | Q20: 0.5 | S20: 0 | U20: 0 | W20: 0 | Y20: 0 | AA20: 0 | AC20: 0 | AE20: 0 | AG20: 46800000 | AI20: 0 | AK20: =AC20+AE20+AG20+S20+U20+W20+Y20+AA20+AI20 -> 46800000 | AL20: 2444 | AM20: 3872 | AN20: 4033 | AO20: 7785 | AP20: 14556 | AQ20: 2316 | AR20: =SUM(AL20:AQ20) -> 35006 | AS20: 17977 | AT20: 17029 | AU20: =SUM(AS20:AT20) -> 35006 | AV20: 0 | AW20: 0 | AX20: 786 | AY20: 0 | AZ20: 0 | BA20: Honorarios profesional Universitario PTAR | BB20: Empresa de Servicios Públicos de Tocancipá S.A. ESP | BC20: Empresa de Servicios Públicos de Tocancipá S.A. ESP
M21: Interventoria de la ampliación y optimización de los sistemas de tratamiento de aguas residuales con normatividad vigente | N21: Número | O21: 3 | P21: 0.5 | Q21: 0.5 | S21: 0 | U21: 0 | W21: 0 | Y21: 0 | AA21: 0 | AC21: 0 | AE21: 0 | AG21: 24369230 | AI21: 0 | AK21: =AC21+AE21+AG21+S21+U21+W21+Y21+AA21+AI21 -> 24369230 | AL21: 2444 | AM21: 3872 | AN21: 4033 | AO21: 7785 | AP21: 14556 | AQ21: 2316 | AR21: =SUM(AL21:AQ21) -> 35006 | AS21: 17977 | AT21: 17029 | AU21: =SUM(AS21:AT21) -> 35006 | AV21: 0 | AW21: 0 | AX21: 786 | AY21: 0 | AZ21: 0 | BA21: Solicitud de pago Acta No 05 Contrato 076 de 2017. | BB21: Alcldia Municipal de Tocancipá | BC21: Empresa de Servicios Públicos de Tocncipá S.A ESP.
M22: Diagnostico, estudios y diseños para la ampliación de los sistemas de tratamiento de aguas residuales según normatividad vigente. | N22: Número | O22: 3 | P22: 0 | Q22: 0 | S22: 0 | U22: 0 | W22: 0 | Y22: 0 | AA22: 0 | AC22: 0 | AE22: 0 | AG22: 0 | AI22: 0 | AK22: =AC22+AE22+AG22+S22+U22+W22+Y22+AA22+AI22 -> 0 | AL22: 0 | AM22: 0 | AN22: 0 | AO22: 0 | AP22: 0 | AQ22: 0 | AR22: =SUM(AL22:AQ22) -> 0 | AS22: 0 | AT22: 0 | AU22: 0 | AV22: 0 | AW22: 0 | AX22: 0 | AY22: 0 | AZ22: 0 | BA22: N/A | BB22: N/A | BC22: N/A
M23: Interventoria para el diagnostico, estudios y diseños para la ampliación de los sistemas de tratamiento de aguas residuales según normatividad vigente. | N23: Número | O23: 3 | P23: 0 | Q23: 0 | S23: 0 | U23: 0 | W23: 0 | Y23: 0 | AA23: 0 | AC23: 0 | AE23: 0 | AG23: 0 | AI23: 0 | AK23: =AC23+AE23+AG23+S23+U23+W23+Y23+AA23+AI23 -> 0 | AL23: 0 | AM23: 0 | AN23: 0 | AO23: 0 | AP23: 0 | AQ23: 0 | AR23: =SUM(AL23:AQ23) -> 0 | AS23: 0 | AT23: 0 | AU23: 0 | AV23: 0 | AW23: 0 | AX23: 0 | AY23: 0 | AZ23: 0 | BA23: N/A | BB23: N/A | BC23: N/A
M24: Actualización del estudio tarifario del servicios de alcantarillado de acuerdo a la normatividad vigente | N24: Número | O24: 1 | P24: 0 | Q24: 0 | S24: 0 | U24: 0 | W24: 0 | Y24: 0 | AA24: 0 | AC24: 0 | AE24: 0 | AG24: 0 | AI24: 0 | AK24: =AC24+AE24+AG24+S24+U24+W24+Y24+AA24+AI24 -> 0 | AL24: 0 | AM24: 0 | AN24: 0 | AO24: 0 | AP24: 0 | AQ24: 0 | AR24: =SUM(AL24:AQ24) -> 0 | AS24: 0 | AT24: 0 | AU24: 0 | AV24: 0 | AW24: 0 | AX24: 0 | AY24: 0 | AZ24: 0 | BA24: N/A | BB24: N/A | BC24: N/A
M25: Conformación de barreras vivas con especies nativas para la mitigazión de olores en las PTAR´s | N25: Número | O25: 4 | P25: 0 | Q25: 0 | S25: 0 | U25: 0 | W25: 0 | Y25: 0 | AA25: 0 | AC25: 0 | AE25: 0 | AG25: 0 | AI25: 0 | AK25: =AC25+AE25+AG25+S25+U25+W25+Y25+AA25+AI25 -> 0 | AL25: 0 | AM25: 0 | AN25: 0 | AO25: 0 | AP25: 0 | AQ25: 0 | AR25: =SUM(AL25:AQ25) -> 0 | AS25: 0 | AT25: 0 | AU25: 0 | AV25: 0 | AW25: 0 | AX25: 0 | AY25: 0 | AZ25: 0 | BA25: N/A | BB25: N/A | BC25: N/A
M26: Operación de las Plantas de Tratamiento de Aguas Residuales | N26: Número | O26: 4 | P26: 1 | Q26: 1 | S26: 0 | U26: 0 | W26: 0 | Y26: 0 | AA26: 0 | AC26: 0 | AE26: 0 | AG26: 807836786 | AI26: 0 | AK26: =AC26+AE26+AG26+S26+U26+W26+Y26+AA26+AI26 -> 807836786 | AL26: 2444 | AM26: 3872 | AN26: 4033 | AO26: 7785 | AP26: 14556 | AQ26: 2316 | AR26: =SUM(AL26:AQ26) -> 35006 | AS26: 17977 | AT26: 17029 | AU26: =SUM(AS26:AT26) -> 35006 | AV26: 0 | AW26: 0 | AX26: 786 | AY26: 0 | AZ26: 0 | BA26: Pagos de Energia/Pagos a contratistas, Pagos a personal de planta y pagos a personal de vigilancia. | BB26: Empresa de Servicios Públicos de Tocancipá S.A. ESP | BC26: Empresa de Servicios Públicos de Tocancipá S.A. ESP
M27: Análisis y caracterizacion de los vertimientos por laboratorios acreditados | N27: Número | O27: 4 | P27: 1 | Q27: 1 | S27: 0 | U27: 0 | W27: 0 | Y27: 0 | AA27: 0 | AC27: 0 | AE27: 0 | AG27: 19366438 | AI27: 0 | AK27: =AC27+AE27+AG27+S27+U27+W27+Y27+AA27+AI27 -> 19366438 | AL27: 2444 | AM27: 3872 | AN27: 4033 | AO27: 7785 | AP27: 14556 | AQ27: 2316 | AR27: =SUM(AL27:AQ27) -> 35006 | AS27: 17977 | AT27: 17029 | AU27: =SUM(AS27:AT27) -> 35006 | AV27: 0 | AW27: 0 | AX27: 786 | AY27: 0 | AZ27: 0 | BA27: Contrato 081 de 2019 | BB27: Empresa de Servicios Públicos de Tocancipá S.A. ESP | BC27: Empresa de Servicios Públicos de Tocancipá S.A. ESP
A30: 2 | B30: PROYECTO | C30: CODIGO REGISTRO PROYECTO | D30: CÓD. CONS. META PRODUCTO | E30: DESCRIPCIÓN META DE PRODUCTO | F30: INDICADOR | G30: LINEA BASE | H30: META CUATRIENIO | I30: Valor Esperado | J30: =+$N$3 -> 2019 | K30: META ACUMULADA 1er SEMESTRE | L30: META ACUMULADA 1-Ener_31-Dic. | M30: ACTIVIDADES | N30: UNIDAD DE MEDIDA | O30: CANTIDADES CUATRIENIO | P30: Ejecutado 1-Ener_30-Jun. | Q30: Ejecutado 1-Ener_31-Dic. | R30: =SUM(R31:R37) -> 0 | S30: =SUM(S31:S37) -> 0 | T30: =SUM(T31:T37) -> 0 | U30: =SUM(U31:U37) -> 0 | V30: =SUM(V31:V37) -> 0 | W30: =SUM(W31:W37) -> 0 | X30: =SUM(X31:X37) -> 0 | Y30: =SUM(Y31:Y37) -> 0 | ... AK30: =SUM(AK31:AK37) -> 0 | BA30: VERIFICACIÒN | BB30: COOPERANTE - RECURSOS GESTIONADOS | BC30: RESPONSABLE DIRECTO
B31: =VLOOKUP($D$9,'PROYECTOS REGISTRADOS'!$A$2:$D$82,4,0) -> Mejoramiento de la Cobertura de Alcantarillado en el Área Urbana y Área Rural en el Municipio de Tocancipá, Cundinamarca, Centro Oriente | C31: =VLOOKUP($D$9,'PROYECTOS REGISTRADOS'!$A$2:$D$82,3,0) -> 2016-25817-0033 | D31: E3.P_L.MR2-MP02-1 | E31: =IF(D31=0,"0-0",(VLOOKUP(D31,'CONSOLIDADO PLAN DESARROLLO'!$EL$9:$ET$304,2,0))) -> Diseñar y construir Plantas de Tratamiento de Aguas Residuales | F31: =IF(D31=0,"0-0",(VLOOKUP(D31,'CONSOLIDADO PLAN DESARROLLO'!$EL$9:$ET$304,3,0))) -> No. de Plantas de Tratamiento de Aguas Residuales diseñadas | G31: =IF(D31=0,"0-0",(VLOOKUP(D31,'CONSOLIDADO PLAN DESARROLLO'!$EL$9:$ET$304,4,0))) -> 0 | H31: =IF(D31=0,"0-0",(VLOOKUP(D31,'CONSOLIDADO PLAN DESARROLLO'!$EL$9:$ET$304,5,0))) -> 1 | I31: =IF(D31=0,"0-0",(VLOOKUP(D31,'CONSOLIDADO PLAN DESARROLLO'!$EL$9:$ET$304,$R$3,0))) -> 0 | K31: 0 | L31: 1 | M31: Suscripción y legalización de convenios y/o contratos interadministrativos | N31: Número | O31: 1 | P31: 0 | Q31: 0 | R31: =VLOOKUP($D31,'[4]Tablero Logro Metas 2019'!$AK$7:$AS$302,3,0) -> 0 | S31: 0 | T31: =VLOOKUP($D31,'[4]Tablero Logro Metas 2019'!$AK$7:$AS$302,4,0) -> 0 | U31: 0 | V31: =VLOOKUP($D31,'[4]Tablero Logro Metas 2019'!$AK$7:$AS$302,5,0) -> 0 | W31: 0 | X31: =VLOOKUP($D31,'[4]Tablero Logro Metas 2019'!$AK$7:$AS$302,6,0) -> 0 | Y31: 0 | Z31: =VLOOKUP($D31,'[4]Tablero Logro Metas 2019'!$AK$7:$AS$302,7,0) -> 0 | AA31: 0 | AB31: =VLOOKUP($D31,'[4]Tablero Logro Metas 2019'!$AK$7:$AS$302,8,0) -> 0 | AC31: 0 | AD31: =VLOOKUP($D31,'[4]Tablero Logro Metas 2019'!$AK$7:$AS$302,9,0) -> 0 | AE31: 0 | AG31: 0 | AI31: 0 | AJ31: =+R31+T31+V31+X31+Z31+AB31+AD31+AF31+AH31 -> 0 | AK31: =AC31+AE31+AG31+S31+U31+W31+Y31+AA31+AI31 -> 0 | AL31: 0 | AM31: 0 | AN31: 0 | AO31: 0 | AP31: 0 | AQ31: 0 | AR31: =SUM(AL31:AQ31) -> 0 | AS31: 0 | AT31: 0 | AU31: 0 | AV31: 0 | AW31: 0 | AX31: 0 | AY31: 0 | AZ31: 0 | BA31: N/A | BB31: N/A | BC31: N/A
M32: Estudios y diseños para la cosntrucción de una PTAR | N32: Número | O32: 1 | P32: 0 | Q32: 0 | S32: 0 | U32: 0 | W32: 0 | Y32: 0 | AA32: 0 | AC32: 0 | AE32: 0 | AG32: 0 | AI32: 0 | AK32: =AC32+AE32+AG32+S32+U32+W32+Y32+AA32+AI32 -> 0 | AL32: 0 | AM32: 0 | AN32: 0 | AO32: 0 | AP32: 0 | AQ32: 0 | AR32: =SUM(AL32:AQ32) -> 0 | AS32: 0 | AT32: 0 | AU32: 0 | AV32: 0 | AW32: 0 | AX32: 0 | AY32: 0 | AZ32: 0 | BA32: N/A | BB32: N/A | BC32: N/A
M33: Interventoria Estudios y diseños para la construcción de una PTAR | N33: Número | O33: 1 | P33: 0 | Q33: 0 | S33: 0 | U33: 0 | W33: 0 | Y33: 0 | AA33: 0 | AC33: 0 | AE33: 0 | AG33: 0 | AI33: 0 | AK33: =AC33+AE33+AG33+S33+U33+W33+Y33+AA33+AI33 -> 0 | AL33: 0 | AM33: 0 | AN33: 0 | AO33: 0 | AP33: 0 | AQ33: 0 | AR33: =SUM(AL33:AQ33) -> 0 | AS33: 0 | AT33: 0 | AU33: 0 | AV33: 0 | AW33: 0 | AX33: 0 | AY33: 0 | AZ33: 0 | BA33: N/A | BB33: N/A | BC33: N/A
AK34: =AC34+AE34+AG34+S34+U34+W34+Y34+AA34+AI34 -> 0 | AR34: =SUM(AL34:AQ34) -> 0 | AU34: =SUM(AS34:AT34) -> 0
AK35: =AC35+AE35+AG35+S35+U35+W35+Y35+AA35+AI35 -> 0 | AR35: =SUM(AL35:AQ35) -> 0 | AU35: =SUM(AS35:AT35) -> 0
AK36: =AC36+AE36+AG36+S36+U36+W36+Y36+AA36+AI36 -> 0 | AR36: =SUM(AL36:AQ36) -> 0 | AU36: =SUM(AS36:AT36) -> 0
A39: 3 | B39: PROYECTO | C39: CODIGO REGISTRO PROYECTO | D39: CÓD. CONS. META PRODUCTO | E39: DESCRIPCIÓN META DE PRODUCTO | F39: INDICADOR | G39: LINEA BASE | H39: META CUATRIENIO | I39: Valor Esperado | J39: =+$N$3 -> 2019 | K39: META ACUMULADA 1er SEMESTRE | L39: META ACUMULADA 1-Ener_31-Dic. | M39: ACTIVIDADES | N39: UNIDAD DE MEDIDA | O39: CANTIDADES CUATRIENIO | P39: Ejecutado 1-Ener_30-Jun. | Q39: Ejecutado 1-Ener_31-Dic. | R39: =SUM(R40:R50) -> 0 | S39: =SUM(S40:S50) -> 0 | T39: =SUM(T40:T50) -> 440386423 | U39: =SUM(U40:U50) -> 0 | V39: =SUM(V40:V50) -> 0 | W39: =SUM(W40:W50) -> 0 | X39: =SUM(X40:X50) -> 0 | Y39: =SUM(Y40:Y50) -> 0 | ... AK39: =SUM(AK40:AK50) -> 2087379147 | BA39: VERIFICACIÒN | BB39: COOPERANTE - RECURSOS GESTIONADOS | BC39: RESPONSABLE DIRECTO
B40: =VLOOKUP($D$9,'PROYECTOS REGISTRADOS'!$A$2:$D$82,4,0) -> Mejoramiento de la Cobertura de Alcantarillado en el Área Urbana y Área Rural en el Municipio de Tocancipá, Cundinamarca, Centro Oriente | C40: =VLOOKUP($D$9,'PROYECTOS REGISTRADOS'!$A$2:$D$82,3,0) -> 2016-25817-0033 | D40: E3.P_L.MR2-MP02-2 | E40: =IF(D40=0,"0-0",(VLOOKUP(D40,'CONSOLIDADO PLAN DESARROLLO'!$EL$9:$ET$304,2,0))) -> Diseñar y construir Plantas de Tratamiento de Aguas Residuales | F40: =IF(D40=0,"0-0",(VLOOKUP(D40,'CONSOLIDADO PLAN DESARROLLO'!$EL$9:$ET$304,3,0))) -> No. de Plantas de Tratamiento de Aguas Residuales construidas | G40: =IF(D40=0,"0-0",(VLOOKUP(D40,'CONSOLIDADO PLAN DESARROLLO'!$EL$9:$ET$304,4,0))) -> 5 | H40: =IF(D40=0,"0-0",(VLOOKUP(D40,'CONSOLIDADO PLAN DESARROLLO'!$EL$9:$ET$304,5,0))) -> 1 | I40: =IF(D40=0,"0-0",(VLOOKUP(D40,'CONSOLIDADO PLAN DESARROLLO'!$EL$9:$ET$304,$R$3,0))) -> 0 | K40: 0.65 | L40: 1 | M40: Suscripción y legalización de convenios y/o contratos interadministrativos | N40: Número | O40: 1 | P40: 0 | Q40: 0 | R40: =VLOOKUP($D40,'[4]Tablero Logro Metas 2019'!$AK$7:$AS$302,3,0) -> 0 | S40: 0 | T40: =VLOOKUP($D40,'[4]Tablero Logro Metas 2019'!$AK$7:$AS$302,4,0) -> 440386423 | U40: 0 | V40: =VLOOKUP($D40,'[4]Tablero Logro Metas 2019'!$AK$7:$AS$302,5,0) -> 0 | W40: 0 | X40: =VLOOKUP($D40,'[4]Tablero Logro Metas 2019'!$AK$7:$AS$302,6,0) -> 0 | Y40: 0 | Z40: =VLOOKUP($D40,'[4]Tablero Logro Metas 2019'!$AK$7:$AS$302,7,0) -> 0 | AA40: 0 | AB40: =VLOOKUP($D40,'[4]Tablero Logro Metas 2019'!$AK$7:$AS$302,8,0) -> 741382230 | AC40: 0 | AD40: =VLOOKUP($D40,'[4]Tablero Logro Metas 2019'!$AK$7:$AS$302,9,0) -> 0 | AE40: 0 | AG40: 0 | AH40: 1391925808 | AI40: 0 | AJ40: =+R40+T40+V40+X40+Z40+AB40+AD40+AF40+AH40 -> 2573694461 | AK40: =AC40+AE40+AG40+S40+U40+W40+Y40+AA40+AI40 -> 0 | AL40: 0 | AM40: 0 | AN40: 0 | AO40: 0 | AP40: 0 | AQ40: 0 | AR40: =SUM(AL40:AQ40) -> 0 | AS40: 0 | AT40: 0 | AU40: 0 | AV40: 0 | AW40: 0 | AX40: 0 | AY40: 0 | AZ40: 0 | BA40: N/A | BB40: N/A | BC40: N/A
M41: Avaluo, Compra y legalizacion de predios | N41: Número | O41: 1 | P41: 0 | Q41: 0 | S41: 0 | U41: 0 | W41: 0 | Y41: 0 | AA41: 0 | AC41: 0 | AE41: 0 | AG41: 0 | AI41: 0 | AK41: =AC41+AE41+AG41+S41+U41+W41+Y41+AA41+AI41 -> 0 | AL41: 0 | AM41: 0 | AN41: 0 | AO41: 0 | AP41: 0 | AQ41: 0 | AR41: =SUM(AL41:AQ41) -> 0 | AS41: 0 | AT41: 0 | AU41: 0 | AV41: 0 | AW41: 0 | AX41: 0 | AY41: 0 | AZ41: 0 | BA41: N/A | BB41: N/A | BC41: N/A
M42: Construcción de una Planta de Tratamiento de Agua Residual | N42: Número | O42: 1 | P42: 0.25 | Q42: 0.25 | S42: 0 | U42: 0 | W42: 0 | Y42: 0 | AA42: 0 | AC42: 467502214 | AE42: 0 | AG42: 0 | AI42: 1391925808 | AK42: =AC42+AE42+AG42+S42+U42+W42+Y42+AA42+AI42 -> 1859428022 | AL42: 163 | AM42: 259 | AN42: 269 | AO42: 521 | AP42: 974 | AQ42: 155 | AR42: =SUM(AL42:AQ42) -> 2341 | AS42: 1205 | AT42: 1141 | AU42: =SUM(AS42:AT42) -> 2346 | AV42: 0 | AW42: 0 | AX42: 53 | AY42: 0 | AZ42: 0 | BA42: Acta No 1 del contrato de obra 059 de 2019 | BB42: Alcaldia Municipal de Tocancipa | BC42: Empresa de Servicios Públicos de Tocancipá S.A. ESP
M43: Interventoria para la construcción de una Planta de Tratamiento de Agua Residual | N43: Número | O43: 1 | P43: 0.25 | Q43: 0.25 | S43: 0 | U43: 0 | W43: 0 | Y43: 0 | AA43: 0 | AC43: 227951125 | AE43: 0 | AG43: 0 | AI43: 0 | AK43: =AC43+AE43+AG43+S43+U43+W43+Y43+AA43+AI43 -> 227951125 | AL43: 163 | AM43: 259 | AN43: 269 | AO43: 521 | AP43: 974 | AQ43: 155 | AR43: =SUM(AL43:AQ43) -> 2341 | AS43: 1205 | AT43: 1141 | AU43: =SUM(AS43:AT43) -> 2346 | AV43: 0 | AW43: 0 | AX43: 53 | AY43: 0 | AZ43: 0 | BA43: Acta No 1 del contrato de Interventoria 069 de 2019 | BB43: Alcaldia Municipal de Tocancipa | BC43: Empresa de Servicios Públicos de Tocancipá S.A. ESP
M44: Estabilizacion y puesta en marcha de la PTAR | N44: Número | O44: 1 | P44: 0 | Q44: 0 | S44: 0 | U44: 0 | W44: 0 | Y44: 0 | AA44: 0 | AC44: 0 | AE44: 0 | AG44: 0 | AI44: 0 | AK44: =AC44+AE44+AG44+S44+U44+W44+Y44+AA44+AI44 -> 0 | AL44: 0 | AM44: 0 | AN44: 0 | AO44: 0 | AP44: 0 | AQ44: 0 | AR44: =SUM(AL44:AQ44) -> 0 | AS44: 0 | AT44: 0 | AU44: 0 | AV44: 0 | AW44: 0 | AX44: 0 | AY44: 0 | AZ44: 0 | BA44: N/A | BB44: N/A | BC44: N/A
M45: Interventoria para puesta en marcha de la PTAR | N45: Número | O45: 1 | P45: 0 | Q45: 0 | S45: 0 | U45: 0 | W45: 0 | Y45: 0 | AA45: 0 | AC45: 0 | AE45: 0 | AG45: 0 | AI45: 0 | AK45: =AC45+AE45+AG45+S45+U45+W45+Y45+AA45+AI45 -> 0 | AL45: 0 | AM45: 0 | AN45: 0 | AO45: 0 | AP45: 0 | AQ45: 0 | AR45: =SUM(AL45:AQ45) -> 0 | AS45: 0 | AT45: 0 | AU45: 0 | AV45: 0 | AW45: 0 | AX45: 0 | AY45: 0 | AZ45: 0 | BA45: N/A | BB45: N/A | BC45: N/A
M46: Obtener el permiso de vertimiento, ocupación de cause y tratamiento y disposición de lodos de las PTAR´s | N46: Número | O46: 1 | P46: 0.15 | Q46: 0.15 | S46: 0 | U46: 0 | W46: 0 | Y46: 0 | AA46: 0 | AC46: 0 | AE46: 0 | AI46: 0 | AK46: =AC46+AE46+AG46+S46+U46+W46+Y46+AA46+AI46 -> 0 | AL46: 163 | AM46: 259 | AN46: 269 | AO46: 521 | AP46: 974 | AQ46: 155 | AR46: =SUM(AL46:AQ46) -> 2341 | AS46: 1205 | AT46: 1141 | AU46: =SUM(AS46:AT46) -> 2346 | AV46: 0 | AW46: 0 | AX46: 53 | AY46: 0 | AZ46: 0 | BA46: Contrato 059 de 2019 | BB46: Alcaldia Minucipal de Tocancipá | BC46: Empresa de Servicios Públicos de Tocancipá
M47: Operación de las Plantas de Tratamiento de Aguas Residuales | N47: Número | O47: 2 | P47: 0 | Q47: 0 | S47: 0 | U47: 0 | W47: 0 | Y47: 0 | AA47: 0 | AC47: 0 | AE47: 0 | AG47: 0 | AI47: 0 | AK47: =AC47+AE47+AG47+S47+U47+W47+Y47+AA47+AI47 -> 0 | AL47: 0 | AM47: 0 | AN47: 0 | AO47: 0 | AP47: 0 | AQ47: 0 | AR47: =SUM(AL47:AQ47) -> 0 | AS47: 0 | AT47: 0 | AU47: 0 | AV47: 0 | AW47: 0 | AX47: 0 | AY47: 0 | AZ47: 0 | BA47: N/A | BB47: N/A | BC47: N/A
M48: Análisis y caracterización de los vertimientos por laboratorios acreditados | N48: Número | O48: 2 | P48: 0 | Q48: 0 | S48: 0 | U48: 0 | W48: 0 | Y48: 0 | AA48: 0 | AC48: 0 | AE48: 0 | AG48: 0 | AI48: 0 | AK48: =AC48+AE48+AG48+S48+U48+W48+Y48+AA48+AI48 -> 0 | AL48: 0 | AM48: 0 | AN48: 0 | AO48: 0 | AP48: 0 | AQ48: 0 | AR48: =SUM(AL48:AQ48) -> 0 | AS48: 0 | AT48: 0 | AU48: 0 | AV48: 0 | AW48: 0 | AX48: 0 | AY48: 0 | AZ48: 0 | BA48: N/A | BB48: N/A | BC48: N/A
M49: Formulación de proyectos del servicio publicos de alcantarillado ante entes del orden Departamental y Nacional | N49: Número | O49: 1 | P49: 0 | Q49: 0 | S49: 0 | U49: 0 | W49: 0 | Y49: 0 | AA49: 0 | AC49: 0 | AE49: 0 | AG49: 0 | AI49: 0 | AK49: =AC49+AE49+AG49+S49+U49+W49+Y49+AA49+AI49 -> 0 | AL49: 0 | AM49: 0 | AN49: 0 | AO49: 0 | AP49: 0 | AQ49: 0 | AR49: =SUM(AL49:AQ49) -> 0 | AS49: 0 | AT49: 0 | AU49: 0 | AV49: 0 | AW49: 0 | AX49: 0 | AY49: 0 | AZ49: 0 | BA49: N/A | BB49: N/A | BC49: N/A
A52: 4 | B52: PROYECTO | C52: CODIGO REGISTRO PROYECTO | D52: CÓD. CONS. META PRODUCTO | E52: DESCRIPCIÓN META DE PRODUCTO | F52: INDICADOR | G52: LINEA BASE | H52: META CUATRIENIO | I52: Valor Esperado | J52: =+$N$3 -> 2019 | K52: META ACUMULADA 1er SEMESTRE | L52: META ACUMULADA 1-Ener_31-Dic. | M52: ACTIVIDADES | N52: UNIDAD DE MEDIDA | O52: CANTIDADES CUATRIENIO | P52: Ejecutado 1-Ener_30-Jun. | Q52: Ejecutado 1-Ener_31-Dic. | R52: =SUM(R53:R67) -> 0 | S52: =SUM(S53:S67) -> 0 | T52: =SUM(T53:T67) -> 0 | U52: =SUM(U53:U67) -> 0 | V52: =SUM(V53:V67) -> 0 | W52: =SUM(W53:W67) -> 0 | X52: =SUM(X53:X67) -> 0 | Y52: =SUM(Y53:Y67) -> 0 | ... AK52: =SUM(AK53:AK67) -> 1.4663467e+08 | BA52: VERIFICACIÒN | BB52: COOPERANTE - RECURSOS GESTIONADOS | BC52: RESPONSABLE DIRECTO
B53: =VLOOKUP($D$9,'PROYECTOS REGISTRADOS'!$A$2:$D$82,4,0) -> Mejoramiento de la Cobertura de Alcantarillado en el Área Urbana y Área Rural en el Municipio de Tocancipá, Cundinamarca, Centro Oriente | C53: =VLOOKUP($D$9,'PROYECTOS REGISTRADOS'!$A$2:$D$82,3,0) -> 2016-25817-0033 | D53: E3.P_L.MR2-MP03-1 | E53: =IF(D53=0,"0-0",(VLOOKUP(D53,'CONSOLIDADO PLAN DESARROLLO'!$EL$9:$ET$304,2,0))) -> Implementar del plan maestro de acueducto y alcantarillado | F53: =IF(D53=0,"0-0",(VLOOKUP(D53,'CONSOLIDADO PLAN DESARROLLO'!$EL$9:$ET$304,3,0))) -> No. de planes implementados en alcantarillado | G53: =IF(D53=0,"0-0",(VLOOKUP(D53,'CONSOLIDADO PLAN DESARROLLO'!$EL$9:$ET$304,4,0))) -> 0.01 | H53: =IF(D53=0,"0-0",(VLOOKUP(D53,'CONSOLIDADO PLAN DESARROLLO'!$EL$9:$ET$304,5,0))) -> 0.5 | I53: =IF(D53=0,"0-0",(VLOOKUP(D53,'CONSOLIDADO PLAN DESARROLLO'!$EL$9:$ET$304,$R$3,0))) -> 0.1 | K53: 0.032 | L53: 0.45 | M53: Suscripción y legalización de convenios y/o contratos interadministrativos | N53: Número | O53: 4 | P53: 0.5 | Q53: 0.5 | R53: =VLOOKUP($D53,'[4]Tablero Logro Metas 2019'!$AK$7:$AS$302,3,0) -> 0 | S53: 0 | T53: =VLOOKUP($D53,'[4]Tablero Logro Metas 2019'!$AK$7:$AS$302,4,0) -> 0 | U53: 0 | V53: =VLOOKUP($D53,'[4]Tablero Logro Metas 2019'!$AK$7:$AS$302,5,0) -> 0 | W53: 0 | X53: =VLOOKUP($D53,'[4]Tablero Logro Metas 2019'!$AK$7:$AS$302,6,0) -> 0 | Y53: 0 | Z53: =VLOOKUP($D53,'[4]Tablero Logro Metas 2019'!$AK$7:$AS$302,7,0) -> 0 | AA53: 0 | AB53: =VLOOKUP($D53,'[4]Tablero Logro Metas 2019'!$AK$7:$AS$302,8,0) -> 143801260 | AC53: 143801260 | AD53: =VLOOKUP($D53,'[4]Tablero Logro Metas 2019'!$AK$7:$AS$302,9,0) -> 0 | AE53: 0 | AG53: 0 | AI53: =5000000/1000 -> 5000 | AJ53: =+R53+T53+V53+X53+Z53+AB53+AD53+AF53+AH53 -> 143801260 | AK53: =AC53+AE53+AG53+S53+U53+W53+Y53+AA53+AI53 -> 143806260 | AL53: 5.44 | AM53: 8.64 | AN53: 8.96 | AO53: 17.36 | AP53: 32.48 | AQ53: 5.17 | AR53: =SUM(AL53:AQ53) -> 78.05 | AS53: 40 | AT53: 38 | AU53: =SUM(AS53:AT53) -> 78 | AV53: 0 | AW53: 0 | AX53: 2 | AY53: 0 | AZ53: 0 | BA53: Convenio Interadministrativo 03 de 2019 | BB53: Alcaldia Municipal de Tocancipá | BC53: Empresa de Servicios Públicos dde Tocancipá S.A. ESP
M54: Avaluo, Compra y legalización de predios | N54: Número | O54: 4 | P54: 0 | Q54: 0 | S54: 0 | U54: 0 | W54: 0 | Y54: 0 | AA54: 0 | AC54: 0 | AE54: 0 | AG54: 0 | AI54: 0 | AK54: =AC54+AE54+AG54+S54+U54+W54+Y54+AA54+AI54 -> 0 | AL54: 0 | AM54: 0 | AN54: 0 | AO54: 0 | AP54: 0 | AQ54: 0 | AR54: =SUM(AL54:AQ54) -> 0 | AS54: 0 | AT54: 0 | AU54: 0 | AV54: 0 | AW54: 0 | AX54: 0 | AY54: 0 | AZ54: 0 | BA54: N/A | BB54: N/A | BC54: N/A
M55: Construcción, reposición y separación de redes de alcantarillado sanitario y pluvial | N55: Número | O55: 7 | P55: 0.5 | Q55: 0.5 | S55: 0 | U55: 0 | W55: 0 | Y55: 0 | AA55: 0 | AC55: 0 | AE55: 0 | AG55: 0 | AI55: =2574452651/1000 -> 2574452.7 | AK55: =AC55+AE55+AG55+S55+U55+W55+Y55+AA55+AI55 -> 2574452.7 | AL55: 1020 | AM55: 1620 | AN55: 1680 | AO55: 3255 | AP55: 6090 | AQ55: 970.5 | AR55: =SUM(AL55:AQ55) -> 14635.5 | AS55: 7533.9 | AT55: 7136.6 | AU55: =SUM(AS55:AT55) -> 14670.5 | AV55: 0 | AW55: 0 | AX55: 328.5 | AY55: 0 | AZ55: 0 | BA55: Contrato 088 de 2019/Contrato 096 de 2019 | BB55: Empresa de Servicios Públicos dde Tocancipá S.A. ESP | BC55: Empresa de Servicios Públicos dde Tocancipá S.A. ESP
M56: Interventoria para la construcción, reposición y separación de redes de alcantarillado sanitario y pluvial | N56: Número | O56: 7 | P56: 0.5 | Q56: 0.5 | S56: 0 | U56: 0 | W56: 0 | Y56: 0 | AA56: 0 | AC56: 0 | AE56: 0 | AG56: 0 | AI56: =205956212/1000 -> 205956.21 | AK56: =AC56+AE56+AG56+S56+U56+W56+Y56+AA56+AI56 -> 205956.21 | AL56: 1020 | AM56: 1620 | AN56: 1680 | AO56: 3255 | AP56: 6090 | AQ56: 970.5 | AR56: =SUM(AL56:AQ56) -> 14635.5 | AS56: 7533.9 | AT56: 7136.6 | AU56: =SUM(AS56:AT56) -> 14670.5 | AV56: 0 | AW56: 0 | AX56: 328.5 | AY56: 0 | AZ56: 0 | BA56: Contrato de Interventoria No 089 de 2019/Contrato de Interventoria No 098 de 2019 | BB56: Empresa de Servicios Públicos dde Tocancipá S.A. ESP | BC56: Empresa de Servicios Públicos dde Tocancipá S.A. ESP
M57: Reformulación del proyecto del alcantarillado pluvial de la Vereda Verganzo | N57: Número | O57: 1 | P57: 0 | Q57: 0 | S57: 0 | U57: 0 | W57: 0 | Y57: 0 | AA57: 0 | AC57: 0 | AE57: 0 | AG57: 0 | AI57: 0 | AK57: =AC57+AE57+AG57+S57+U57+W57+Y57+AA57+AI57 -> 0 | AL57: 0 | AM57: 0 | AN57: 0 | AO57: 0 | AP57: 0 | AQ57: 0 | AR57: =SUM(AL57:AQ57) -> 0 | AS57: 0 | AT57: 0 | AU57: 0 | AV57: 0 | AW57: 0 | AX57: 0 | AY57: 0 | AZ57: 0 | BA57: N/A | BB57: N/A | BC57: N/A
M58: Aprobación del PSMV del casco urbano por parte de autoridad ambiental | N58: Número | O58: 1 | P58: 0 | Q58: 0 | S58: 0 | U58: 0 | W58: 0 | Y58: 0 | AA58: 0 | AC58: 0 | AE58: 0 | AG58: 0 | AI58: 0 | AK58: =AC58+AE58+AG58+S58+U58+W58+Y58+AA58+AI58 -> 0 | AL58: 0 | AM58: 0 | AN58: 0 | AO58: 0 | AP58: 0 | AQ58: 0 | AR58: =SUM(AL58:AQ58) -> 0 | AS58: 0 | AT58: 0 | AU58: 0 | AV58: 0 | AW58: 0 | AX58: 0 | AY58: 0 | AZ58: 0 | BA58: N/A | BB58: N/A | BC58: N/A
M59: Implementación de estrategias del PSMV del Casco urbano | N59: Número | O59: 1 | P59: 0 | Q59: 0 | S59: 0 | U59: 0 | W59: 0 | Y59: 0 | AA59: 0 | AC59: 0 | AE59: 0 | AG59: 0 | AI59: 0 | AK59: =AC59+AE59+AG59+S59+U59+W59+Y59+AA59+AI59 -> 0 | AL59: 0 | AM59: 0 | AN59: 0 | AO59: 0 | AP59: 0 | AQ59: 0 | AR59: =SUM(AL59:AQ59) -> 0 | AS59: 0 | AT59: 0 | AU59: 0 | AV59: 0 | AW59: 0 | AX59: 0 | AY59: 0 | AZ59: 0 | BA59: N/A | BB59: N/A | BC59: N/A
M60: Construcción de sistemas de tratamiento de aguas residuales individuales en la zona rural cumpliendo la normatividad vigente | N60: Número | O60: 0 | P60: 0 | Q60: 0 | S60: 0 | U60: 0 | W60: 0 | Y60: 0 | AA60: 0 | AC60: 0 | AE60: 0 | AG60: 0 | AI60: 0 | AK60: =AC60+AE60+AG60+S60+U60+W60+Y60+AA60+AI60 -> 0 | AL60: 0 | AM60: 0 | AN60: 0 | AO60: 0 | AP60: 0 | AQ60: 0 | AR60: =SUM(AL60:AQ60) -> 0 | AS60: 0 | AT60: 0 | AU60: 0 | AV60: 0 | AW60: 0 | AX60: 0 | AY60: 0 | AZ60: 0 | BA60: N/A | BB60: N/A | BC60: N/A
M61: Inventario y control de los vertimientos de los usuarios industriales, comerciales e institucionales a las redes del alcantarillado publico | N61: Número | O61: 1 | P61: 0 | Q61: 0 | S61: 0 | U61: 0 | W61: 0 | Y61: 0 | AA61: 0 | AC61: 0 | AE61: 0 | AG61: 0 | AI61: 0 | AK61: =AC61+AE61+AG61+S61+U61+W61+Y61+AA61+AI61 -> 0 | AL61: 0 | AM61: 0 | AN61: 0 | AO61: 0 | AP61: 0 | AQ61: 0 | AR61: =SUM(AL61:AQ61) -> 0 | AS61: 0 | AT61: 0 | AU61: 0 | AV61: 0 | AW61: 0 | AX61: 0 | AY61: 0 | AZ61: 0 | BA61: N/A | BB61: N/A | BC61: N/A
M62: Formulación de proyectos del servicio públicos de alcantarillado ante entes del orden departamental y nacional | N62: Número | O62: 1 | P62: 0 | Q62: 0 | S62: 0 | U62: 0 | W62: 0 | Y62: 0 | AA62: 0 | AC62: 0 | AE62: 0 | AG62: 0 | AI62: 0 | AK62: =AC62+AE62+AG62+S62+U62+W62+Y62+AA62+AI62 -> 0 | AL62: 0 | AM62: 0 | AN62: 0 | AO62: 0 | AP62: 0 | AQ62: 0 | AR62: =SUM(AL62:AQ62) -> 0 | AS62: 0 | AT62: 0 | AU62: 0 | AV62: 0 | AW62: 0 | AX62: 0 | AY62: 0 | AZ62: 0 | BA62: N/A | BB62: N/A | BC62: N/A
M63: Plan Departamental de Aguas | N63: Número | O63: 1 | P63: 0 | Q63: 0 | S63: 0 | U63: 0 | W63: 0 | Y63: 0 | AA63: 0 | AC63: 0 | AE63: 0 | AG63: 0 | AI63: 0 | AK63: =AC63+AE63+AG63+S63+U63+W63+Y63+AA63+AI63 -> 0 | AL63: 0 | AM63: 0 | AN63: 0 | AO63: 0 | AP63: 0 | AQ63: 0 | AR63: =SUM(AL63:AQ63) -> 0 | AS63: 0 | AT63: 0 | AU63: 0 | AV63: 0 | AW63: 0 | AX63: 0 | AY63: 0 | AZ63: 0 | BA63: N/A | BB63: N/A | BC63: N/A
M64: Mantenimiento y adecuación hidraúlica del sistema de alcantarillado pluvial | N64: Número | O64: 4 | P64: 0.5 | Q64: 0.5 | S64: 0 | U64: 0 | W64: 0 | Y64: 0 | AA64: 0 | AC64: 0 | AE64: 0 | AG64: =48002311/1000 -> 48002.311 | AI64: 0 | AK64: =AC64+AE64+AG64+S64+U64+W64+Y64+AA64+AI64 -> 48002.311 | AL64: 2444 | AM64: 3872 | AN64: 4033 | AO64: 7785 | AP64: 14556 | AQ64: 2316 | AR64: =SUM(AL64:AQ64) -> 35006 | AS64: 17977 | AT64: 17029 | AU64: =SUM(AS64:AT64) -> 35006 | AV64: 0 | AW64: 0 | AX64: 786 | AY64: 0 | AZ64: 0 | BA64: Seguimiento y evaluación ruta de fontaneria y chequeo equipo de succión. | BB64: Empresa de Servicios Públicos de Tocancipá S.A ESP | BC64: Empresa de Servicios Públicos de Tocancipá S.A ESP
M65: Estudios y diseños para la construcción, reposición y separación de redes de alcantarillado sanitario y pluvial | N65: Número | P65: 0 | Q65: 0 | S65: 0 | U65: 0 | W65: 0 | Y65: 0 | AA65: 0 | AC65: 0 | AE65: 0 | AG65: 0 | AI65: 0 | AK65: =AC65+AE65+AG65+S65+U65+W65+Y65+AA65+AI65 -> 0 | AL65: 0 | AM65: 0 | AN65: 0 | AO65: 0 | AP65: 0 | AQ65: 0 | AR65: =SUM(AL65:AQ65) -> 0 | AS65: 0 | AT65: 0 | AU65: 0 | AV65: 0 | AW65: 0 | AX65: 0 | AY65: 0 | AZ65: 0 | BA65: N/A | BB65: N/A | BC65: N/A
M66: Interventoria a los Estudios y diseños para la construcción, reposición y separación de redes de alcantarillado sanitario y pluvial | N66: Número | P66: 0 | Q66: 0 | S66: 0 | U66: 0 | W66: 0 | Y66: 0 | AA66: 0 | AC66: 0 | AE66: 0 | AG66: 0 | AI66: 0 | AK66: =AC66+AE66+AG66+S66+U66+W66+Y66+AA66+AI66 -> 0 | AL66: 0 | AM66: 0 | AN66: 0 | AO66: 0 | AP66: 0 | AQ66: 0 | AR66: =SUM(AL66:AQ66) -> 0 | AS66: 0 | AT66: 0 | AU66: 0 | AV66: 0 | AW66: 0 | AX66: 0 | AY66: 0 | AZ66: 0 | BA66: N/A | BB66: N/A | BC66: N/A
A69: 5 | B69: PROYECTO | C69: CODIGO REGISTRO PROYECTO | D69: CÓD. CONS. META PRODUCTO | E69: DESCRIPCIÓN META DE PRODUCTO | F69: INDICADOR | G69: LINEA BASE | H69: META CUATRIENIO | I69: Valor Esperado | J69: =+$N$3 -> 2019 | K69: META ACUMULADA 1er SEMESTRE | L69: META ACUMULADA 1-Ener_31-Dic. | M69: ACTIVIDADES | N69: UNIDAD DE MEDIDA | O69: CANTIDADES CUATRIENIO | P69: Ejecutado 1-Ener_30-Jun. | Q69: Ejecutado 1-Ener_31-Dic. | R69: =SUM(R70:R76) -> 0 | S69: =SUM(S70:S76) -> 0 | T69: =SUM(T70:T76) -> 0 | U69: =SUM(U70:U76) -> 0 | V69: =SUM(V70:V76) -> 0 | W69: =SUM(W70:W76) -> 0 | X69: =SUM(X70:X76) -> 0 | Y69: =SUM(Y70:Y76) -> 0 | ... AK69: =SUM(AK70:AK76) -> 0 | BA69: VERIFICACIÒN | BB69: COOPERANTE - RECURSOS GESTIONADOS | BC69: RESPONSABLE DIRECTO
B70: =VLOOKUP($D$9,'PROYECTOS REGISTRADOS'!$A$2:$D$82,4,0) -> Mejoramiento de la Cobertura de Alcantarillado en el Área Urbana y Área Rural en el Municipio de Tocancipá, Cundinamarca, Centro Oriente | C70: =VLOOKUP($D$9,'PROYECTOS REGISTRADOS'!$A$2:$D$82,3,0) -> 2016-25817-0033 | D70: E3.P_L.MR2-MP04-1 | E70: =IF(D70=0,"0-0",(VLOOKUP(D70,'CONSOLIDADO PLAN DESARROLLO'!$EL$9:$ET$304,2,0))) -> Construir y dotar Laboratorio de Agua Residual | F70: =IF(D70=0,"0-0",(VLOOKUP(D70,'CONSOLIDADO PLAN DESARROLLO'!$EL$9:$ET$304,3,0))) -> No. de Laboratorios construidos | G70: =IF(D70=0,"0-0",(VLOOKUP(D70,'CONSOLIDADO PLAN DESARROLLO'!$EL$9:$ET$304,4,0))) -> 0 | H70: =IF(D70=0,"0-0",(VLOOKUP(D70,'CONSOLIDADO PLAN DESARROLLO'!$EL$9:$ET$304,5,0))) -> 1 | I70: =IF(D70=0,"0-0",(VLOOKUP(D70,'CONSOLIDADO PLAN DESARROLLO'!$EL$9:$ET$304,$R$3,0))) -> 0 | K70: 0 | L70: 0.16 | M70: Suscripción y legalización de convenios y/o contratos interadministrativos | N70: Número | O70: 1 | P70: 0 | Q70: 0 | R70: =VLOOKUP($D70,'[4]Tablero Logro Metas 2019'!$AK$7:$AS$302,3,0) -> 0 | S70: 0 | T70: =VLOOKUP($D70,'[4]Tablero Logro Metas 2019'!$AK$7:$AS$302,4,0) -> 0 | U70: 0 | V70: =VLOOKUP($D70,'[4]Tablero Logro Metas 2019'!$AK$7:$AS$302,5,0) -> 0 | W70: 0 | X70: =VLOOKUP($D70,'[4]Tablero Logro Metas 2019'!$AK$7:$AS$302,6,0) -> 0 | Y70: 0 | Z70: =VLOOKUP($D70,'[4]Tablero Logro Metas 2019'!$AK$7:$AS$302,7,0) -> 0 | AA70: 0 | AB70: =VLOOKUP($D70,'[4]Tablero Logro Metas 2019'!$AK$7:$AS$302,8,0) -> 0 | AC70: 0 | AD70: =VLOOKUP($D70,'[4]Tablero Logro Metas 2019'!$AK$7:$AS$302,9,0) -> 0 | AE70: 0 | AF70: =+AG74 -> 0 | AG70: 0 | AI70: 0 | AJ70: =+R70+T70+V70+X70+Z70+AB70+AD70+AF70+AH70 -> 0 | AK70: =AC70+AE70+AG70+S70+U70+W70+Y70+AA70+AI70 -> 0 | AL70: 0 | AM70: 0 | AN70: 0 | AO70: 0 | AP70: 0 | AQ70: 0 | AR70: =SUM(AL70:AQ70) -> 0 | AS70: 0 | AT70: 0 | AU70: 0 | AV70: 0 | AW70: 0 | AX70: 0 | AY70: 0 | AZ70: 0 | BA70: N/A | BB70: N/A | BC70: N/A
M71: Avaluo, Compra y legalización de predios | N71: Número | O71: 1 | P71: 0 | Q71: 0 | S71: 0 | U71: 0 | W71: 0 | Y71: 0 | AA71: 0 | AC71: 0 | AE71: 0 | AG71: 0 | AI71: 0 | AK71: =AC71+AE71+AG71+S71+U71+W71+Y71+AA71+AI71 -> 0 | AL71: 0 | AM71: 0 | AN71: 0 | AO71: 0 | AP71: 0 | AQ71: 0 | AR71: =SUM(AL71:AQ71) -> 0 | AS71: 0 | AT71: 0 | AU71: 0 | AV71: 0 | AW71: 0 | AX71: 0 | AY71: 0 | AZ71: 0 | BA71: N/A | BB71: N/A | BC71: N/A
M72: Estudios y diseños para la construcción del laboratorio de agua residual | N72: Número | O72: 1 | P72: 0 | Q72: 0 | S72: 0 | U72: 0 | W72: 0 | Y72: 0 | AA72: 0 | AC72: 0 | AE72: 0 | AG72: 0 | AI72: 0 | AK72: =AC72+AE72+AG72+S72+U72+W72+Y72+AA72+AI72 -> 0 | AL72: 0 | AM72: 0 | AN72: 0 | AO72: 0 | AP72: 0 | AQ72: 0 | AR72: =SUM(AL72:AQ72) -> 0 | AS72: 0 | AT72: 0 | AU72: 0 | AV72: 0 | AW72: 0 | AX72: 0 | AY72: 0 | AZ72: 0 | BA72: N/A | BB72: N/A | BC72: N/A
M73: Interventoria de los estudios y diseños para la construcción del laboratorio de agua residual | N73: Número | O73: 1 | P73: 0 | Q73: 0 | S73: 0 | U73: 0 | W73: 0 | Y73: 0 | AA73: 0 | AC73: 0 | AE73: 0 | AG73: 0 | AI73: 0 | AK73: =AC73+AE73+AG73+S73+U73+W73+Y73+AA73+AI73 -> 0 | AL73: 0 | AM73: 0 | AN73: 0 | AO73: 0 | AP73: 0 | AQ73: 0 | AR73: =SUM(AL73:AQ73) -> 0 | AS73: 0 | AT73: 0 | AU73: 0 | AV73: 0 | AW73: 0 | AX73: 0 | AY73: 0 | AZ73: 0 | BA73: N/A | BB73: N/A | BC73: N/A
M74: Construcción de las instalaciones del laboratorio de agua residual | N74: Número | O74: 1 | P74: 0 | Q74: 0 | S74: 0 | U74: 0 | W74: 0 | Y74: 0 | AA74: 0 | AC74: 0 | AE74: 0 | AG74: 0 | AI74: 0 | AK74: =AC74+AE74+AG74+S74+U74+W74+Y74+AA74+AI74 -> 0 | AL74: 0 | AM74: 0 | AN74: 0 | AO74: 0 | AP74: 0 | AQ74: 0 | AR74: =SUM(AL74:AQ74) -> 0 | AS74: 0 | AT74: 0 | AU74: 0 | AV74: 0 | AW74: 0 | AX74: 0 | AY74: 0 | AZ74: 0 | BA74: N/A | BB74: N/A | BC74: N/A
M75: Interventoria para la construcción de las instalaciones del laboratorio de agua residual | N75: Número | O75: 1 | P75: 0 | Q75: 0 | S75: 0 | U75: 0 | W75: 0 | Y75: 0 | AA75: 0 | AC75: 0 | AE75: 0 | AG75: 0 | AI75: 0 | AK75: =AC75+AE75+AG75+S75+U75+W75+Y75+AA75+AI75 -> 0 | AL75: 0 | AM75: 0 | AN75: 0 | AO75: 0 | AP75: 0 | AQ75: 0 | AR75: =SUM(AL75:AQ75) -> 0 | AS75: 0 | AT75: 0 | AU75: 0 | AV75: 0 | AW75: 0 | AX75: 0 | AY75: 0 | AZ75: 0 | BA75: N/A | BB75: N/A | BC75: N/A
A78: 6 | B78: PROYECTO | C78: CODIGO REGISTRO PROYECTO | D78: CÓD. CONS. META PRODUCTO | E78: DESCRIPCIÓN META DE PRODUCTO | F78: INDICADOR | G78: LINEA BASE | H78: META CUATRIENIO | I78: Valor Esperado | J78: =+$N$3 -> 2019 | K78: META ACUMULADA 1er SEMESTRE | L78: META ACUMULADA 1-Ener_31-Dic. | M78: ACTIVIDADES | N78: UNIDAD DE MEDIDA | O78: CANTIDADES CUATRIENIO | P78: Ejecutado 1-Ener_30-Jun. | Q78: Ejecutado 1-Ener_31-Dic. | R78: =SUM(R79:R85) -> 0 | S78: =SUM(S79:S85) -> 0 | T78: =SUM(T79:T85) -> 0 | U78: =SUM(U79:U85) -> 0 | V78: =SUM(V79:V85) -> 0 | W78: =SUM(W79:W85) -> 0 | X78: =SUM(X79:X85) -> 0 | Y78: =SUM(Y79:Y85) -> 0 | ... AK78: =SUM(AK79:AK85) -> 16539821 | BA78: VERIFICACIÒN | BB78: COOPERANTE - RECURSOS GESTIONADOS | BC78: RESPONSABLE DIRECTO
B79: =VLOOKUP($D$9,'PROYECTOS REGISTRADOS'!$A$2:$D$82,4,0) -> Mejoramiento de la Cobertura de Alcantarillado en el Área Urbana y Área Rural en el Municipio de Tocancipá, Cundinamarca, Centro Oriente | C79: =VLOOKUP($D$9,'PROYECTOS REGISTRADOS'!$A$2:$D$82,3,0) -> 2016-25817-0033 | D79: E3.P_L.MR2-MP04-2 | E79: =IF(D79=0,"0-0",(VLOOKUP(D79,'CONSOLIDADO PLAN DESARROLLO'!$EL$9:$ET$304,2,0))) -> Construir y dotar Laboratorio de Agua Residual | F79: =IF(D79=0,"0-0",(VLOOKUP(D79,'CONSOLIDADO PLAN DESARROLLO'!$EL$9:$ET$304,3,0))) -> No. de Laboratorios dotados | G79: =IF(D79=0,"0-0",(VLOOKUP(D79,'CONSOLIDADO PLAN DESARROLLO'!$EL$9:$ET$304,4,0))) -> 0 | H79: =IF(D79=0,"0-0",(VLOOKUP(D79,'CONSOLIDADO PLAN DESARROLLO'!$EL$9:$ET$304,5,0))) -> 1 | I79: =IF(D79=0,"0-0",(VLOOKUP(D79,'CONSOLIDADO PLAN DESARROLLO'!$EL$9:$ET$304,$R$3,0))) -> 0.7 | K79: 0.4 | L79: 0.93 | M79: Suscripción y legalización de convenios y/o contratos interadministrativos | N79: Número | O79: 1 | P79: 0 | Q79: 0 | R79: =VLOOKUP($D79,'[4]Tablero Logro Metas 2019'!$AK$7:$AS$302,3,0) -> 0 | S79: 0 | T79: =VLOOKUP($D79,'[4]Tablero Logro Metas 2019'!$AK$7:$AS$302,4,0) -> 0 | U79: 0 | V79: =VLOOKUP($D79,'[4]Tablero Logro Metas 2019'!$AK$7:$AS$302,5,0) -> 0 | W79: 0 | X79: =VLOOKUP($D79,'[4]Tablero Logro Metas 2019'!$AK$7:$AS$302,6,0) -> 0 | Y79: 0 | Z79: =VLOOKUP($D79,'[4]Tablero Logro Metas 2019'!$AK$7:$AS$302,7,0) -> 0 | AA79: 0 | AB79: =VLOOKUP($D79,'[4]Tablero Logro Metas 2019'!$AK$7:$AS$302,8,0) -> 0 | AC79: 0 | AD79: =VLOOKUP($D79,'[4]Tablero Logro Metas 2019'!$AK$7:$AS$302,9,0) -> 0 | AE79: 0 | AF79: =+AG82 -> 16539821 | AG79: 0 | AI79: 0 | AJ79: =+R79+T79+V79+X79+Z79+AB79+AD79+AF79+AH79 -> 16539821 | AK79: =AC79+AE79+AG79+S79+U79+W79+Y79+AA79+AI79 -> 0 | AL79: 0 | AM79: 0 | AN79: 0 | AO79: 0 | AP79: 0 | AQ79: 0 | AR79: =SUM(AL79:AQ79) -> 0 | AS79: 0 | AT79: 0 | AU79: 0 | AV79: 0 | AW79: 0 | AX79: 0 | AY79: 0 | AZ79: 0 | BA79: N/A | BB79: N/A | BC79: N/A
M80: Suministro de equipos de laboratorio | N80: Número | O80: 1 | P80: 0 | Q80: 0 | S80: 0 | U80: 0 | W80: 0 | Y80: 0 | AA80: 0 | AC80: 0 | AE80: 0 | AG80: 0 | AI80: 0 | AK80: =AC80+AE80+AG80+S80+U80+W80+Y80+AA80+AI80 -> 0 | AL80: 0 | AM80: 0 | AN80: 0 | AO80: 0 | AP80: 0 | AQ80: 0 | AR80: =SUM(AL80:AQ80) -> 0 | AS80: 0 | AT80: 0 | AU80: 0 | AV80: 0 | AW80: 0 | AX80: 0 | AY80: 0 | AZ80: 0 | BA80: N/A | BB80: N/A | BC80: N/A
M81: Dotación de equipos de oficina para el laboratorio | N81: Número | O81: 1 | P81: 0 | Q81: 0 | S81: 0 | U81: 0 | W81: 0 | Y81: 0 | AA81: 0 | AC81: 0 | AE81: 0 | AG81: 0 | AI81: 0 | AK81: =AC81+AE81+AG81+S81+U81+W81+Y81+AA81+AI81 -> 0 | AL81: 0 | AM81: 0 | AN81: 0 | AO81: 0 | AP81: 0 | AQ81: 0 | AR81: =SUM(AL81:AQ81) -> 0 | AS81: 0 | AT81: 0 | AU81: 0 | AV81: 0 | AW81: 0 | AX81: 0 | AY81: 0 | AZ81: 0 | BA81: N/A | BB81: N/A | BC81: N/A
M82: Operación del laboratorio | N82: Número | O82: 1 | P82: 0.4 | Q82: 0.4 | S82: 0 | U82: 0 | W82: 0 | Y82: 0 | AA82: 0 | AC82: 0 | AE82: 0 | AG82: 16539821 | AI82: 0 | AK82: =AC82+AE82+AG82+S82+U82+W82+Y82+AA82+AI82 -> 16539821 | AL82: 2444 | AM82: 3872 | AN82: 4033 | AO82: 7785 | AP82: 14556 | AQ82: 2316 | AR82: =SUM(AL82:AQ82) -> 35006 | AS82: 17977 | AT82: 17029 | AU82: =SUM(AS82:AT82) -> 35006 | AV82: 0 | AW82: 0 | AX82: 786 | AY82: 0 | AZ82: 0 | BA82: AL-F019 Reporte de resultado de analisis de agua residual. | BB82: Empresa de Servicios Públicos de Tocancipá S.A. ESP. | BC82: Empresa de Servicios Públicos de Tocancipá S.A. ESP.
A87: 7 | B87: PROYECTO | C87: CODIGO REGISTRO PROYECTO | D87: CÓD. CONS. META PRODUCTO | E87: DESCRIPCIÓN META DE PRODUCTO | F87: INDICADOR | G87: LINEA BASE | H87: META CUATRIENIO | I87: Valor Esperado | J87: =+$N$3 -> 2019 | K87: META ACUMULADA 1er SEMESTRE | L87: META ACUMULADA 1-Ener_31-Dic. | M87: ACTIVIDADES | N87: UNIDAD DE MEDIDA | O87: CANTIDADES CUATRIENIO | P87: Ejecutado 1-Ener_30-Jun. | Q87: Ejecutado 1-Ener_31-Dic. | R87: =SUM(R88:R94) -> 0 | S87: =SUM(S88:S94) -> 0 | T87: =SUM(T88:T94) -> 0 | U87: =SUM(U88:U94) -> 0 | V87: =SUM(V88:V94) -> 0 | W87: =SUM(W88:W94) -> 0 | X87: =SUM(X88:X94) -> 0 | Y87: =SUM(Y88:Y94) -> 0 | ... AK87: =SUM(AK88:AK94) -> 0 | BA87: VERIFICACIÒN | BB87: COOPERANTE - RECURSOS GESTIONADOS | BC87: RESPONSABLE DIRECTO
B88: =VLOOKUP($D$9,'PROYECTOS REGISTRADOS'!$A$2:$D$82,4,0) -> Mejoramiento de la Cobertura de Alcantarillado en el Área Urbana y Área Rural en el Municipio de Tocancipá, Cundinamarca, Centro Oriente | C88: =VLOOKUP($D$9,'PROYECTOS REGISTRADOS'!$A$2:$D$82,3,0) -> 2016-25817-0033 | D88: E3.P_L.MR2-MP05-1 | E88: =IF(D88=0,"0-0",(VLOOKUP(D88,'CONSOLIDADO PLAN DESARROLLO'!$EL$9:$ET$304,2,0))) -> Terminar y poner en marcha de la PTAR Los Patos | F88: =IF(D88=0,"0-0",(VLOOKUP(D88,'CONSOLIDADO PLAN DESARROLLO'!$EL$9:$ET$304,3,0))) -> No. de PTAR Los Patos terminada | G88: =IF(D88=0,"0-0",(VLOOKUP(D88,'CONSOLIDADO PLAN DESARROLLO'!$EL$9:$ET$304,4,0))) -> 0.4 | H88: =IF(D88=0,"0-0",(VLOOKUP(D88,'CONSOLIDADO PLAN DESARROLLO'!$EL$9:$ET$304,5,0))) -> 1 | I88: =IF(D88=0,"0-0",(VLOOKUP(D88,'CONSOLIDADO PLAN DESARROLLO'!$EL$9:$ET$304,$R$3,0))) -> 0 | K88: 0 | L88: 0.15 | M88: Suscripción y legalización de convenios y/o contratos interadministrativos | N88: Número | O88: 1 | P88: 0 | Q88: 0 | R88: =VLOOKUP($D88,'[4]Tablero Logro Metas 2019'!$AK$7:$AS$302,3,0) -> 0 | S88: 0 | T88: =VLOOKUP($D88,'[4]Tablero Logro Metas 2019'!$AK$7:$AS$302,4,0) -> 0 | U88: 0 | V88: =VLOOKUP($D88,'[4]Tablero Logro Metas 2019'!$AK$7:$AS$302,5,0) -> 0 | W88: 0 | X88: =VLOOKUP($D88,'[4]Tablero Logro Metas 2019'!$AK$7:$AS$302,6,0) -> 0 | Y88: 0 | Z88: =VLOOKUP($D88,'[4]Tablero Logro Metas 2019'!$AK$7:$AS$302,7,0) -> 0 | AA88: 0 | AB88: =VLOOKUP($D88,'[4]Tablero Logro Metas 2019'!$AK$7:$AS$302,8,0) -> 0 | AC88: 0 | AD88: =VLOOKUP($D88,'[4]Tablero Logro Metas 2019'!$AK$7:$AS$302,9,0) -> 0 | AE88: 0 | AG88: 0 | AI88: 0 | AJ88: =+R88+T88+V88+X88+Z88+AB88+AD88+AF88+AH88 -> 0 | AK88: =AC88+AE88+AG88+S88+U88+W88+Y88+AA88+AI88 -> 0 | AL88: 0 | AM88: 0 | AN88: 0 | AO88: 0 | AP88: 0 | AQ88: 0 | AR88: =SUM(AL88:AQ88) -> 0 | AS88: 0 | AT88: 0 | AU88: 0 | AV88: 0 | AW88: 0 | AX88: 0 | AY88: 0 | AZ88: 0 | BA88: N/A | BB88: N/A | BC88: N/A
M89: Terminación de la construcción de la PTAR del Casco urbano | N89: Número | O89: 1 | P89: 0 | Q89: 0 | S89: 0 | U89: 0 | W89: 0 | Y89: 0 | AA89: 0 | AC89: 0 | AE89: 0 | AG89: 0 | AI89: 0 | AK89: =AC89+AE89+AG89+S89+U89+W89+Y89+AA89+AI89 -> 0 | AL89: 0 | AM89: 0 | AN89: 0 | AO89: 0 | AP89: 0 | AQ89: 0 | AR89: =SUM(AL89:AQ89) -> 0 | AS89: 0 | AT89: 0 | AU89: 0 | AV89: 0 | AW89: 0 | AX89: 0 | AY89: 0 | AZ89: 0 | BA89: N/A | BB89: N/A | BC89: N/A
M90: Interventoria para la terminación de la construcción de la PTAR del casco urbano | N90: Número | O90: 1 | P90: 0 | Q90: 0 | S90: 0 | U90: 0 | W90: 0 | Y90: 0 | AA90: 0 | AC90: 0 | AE90: 0 | AG90: 0 | AI90: 0 | AK90: =AC90+AE90+AG90+S90+U90+W90+Y90+AA90+AI90 -> 0 | AL90: 0 | AM90: 0 | AN90: 0 | AO90: 0 | AP90: 0 | AQ90: 0 | AR90: =SUM(AL90:AQ90) -> 0 | AS90: 0 | AT90: 0 | AU90: 0 | AV90: 0 | AW90: 0 | AX90: 0 | AY90: 0 | AZ90: 0 | BA90: N/A | BB90: N/A | BC90: N/A
AK91: =AC91+AE91+AG91+S91+U91+W91+Y91+AA91+AI91 -> 0 | AR91: =SUM(AL91:AQ91) -> 0 | AU91: =SUM(AS91:AT91) -> 0
AK92: =AC92+AE92+AG92+S92+U92+W92+Y92+AA92+AI92 -> 0 | AR92: =SUM(AL92:AQ92) -> 0 | AU92: =SUM(AS92:AT92) -> 0
AK93: =AC93+AE93+AG93+S93+U93+W93+Y93+AA93+AI93 -> 0 | AR93: =SUM(AL93:AQ93) -> 0 | AU93: =SUM(AS93:AT93) -> 0
A96: 8 | B96: PROYECTO | C96: CODIGO REGISTRO PROYECTO | D96: CÓD. CONS. META PRODUCTO | E96: DESCRIPCIÓN META DE PRODUCTO | F96: INDICADOR | G96: LINEA BASE | H96: META CUATRIENIO | I96: Valor Esperado | J96: =+$N$3 -> 2019 | K96: META ACUMULADA 1er SEMESTRE | L96: META ACUMULADA 1-Ener_31-Dic. | M96: ACTIVIDADES | N96: UNIDAD DE MEDIDA | O96: CANTIDADES CUATRIENIO | P96: Ejecutado 1-Ener_30-Jun. | Q96: Ejecutado 1-Ener_31-Dic. | R96: =SUM(R97:R103) -> 0 | S96: =SUM(S97:S103) -> 0 | T96: =SUM(T97:T103) -> 0 | U96: =SUM(U97:U103) -> 0 | V96: =SUM(V97:V103) -> 0 | W96: =SUM(W97:W103) -> 0 | X96: =SUM(X97:X103) -> 0 | Y96: =SUM(Y97:Y103) -> 0 | ... AK96: =SUM(AK97:AK103) -> 208621026 | BA96: VERIFICACIÒN | BB96: COOPERANTE - RECURSOS GESTIONADOS | BC96: RESPONSABLE DIRECTO
B97: =VLOOKUP($D$9,'PROYECTOS REGISTRADOS'!$A$2:$D$82,4,0) -> Mejoramiento de la Cobertura de Alcantarillado en el Área Urbana y Área Rural en el Municipio de Tocancipá, Cundinamarca, Centro Oriente | C97: =VLOOKUP($D$9,'PROYECTOS REGISTRADOS'!$A$2:$D$82,3,0) -> 2016-25817-0033 | D97: E3.P_L.MR2-MP05-2 | E97: =IF(D97=0,"0-0",(VLOOKUP(D97,'CONSOLIDADO PLAN DESARROLLO'!$EL$9:$ET$304,2,0))) -> Terminar y poner en marcha de la PTAR Los Patos | F97: =IF(D97=0,"0-0",(VLOOKUP(D97,'CONSOLIDADO PLAN DESARROLLO'!$EL$9:$ET$304,3,0))) -> No. de PTAR Los Patos operando | G97: =IF(D97=0,"0-0",(VLOOKUP(D97,'CONSOLIDADO PLAN DESARROLLO'!$EL$9:$ET$304,4,0))) -> 0 | H97: =IF(D97=0,"0-0",(VLOOKUP(D97,'CONSOLIDADO PLAN DESARROLLO'!$EL$9:$ET$304,5,0))) -> 1 | I97: =IF(D97=0,"0-0",(VLOOKUP(D97,'CONSOLIDADO PLAN DESARROLLO'!$EL$9:$ET$304,$R$3,0))) -> 0.2 | K97: 0.1 | L97: 0.89 | M97: Suscripción y legalización de convenios y/o contratos interadministrativos | N97: Número | O97: 1 | P97: 0 | Q97: 0 | R97: =VLOOKUP($D97,'[4]Tablero Logro Metas 2019'!$AK$7:$AS$302,3,0) -> 0 | S97: 0 | T97: =VLOOKUP($D97,'[4]Tablero Logro Metas 2019'!$AK$7:$AS$302,4,0) -> 0 | U97: 0 | V97: =VLOOKUP($D97,'[4]Tablero Logro Metas 2019'!$AK$7:$AS$302,5,0) -> 0 | W97: 0 | X97: =VLOOKUP($D97,'[4]Tablero Logro Metas 2019'!$AK$7:$AS$302,6,0) -> 0 | Y97: 0 | Z97: =VLOOKUP($D97,'[4]Tablero Logro Metas 2019'!$AK$7:$AS$302,7,0) -> 0 | AA97: 0 | AB97: =VLOOKUP($D97,'[4]Tablero Logro Metas 2019'!$AK$7:$AS$302,8,0) -> 0 | AC97: 0 | AD97: =VLOOKUP($D97,'[4]Tablero Logro Metas 2019'!$AK$7:$AS$302,9,0) -> 0 | AE97: 0 | AF97: 208621026 | AG97: 0 | AI97: 0 | AJ97: =+R97+T97+V97+X97+Z97+AB97+AD97+AF97+AH97 -> 208621026 | AK97: =AC97+AE97+AG97+S97+U97+W97+Y97+AA97+AI97 -> 0 | AL97: 0 | AM97: 0 | AN97: 0 | AO97: 0 | AP97: 0 | AQ97: 0 | AR97: =SUM(AL97:AQ97) -> 0 | AS97: 0 | AT97: 0 | AU97: 0 | AV97: 0 | AW97: 0 | AX97: 0 | AY97: 0 | AZ97: 0 | BA97: N/A | BB97: N/A | BC97: N/A
M98: Estabilización y puesta en marcha de la PTAR Casco Urbano | N98: Número | O98: 1 | P98: 0 | Q98: 0 | S98: 0 | U98: 0 | W98: 0 | Y98: 0 | AA98: 0 | AC98: 0 | AE98: 0 | AG98: 0 | AI98: 0 | AK98: =AC98+AE98+AG98+S98+U98+W98+Y98+AA98+AI98 -> 0 | AL98: 0 | AM98: 0 | AN98: 0 | AO98: 0 | AP98: 0 | AQ98: 0 | AR98: =SUM(AL98:AQ98) -> 0 | AS98: 0 | AT98: 0 | AU98: 0 | AV98: 0 | AW98: 0 | AX98: 0 | AY98: 0 | AZ98: 0 | BA98: N/A | BB98: N/A | BC98: N/A
M99: Interventoria de la puesta en marcha de la PTAR del Casco Urbano | N99: Número | O99: 1 | P99: 0 | Q99: 0 | S99: 0 | U99: 0 | W99: 0 | Y99: 0 | AA99: 0 | AC99: 0 | AE99: 0 | AG99: 0 | AI99: 0 | AK99: =AC99+AE99+AG99+S99+U99+W99+Y99+AA99+AI99 -> 0 | AL99: 0 | AM99: 0 | AN99: 0 | AO99: 0 | AP99: 0 | AQ99: 0 | AR99: =SUM(AL99:AQ99) -> 0 | AS99: 0 | AT99: 0 | AU99: 0 | AV99: 0 | AW99: 0 | AX99: 0 | AY99: 0 | AZ99: 0 | BA99: N/A | BB99: N/A | BC99: N/A
M100: Operación de la Planta de Tratamiento de Agua Residual del Carco Urbano | N100: Número | O100: 3 | P100: 0.5 | Q100: 0.5 | S100: 0 | U100: 0 | W100: 0 | Y100: 0 | AA100: 0 | AC100: 0 | AE100: 0 | AG100: 204747739 | AI100: 0 | AK100: =AC100+AE100+AG100+S100+U100+W100+Y100+AA100+AI100 -> 204747739 | AL100: 1020 | AM100: 1620 | AN100: 1680 | AO100: 3255 | AP100: 6090 | AQ100: 970.5 | AR100: =SUM(AL100:AQ100) -> 14635.5 | AS100: 7533.9 | AT100: 7136.6 | AU100: =SUM(AS100:AT100) -> 14670.5 | AV100: 0 | AW100: 0 | AX100: 328.5 | AY100: 0 | AZ100: 0 | BA100: Pagos de Energia, Pagos de Personal y Pagos de Vigilancia. | BB100: Empresa de Servicios Públicos de Tocancipá S.A. ESP | BC100: Empresa de Servicios Públicos de Tocancipá S.A. ESP
M101: Analisis y caracterización de los vertimientos por laboratorios acreditados | N101: Número | O101: 3 | P101: 0.5 | Q101: 0.5 | S101: 0 | U101: 0 | W101: 0 | Y101: 0 | AA101: 0 | AC101: 0 | AE101: 0 | AG101: 3873287 | AI101: 0 | AK101: =AC101+AE101+AG101+S101+U101+W101+Y101+AA101+AI101 -> 3873287 | AL101: 1020 | AM101: 1620 | AN101: 1680 | AO101: 3255 | AP101: 6090 | AQ101: 970.5 | AR101: =SUM(AL101:AQ101) -> 14635.5 | AS101: 7533.9 | AT101: 7136.6 | AU101: =SUM(AS101:AT101) -> 14670.5 | AV101: 0 | AW101: 0 | AX101: 328.5 | AY101: 0 | AZ101: 0 | BA101: Contrato 081 de 2019 | BB101: Empresa de Servicios Públicos de Tocancipá S.A. ESP | BC101: Empresa de Servicios Públicos de Tocancipá S.A. ESP
AK102: =AC102+AE102+AG102+S102+U102+W102+Y102+AA102+AI102 -> 0 | AR102: =SUM(AL102:AQ102) -> 0 | AU102: =SUM(AS102:AT102) -> 0
A105: 9 | B105: PROYECTO | C105: CODIGO REGISTRO PROYECTO | D105: CÓD. CONS. META PRODUCTO | E105: DESCRIPCIÓN META DE PRODUCTO | F105: INDICADOR | G105: LINEA BASE | H105: META CUATRIENIO | I105: Valor Esperado | J105: =+$N$3 -> 2019 | K105: META ACUMULADA 1er SEMESTRE | L105: META ACUMULADA 1-Ener_31-Dic. | M105: ACTIVIDADES | N105: UNIDAD DE MEDIDA | O105: CANTIDADES CUATRIENIO | P105: Ejecutado 1-Ener_30-Jun. | Q105: Ejecutado 1-Ener_31-Dic. | R105: =SUM(R106:R112) -> 0 | S105: =SUM(S106:S112) -> 0 | T105: =SUM(T106:T112) -> 0 | U105: =SUM(U106:U112) -> 0 | V105: =SUM(V106:V112) -> 0 | W105: =SUM(W106:W112) -> 0 | X105: =SUM(X106:X112) -> 0 | Y105: =SUM(Y106:Y112) -> 0 | ... AK105: =SUM(AK106:AK112) -> 66309869 | BA105: VERIFICACIÒN | BB105: COOPERANTE - RECURSOS GESTIONADOS | BC105: RESPONSABLE DIRECTO
B106: =VLOOKUP($D$9,'PROYECTOS REGISTRADOS'!$A$2:$D$82,4,0) -> Mejoramiento de la Cobertura de Alcantarillado en el Área Urbana y Área Rural en el Municipio de Tocancipá, Cundinamarca, Centro Oriente | C106: =VLOOKUP($D$9,'PROYECTOS REGISTRADOS'!$A$2:$D$82,3,0) -> 2016-25817-0033 | D106: E3.P_L.MR2-MP06-1 | E106: =IF(D106=0,"0-0",(VLOOKUP(D106,'CONSOLIDADO PLAN DESARROLLO'!$EL$9:$ET$304,2,0))) -> Suscribir convenios para subsidiar el servicio público de Alcantarillado | F106: =IF(D106=0,"0-0",(VLOOKUP(D106,'CONSOLIDADO PLAN DESARROLLO'!$EL$9:$ET$304,3,0))) -> No. de convenios suscritos | G106: =IF(D106=0,"0-0",(VLOOKUP(D106,'CONSOLIDADO PLAN DESARROLLO'!$EL$9:$ET$304,4,0))) -> 0 | H106: =IF(D106=0,"0-0",(VLOOKUP(D106,'CONSOLIDADO PLAN DESARROLLO'!$EL$9:$ET$304,5,0))) -> 4 | I106: =IF(D106=0,"0-0",(VLOOKUP(D106,'CONSOLIDADO PLAN DESARROLLO'!$EL$9:$ET$304,$R$3,0))) -> 1 | K106: 0.5 | L106: 2.5 | M106: Suscripción de convenios para subsidios | N106: Número | O106: 4 | P106: 0.5 | Q106: 0.5 | R106: =VLOOKUP($D106,'[4]Tablero Logro Metas 2019'!$AK$7:$AS$302,3,0) -> 0 | S106: 0 | T106: =VLOOKUP($D106,'[4]Tablero Logro Metas 2019'!$AK$7:$AS$302,4,0) -> 0 | U106: 0 | V106: =VLOOKUP($D106,'[4]Tablero Logro Metas 2019'!$AK$7:$AS$302,5,0) -> 0 | W106: 0 | X106: =VLOOKUP($D106,'[4]Tablero Logro Metas 2019'!$AK$7:$AS$302,6,0) -> 0 | Y106: 0 | Z106: =VLOOKUP($D106,'[4]Tablero Logro Metas 2019'!$AK$7:$AS$302,7,0) -> 27435912 | AA106: 0 | AB106: =VLOOKUP($D106,'[4]Tablero Logro Metas 2019'!$AK$7:$AS$302,8,0) -> 182159383 | AC106: 66309869 | AD106: =VLOOKUP($D106,'[4]Tablero Logro Metas 2019'!$AK$7:$AS$302,9,0) -> 0 | AE106: 0 | AG106: 0 | AI106: 0 | AJ106: =+R106+T106+V106+X106+Z106+AB106+AD106+AF106+AH106 -> 209595295 | AK106: =AC106+AE106+AG106+S106+U106+W106+Y106+AA106+AI106 -> 66309869 | AL106: 2444 | AM106: 3872 | AN106: 4033 | AO106: 7785 | AP106: 14556 | AQ106: 2316 | AR106: =SUM(AL106:AQ106) -> 35006 | AS106: 17977 | AT106: 17029 | AU106: =SUM(AS106:AT106) -> 35006 | AV106: 0 | AW106: 0 | AX106: 786 | AY106: 0 | AZ106: 0 | BA106: Convenio Interadministrativo 004 de 2019 | BB106: Alcaldia Municipal de Tocancipá | BC106: Empresa de Servicios Públicos de Tocancipá S.A. ESP
AK107: =AC107+AE107+AG107+S107+U107+W107+Y107+AA107+AI107 -> 0 | AR107: =SUM(AL107:AQ107) -> 0 | AU107: =SUM(AS107:AT107) -> 0
AK108: =AC108+AE108+AG108+S108+U108+W108+Y108+AA108+AI108 -> 0 | AR108: =SUM(AL108:AQ108) -> 0 | AU108: =SUM(AS108:AT108) -> 0
AK109: =AC109+AE109+AG109+S109+U109+W109+Y109+AA109+AI109 -> 0 | AR109: =SUM(AL109:AQ109) -> 0 | AU109: =SUM(AS109:AT109) -> 0
AK110: =AC110+AE110+AG110+S110+U110+W110+Y110+AA110+AI110 -> 0 | AR110: =SUM(AL110:AQ110) -> 0 | AU110: =SUM(AS110:AT110) -> 0
AK111: =AC111+AE111+AG111+S111+U111+W111+Y111+AA111+AI111 -> 0 | AR111: =SUM(AL111:AQ111) -> 0 | AU111: =SUM(AS111:AT111) -> 0
A114: 10 | B114: PROYECTO | C114: CODIGO REGISTRO PROYECTO | D114: CÓD. CONS. META PRODUCTO | E114: DESCRIPCIÓN META DE PRODUCTO | F114: INDICADOR | G114: LINEA BASE | H114: META CUATRIENIO | I114: Valor Esperado | J114: =+$N$3 -> 2019 | K114: META ACUMULADA 1er SEMESTRE | L114: META ACUMULADA 2o SEMESTRE | M114: ACTIVIDADES | N114: UNIDAD DE MEDIDA | O114: CANTIDADES CUATRIENIO | P114: Ejecutado 1º Semestre | Q114: Ejecutado 2º Semestre | R114: =SUM(R115:R121) -> 0 | S114: =SUM(S115:S121) -> 0 | T114: =SUM(T115:T121) -> 0 | U114: =SUM(U115:U121) -> 0 | V114: =SUM(V115:V121) -> 0 | W114: =SUM(W115:W121) -> 0 | X114: =SUM(X115:X121) -> 0 | Y114: =SUM(Y115:Y121) -> 0 | ... AG114: =SUM(AG115:AG121) -> 0 | AJ114: =SUM(AJ115:AJ121) -> 0 | AK114: =SUM(AK115:AK121) -> 0 | AL114: =SUM(AL115:AL121) -> 0 | AM114: =SUM(AM115:AM121) -> 0 | AN114: =SUM(AN115:AN121) -> 0 | AO114: =SUM(AO115:AO121) -> 0 | AP114: =SUM(AP115:AP121) -> 0 | AQ114: =SUM(AQ115:AQ121) -> 0 | ... AZ114: =SUM(AZ115:AZ121) -> 0 | BA114: VERIFICACIÒN | BB114: COOPERANTE | BC114: RESPONSABLE DIRECTO
B115: =VLOOKUP($D$9,'PROYECTOS REGISTRADOS'!$A$2:$D$82,4,0) -> Mejoramiento de la Cobertura de Alcantarillado en el Área Urbana y Área Rural en el Municipio de Tocancipá, Cundinamarca, Centro Oriente | C115: =VLOOKUP($D$9,'PROYECTOS REGISTRADOS'!$A$2:$D$82,3,0) -> 2016-25817-0033 | E115: =IF(D115=0,"0-0",(VLOOKUP(D115,'CONSOLIDADO PLAN DESARROLLO'!$EL$9:$ET$304,2,0))) -> 0-0 | F115: =IF(D115=0,"0-0",(VLOOKUP(D115,'CONSOLIDADO PLAN DESARROLLO'!$EL$9:$ET$304,3,0))) -> 0-0 | G115: =IF(D115=0,"0-0",(VLOOKUP(D115,'CONSOLIDADO PLAN DESARROLLO'!$EL$9:$ET$304,4,0))) -> 0-0 | H115: =IF(D115=0,"0-0",(VLOOKUP(D115,'CONSOLIDADO PLAN DESARROLLO'!$EL$9:$ET$304,5,0))) -> 0-0 | I115: =IF(D115=0,"0-0",(VLOOKUP(D115,'CONSOLIDADO PLAN DESARROLLO'!$EL$9:$ET$304,$R$3,0))) -> 0-0 | AJ115: =+R115+T115+V115+X115+Z115+AB115+AD115+AF115 -> 0 | AK115: =AC115+AE115+AG115+S115+U115+W115+Y115+AA115 -> 0 | AR115: =SUM(AL115:AQ115) -> 0 | AU115: =SUM(AS115:AT115) -> 0
AK116: =AC116+AE116+AG116+S116+U116+W116+Y116+AA116 -> 0 | AR116: =SUM(AL116:AQ116) -> 0 | AU116: =SUM(AS116:AT116) -> 0
AK117: =AC117+AE117+AG117+S117+U117+W117+Y117+AA117 -> 0 | AR117: =SUM(AL117:AQ117) -> 0 | AU117: =SUM(AS117:AT117) -> 0
AK118: =AC118+AE118+AG118+S118+U118+W118+Y118+AA118 -> 0 | AR118: =SUM(AL118:AQ118) -> 0 | AU118: =SUM(AS118:AT118) -> 0
AK119: =AC119+AE119+AG119+S119+U119+W119+Y119+AA119 -> 0 | AR119: =SUM(AL119:AQ119) -> 0 | AU119: =SUM(AS119:AT119) -> 0
AK120: =AC120+AE120+AG120+S120+U120+W120+Y120+AA120 -> 0 | AR120: =SUM(AL120:AQ120) -> 0 | AU120: =SUM(AS120:AT120) -> 0
A123: 11 | B123: PROYECTO | C123: CODIGO REGISTRO PROYECTO | D123: CÓD. CONS. META PRODUCTO | E123: DESCRIPCIÓN META DE PRODUCTO | F123: INDICADOR | G123: LINEA BASE | H123: META CUATRIENIO | I123: Valor Esperado | J123: =+$N$3 -> 2019 | K123: META ACUMULADA 1er SEMESTRE | L123: META ACUMULADA 2o SEMESTRE | M123: ACTIVIDADES | N123: UNIDAD DE MEDIDA | O123: CANTIDADES CUATRIENIO | P123: Ejecutado 1º Semestre | Q123: Ejecutado 2º Semestre | R123: =SUM(R124:R130) -> 0 | S123: =SUM(S124:S130) -> 0 | T123: =SUM(T124:T130) -> 0 | U123: =SUM(U124:U130) -> 0 | V123: =SUM(V124:V130) -> 0 | W123: =SUM(W124:W130) -> 0 | X123: =SUM(X124:X130) -> 0 | Y123: =SUM(Y124:Y130) -> 0 | ... AG123: =SUM(AG124:AG130) -> 0 | AJ123: =SUM(AJ124:AJ130) -> 0 | AK123: =SUM(AK124:AK130) -> 0 | AL123: =SUM(AL124:AL130) -> 0 | AM123: =SUM(AM124:AM130) -> 0 | AN123: =SUM(AN124:AN130) -> 0 | AO123: =SUM(AO124:AO130) -> 0 | AP123: =SUM(AP124:AP130) -> 0 | AQ123: =SUM(AQ124:AQ130) -> 0 | ... AZ123: =SUM(AZ124:AZ130) -> 0 | BA123: VERIFICACIÒN | BB123: COOPERANTE | BC123: RESPONSABLE DIRECTO
B124: =VLOOKUP($D$9,'PROYECTOS REGISTRADOS'!$A$2:$D$82,4,0) -> Mejoramiento de la Cobertura de Alcantarillado en el Área Urbana y Área Rural en el Municipio de Tocancipá, Cundinamarca, Centro Oriente | C124: =VLOOKUP($D$9,'PROYECTOS REGISTRADOS'!$A$2:$D$82,3,0) -> 2016-25817-0033 | E124: =IF(D124=0,"0-0",(VLOOKUP(D124,'CONSOLIDADO PLAN DESARROLLO'!$EL$9:$ET$304,2,0))) -> 0-0 | F124: =IF(D124=0,"0-0",(VLOOKUP(D124,'CONSOLIDADO PLAN DESARROLLO'!$EL$9:$ET$304,3,0))) -> 0-0 | G124: =IF(D124=0,"0-0",(VLOOKUP(D124,'CONSOLIDADO PLAN DESARROLLO'!$EL$9:$ET$304,4,0))) -> 0-0 | H124: =IF(D124=0,"0-0",(VLOOKUP(D124,'CONSOLIDADO PLAN DESARROLLO'!$EL$9:$ET$304,5,0))) -> 0-0 | I124: =IF(D124=0,"0-0",(VLOOKUP(D124,'CONSOLIDADO PLAN DESARROLLO'!$EL$9:$ET$304,$R$3,0))) -> 0-0 | AJ124: =+R124+T124+V124+X124+Z124+AB124+AD124+AF124 -> 0 | AK124: =AC124+AE124+AG124+S124+U124+W124+Y124+AA124 -> 0 | AR124: =SUM(AL124:AQ124) -> 0 | AU124: =SUM(AS124:AT124) -> 0
AK125: =AC125+AE125+AG125+S125+U125+W125+Y125+AA125 -> 0 | AR125: =SUM(AL125:AQ125) -> 0 | AU125: =SUM(AS125:AT125) -> 0
...

Sheet CONSOLIDADO PLAN DESARROLLO
B1: FORMATO BASICO PLAN DE ACCION POR DEPENDENCIA (Segundo semestre 2016)
A2: MUNICIPIO DE TOCANCIPÁ
A3: PLAN DE DESARROLLO MUNICIPAL "TOCANCIPÁ ALTA COMPETITIVIDAD CON DESARROLLO Y PROYECCIÓN"
A4: OBJETIVO GENERAL: El Plan de Desarrollo tiene como objetivo principal brindar a la Administración Municipal las herramientas para generar el desarrollo social, económico y la preservación ambiental que el municipio necesita.
A5: VISIÓN: Para el año 2026, Tocancipá será reconocido a nivel Nacional como un Municipio líder en garantía de derechos y servicios, con seguridad, altos niveles de avane e innovación para el desarrollo social, productivo y proyección de su economía en el crecimiento integral y eficiente de su comunidad, con capital humano capacitado y altamente competitivo, desde una perspectiva de inclusión y una política de responsabilidad social y ambiental a través de infraestruturas sostenibles.
A6: COD. EJE | B6: EJES | C6: OBJETIVO EJE | D6: Sectores Guía DNP | E6: COD. PROG. | F6: COD. CONS. PROG. | G6: PROGRAMAS DE INVERSIÓN | H6: OBJETIVOS PROGRÁMATICOS | I6: PROYECTOS (CÓD. SSEPI Y NOMBRE EBI) | J6: CÓD. MR | K6: CÓD. CONS. META RESULTADO | L6: DESCRIPCIÓN DE LAS METAS DE RESULTADO | M6: NOMBRE DEL INDICADOR DE RESULTADO | N6: Línea base | O6: Meta de Resultado Cuatrenio 2019 | P6: CÓD. MP | Q6: CÓD. CONS. META PRODUCTO | R6: Metas de Producto | S6: Indicador | T6: Lïnea base | U6: Meta de Producto Cuatrenio | V6: Orientación de la Meta de Producto | W6: Valor Esperado 2016 | X6: Valor Esperado 2017 | Y6: Valor Esperado 2018 | Z6: Valor Esperado 2019 | AA6: CUATRENIO | BC6: TOTAL 2016-2019 | BD6: Secretaria Responsable | BX6: 1 | BY6: 2 | BZ6: 3 | CA6: 4 | CB6: 5 | CC6: 6 | CD6: 7 | CE6: 8 | CF6: 9 | CG6: 10 | CH6: 11 | CI6: 12 | CJ6: 13 | CK6: 14 | CL6: 15 | CM6: 16 | CN6: 17 | CO6: 18 | CP6: 19 | CQ6: 20 | CR6: 21 | CS6: 22 | CT6: 23 | CU6: 24 | CV6: 25 | CW6: 26 | CX6: 27 | CY6: 28 | CZ6: 29 | DA6: 30 | DB6: 31
AA7: 2016 | AH7: 2017 | AO7: 2018 | AV7: 2019 | BF7: 1 | BG7: 2 | BI7: 1 | BJ7: 2 | BK7: 3 | BL7: 4 | BN7: 1 | BO7: 2 | BP7: 3 | BQ7: 4 | BS7: 1 | BT7: 2 | BU7: 3 | BV7: 4 | BZ7: 2016 | CG7: 2017 | CN7: 2018 | CU7: 2019 | DB7: TOTAL | DC7: 1 | DD7: 2 | DE7: 3 | DF7: 4 | DH7: 1 | DI7: 2 | DJ7: 3 | DK7: 4 | DL7: 5 | DN7: 1 | DO7: 2 | DQ7: 1 | DR7: 2 | DT7: 1 | DU7: 2 | DV7: 3 | DW7: 4 | DX7: 5 | DY7: 6 | DZ7: 7 | EB7: 1 | EC7: 2 | ED7: 3 | EE7: 4 | EF7: 5 | EG7: 6 | EH7: 7 | EI7: 8 | EJ7: 9 | EL7: 1 | EM7: 2 | EN7: 3 | EO7: 4 | EP7: 5 | EQ7: 6 | ER7: 7 | ES7: 8 | ET7: 9
AA8: RP | AB8: SGP | AC8: Cofinanciación | AD8: SGR | AE8: Crédito | AF8: Otros | AG8: Total 2016 | AH8: RP | AI8: SGP | AJ8: Cofinanciación | AK8: SGR | AL8: Crédito | AM8: Otros | AN8: Total 2017 | AO8: RP | AP8: SGP | AQ8: Cofinanciación | AR8: SGR | AS8: Crédito | AT8: Otros | AU8: Total 2018 | AV8: RP | AW8: SGP | AX8: Cofinanciación | AY8: SGR | AZ8: Crédito | BA8: Otros | BB8: Total 2019 | BF8: COD. EJE | BG8: EJES | BI8: COD. EJE | BJ8: EJES | BK8: COD. CONS. PROG. | BL8: PROGRAMAS DE INVERSIÓN | BN8: COD. CONS. PROG. | BO8: PROGRAMAS DE INVERSIÓN | BP8: CÓD. CONS. META RESULTADO | BQ8: DESCRIPCIÓN DE LAS METAS DE RESULTADO | BS8: CÓD. CONS. META RESULTADO | BT8: DESCRIPCIÓN DE LAS METAS DE RESULTADO | BU8: COD. CONCAT | BV8: Metas de Producto | BX8: COD. CONS. PROG. | BY8: PROGRAMAS DE INVERSIÓN | BZ8: RP | CA8: SGP | CB8: Cofinanciación | CC8: SGR | CD8: Crédito | CE8: Otros | CF8: Total 2016 | CG8: RP | CH8: SGP | CI8: Cofinanciación | CJ8: SGR | CK8: Crédito | CL8: Otros | CM8: Total 2017 | CN8: RP | CO8: SGP | CP8: Cofinanciación | CQ8: SGR | CR8: Crédito | CS8: Otros | CT8: Total 2018 | CU8: RP | CV8: SGP | CW8: Cofinanciación | CX8: SGR | CY8: Crédito | CZ8: Otros | DA8: Total 2019 | DC8: META DE RESULTADO: | DD8: EJES: | DE8: NOMBRE DEL PROGRAMA: | DF8: OBJETIVO DEL PROGRAMA: | DH8: META DE PRODUCTO: | DI8: EJES: | DJ8: NOMBRE DEL PROGRAMA: | DK8: OBJETIVO DEL PROGRAMA: | DL8: METAS DE RESULTADO: | DN8: CÓD. CONS. META RESULTADO | DO8: DESCRIPCIÓN DE LAS METAS DE RESULTADO | DQ8: COD. CONCAT | DR8: Metas de Producto | DT8: CÓD. CONS. META RESULTADO | DU8: META DE RESULTADO: | DV8: EJES: | DW8: OBJETIVO EJE: | DX8: SECTOR | DY8: NOMBRE DEL PROGRAMA: | DZ8: OBJETIVO DEL PROGRAMA: | EB8: CÓD. CONS. META RESULTADO | EC8: DESCRIPCIÓN DE LAS METAS DE RESULTADO | ED8: NOMBRE DEL INDICADOR DE RESULTADO | EE8: Línea base | EF8: Meta de Resultado Cuatrenio 2019 | EG8: Valor Esperado 2016 | EH8: Valor Esperado 2017 | EI8: Valor Esperado 2018 | EJ8: Valor Esperado 2019 | EL8: CÓD. CONS. META PRODUCTO | EM8: Metas de Producto | EN8: Indicador | EO8: Lïnea base | EP8: Meta de Producto Cuatrenio | EQ8: Valor Esperado INICIAL 2016 | ER8: Valor esperado VIGENTE 2017 | ES8: Valor esperado VIGENTE 2018 | ET8: Valor esperado VIGENTE 2019
A9: E1. | B9: SOCIAL: Desarrollo Social con alta competitividad y proyección | C9: Mejorar las condiciones de calidad de vida de toda la población del territorio y especialmente en los sectores más vulnerables, garantizando el acceso a sus derechos sociales, individuales y colectrivos en Educación, Salud, Cultura, Recreación y Deporte | D9: Educación | E9: P_A | F9: =+CONCATENATE(A9,E9) -> E1.P_A | G9: TOCANCIPA BIEN EDUCADA | H9: Garantizar calidad, cobertura, eficiencia y pertinencia en la oferta Educativa Municipal | I9: 2016-25817-0047 Mantenimiento de la cobertura en educación, para mejorar el resultado de pruebas SABER, Tocancipá, Cundinamarca, Centro Oriente | J9: MR1 | K9: =+CONCATENATE(F9,".",J9) -> E1.P_A.MR1 | L9: Mejorar los indicadores de resultado de las pruebas SABER en las Instituciones Educativas del Municipio | M9: Índice de resultado pruebas SABER | N9: 0 | O9: 0.1 | P9: MP01-1 | Q9: =+CONCATENATE(K9,"-",P9) -> E1.P_A.MR1-MP01-1 | R9: Constituir el mecanismo de gestión y financiación contemplados en el PDM para la creación de un complejo Universitario en el Municipio cofinanciado con el departamento, la nación y universidades públicas y privadas nacionales y/o internacionales | S9: Porcentaje de construcción del Complejo Universitario Municipal | T9: 0 | U9: 0.3 | V9: Incremento | W9: 0 | X9: 0.1 | Y9: 0.1 | Z9: 0.1 | AA9: =300000001+1900000000+5000000+100000000+1870000000+60000000+50000000+22000000+300000000+200000000+130000000+430000000+1328477+100000000-1684614000-28800153 -> 3754914325 | AB9: =399001658+30000+588865084+107188933 -> 1095085675 | AC9: 200000000 | AG9: =SUM(AA9:AF9) -> 5050000000 | AH9: =+AA9 -> 3754914325 | AI9: =+AB9 -> 1095085675 | AJ9: =+AC9 -> 200000000 | AK9: =+AD9 -> 0 | AL9: =+AE9 -> 0 | AM9: =+AF9 -> 0 | AN9: =+AG9 -> 5050000000 | AO9: =+AH9 -> 3754914325 | ... AT9: =+AM9 -> 0 | AU9: =SUM(AO9:AT9) -> 5050000000 | AV9: =+AO9 -> 3754914325 | AW9: =+AP9 -> 1095085675 | AX9: =+AQ9 -> 200000000 | AY9: =+AR9 -> 0 | AZ9: =+AS9 -> 0 | BA9: =+AT9 -> 0 | BB9: =SUM(AV9:BA9) -> 5050000000 | BC9: =+BB9+AU9+AN9+AG9 -> 20200000000 | BD9: Secretaria de Educación | BF9: E1. | BG9: SOCIAL: Desarrollo Social con alta competitividad y proyección | BI9: E1. | BJ9: SOCIAL: Desarrollo Social con alta competitividad y proyección | BK9: E1.P_A | BL9: TOCANCIPA BIEN EDUCADA | BN9: E1.P_A | BO9: TOCANCIPA BIEN EDUCADA | BP9: E1.P_A.MR1 | BQ9: Mejorar los indicadores de resultado de las pruebas SABER en las Instituciones Educativas del Municipio | BS9: 0-0 | BT9: 0-0 | BU9: 0-0 | BV9: 0-0 | BX9: E1.P_A | BY9: TOCANCIPA BIEN EDUCADA | BZ9: 3754914325 | CA9: 1095085675 | CB9: 200000000 | CF9: 5050000000 | CG9: 3754914325 | CH9: 1095085675 | CI9: 200000000 | CJ9: 0 | CK9: 0 | CL9: 0 | CM9: 5050000000 | CN9: 3754914325 | CO9: 1095085675 | CP9: 200000000 | CQ9: 0 | CR9: 0 | CS9: 0 | CT9: 5050000000 | CU9: 3754914325 | CV9: 1095085675 | CW9: 200000000 | CX9: 0 | CY9: 0 | CZ9: 0 | DA9: 5050000000 | DB9: 20200000000 | DC9: 0-0 | DD9: 0-0 | DE9: 0-0 | DF9: 0-0 | DH9: 0-0 | DI9: 0-0 | DJ9: 0-0 | DK9: 0-0 | DL9: 0-0 | DN9: 0-0 | DO9: 0-0 | DQ9: 0-0 | DR9: 0-0 | DT9: 0-0 | DU9: 0-0 | DV9: 0-0 | DW9: 0-0 | DX9: 0-0 | DY9: 0-0 | DZ9: 0-0 | EB9: 0-0 | EC9: 0-0 | ED9: 0-0 | EE9: 0-0 | EF9: 0-0 | EL9: E1.P_A.MR1-MP01-1 | EM9: Constituir el mecanismo de gestión y financiación contemplados en el PDM para la creación de un complejo Universitario en el Municipio cofinanciado con el departamento, la nación y universidades públicas y privadas nacionales y/o internacionales | EN9: Porcentaje de construcción del Complejo Universitario Municipal (%) | EO9: 0 | EP9: 30 | EQ9: 0 | ER9: 0 | ES9: 0 | ET9: 30
A10: E1. | B10: SOCIAL: Desarrollo Social con alta competitividad y proyección | C10: Mejorar las condiciones de calidad de vida de toda la población del territorio y especialmente en los sectores más vulnerables, garantizando el acceso a sus derechos sociales, individuales y colectrivos en Educación, Salud, Cultura, Recreación y Deporte | E10: P_A | F10: =+CONCATENATE(A10,E10) -> E1.P_A | G10: TOCANCIPA BIEN EDUCADA | H10: Garantizar calidad, cobertura, eficiencia y pertinencia en la oferta Educativa Municipal | J10: MR1 | K10: =+CONCATENATE(F10,".",J10) -> E1.P_A.MR1 | L10: Mejorar los indicadores de resultado de las pruebas SABER en las Instituciones Educativas del Municipio | M10: Índice de resultado pruebas SABER | N10: 0 | O10: 0.1 | P10: MP01-2 | Q10: =+CONCATENATE(K10,"-",P10) -> E1.P_A.MR1-MP01-2 | R10: Constituir el mecanismo de gestión y financiación contemplados en el PDM para la creación de un complejo Universitario en el Municipio cofinanciado con el departamento, la nación y universidades públicas y privadas nacionales y/o internacionales | S10: No. De mecanismos de gestión y financiación suscritos para la operación del Complejo Universitario Municipal | T10: 0 | U10: 1 | V10: Incremento | W10: 0 | X10: 30 | Y10: 40 | Z10: 30 | BD10: Secretaria de Educación | BF10: E2. | BG10: ECONÓMICO: Desarrollo Económico con alta competitividad y proyección | BK10: E1.P_B | BL10: SALUD CON ATENCIÓN DIGNA, PRIORITARIA Y DE CALIDAD | BN10: E1.P_A | BO10: TOCANCIPA BIEN EDUCADA | BP10: E1.P_A.MR2 | BQ10: Disminuir el número de estudiantes por equipo de cómputo | BS10: E1.P_A.MR1 | BT10: Mejorar los indicadores de resultado de las pruebas SABER en las Instituciones Educativas del Municipio | BU10: E1.P_A.MR1-MP01-1 | BV10: Constituir el mecanismo de gestión y financiación contemplados en el PDM para la creación de un complejo Universitario en el Municipio cofinanciado con el departamento, la nación y universidades públicas y privadas nacionales y/o internacionales | BX10: E1.P_B | BY10: SALUD CON ATENCIÓN DIGNA, PRIORITARIA Y DE CALIDAD | BZ10: 3533339430 | CA10: 1053933440 | CB10: 500000000 | CE10: 2679256984 | CF10: 7766529854 | CG10: 3.6570063e+09 | CH10: 1.0908211e+09 | CI10: 4.3e+08 | CJ10: 0 | CK10: 0 | CL10: 2.773031e+09 | CM10: 7.9508584e+09 | CN10: 1.2850015e+09 | CO10: 1.1289998e+09 | CP10: 3.5755e+08 | CQ10: 0 | CR10: 0 | CS10: 2.8700871e+09 | CT10: 5.6416384e+09 | CU10: 1.3299766e+09 | CV10: 1.1685148e+09 | CW10: 3.7006425e+08 | CX10: 0 | CY10: 0 | CZ10: 2.9705401e+09 | DA10: 5.8390958e+09 | DB10: 2.7198122e+10 | DC10: E1.P_A.MR1 - Mejorar los indicadores de resultado de las pruebas SABER en las Instituciones Educativas del Municipio | DD10: E1. - SOCIAL: Desarrollo Social con alta competitividad y proyección | DE10: E1.P_A - TOCANCIPA BIEN EDUCADA | DF10: Garantizar calidad, cobertura, eficiencia y pertinencia en la oferta Educativa Municipal | DH10: E1.P_A.MR1-MP01-1 - Constituir el mecanismo de gestión y financiación contemplados en el PDM para la creación de un complejo Universitario en el Municipio cofinanciado con el departamento, la nación | DI10: E1. - SOCIAL: Desarrollo Social con alta competitividad y proyección | DJ10: E1.P_A - TOCANCIPA BIEN EDUCADA | DK10: Garantizar calidad, cobertura, eficiencia y pertinencia en la oferta Educativa Municipal | DL10: E1.P_A.MR1 - Mejorar los indicadores de resultado de las pruebas SABER en las Instituciones Educativas del Municipio | DN10: E1.P_A.MR1 | DO10: Mejorar los indicadores de resultado de las pruebas SABER en las Instituciones Educativas del Municipio | DQ10: E1.P_A.MR1-MP01-1 | DR10: Constituir el mecanismo de gestión y financiación contemplados en el PDM para la creación de un complejo Universitario en el Municipio cofinanciado con el departamento, la nación y universidades públicas y privadas nacionales y/o internacionales | DT10: =+LEFT(DU10,10) -> E1.P_A.MR1 | DU10: E1.P_A.MR1 - Mejorar los indicadores de resultado de las pruebas SABER en las Instituciones Educativas del Municipio | DV10: E1. - SOCIAL: Desarrollo Social con alta competitividad y proyección | DW10: Mejorar las condiciones de calidad de vida de toda la población del territorio y especialmente en los sectores más vulnerables, garantizando el acceso a sus derechos sociales, individuales y colectrivos en Educación, Salud, Cultura, Recreación y Deporte | DX10: Educación | DY10: E1.P_A - TOCANCIPA BIEN EDUCADA | DZ10: Garantizar calidad, cobertura, eficiencia y pertinencia en la oferta Educativa Municipal | EB10: E1.P_A.MR1 | EC10: Mejorar los indicadores de resultado de las pruebas SABER en las Instituciones Educativas del Municipio | ED10: Índice de resultado pruebas SABER | EE10: 0 | EF10: 10 | EL10: E1.P_A.MR1-MP01-2 | EM10: Constituir el mecanismo de gestión y financiación contemplados en el PDM para la creación de un complejo Universitario en el Municipio cofinanciado con el departamento, la nación y universidades públicas y privadas nacionales y/o internacionales | EN10: No. De mecanismos de gestión y financiación suscritos para la operación del Complejo Universitario Municipal | EO10: 0 | EP10: 1 | EQ10: 0 | ER10: 0 | ES10: 0 | ET10: 1
A11: E1. | B11: SOCIAL: Desarrollo Social con alta competitividad y proyección | C11: Mejorar las condiciones de calidad de vida de toda la población del territorio y especialmente en los sectores más vulnerables, garantizando el acceso a sus derechos sociales, individuales y colectrivos en Educación, Salud, Cultura, Recreación y Deporte | E11: P_A | F11: =+CONCATENATE(A11,E11) -> E1.P_A | G11: TOCANCIPA BIEN EDUCADA | H11: Garantizar calidad, cobertura, eficiencia y pertinencia en la oferta Educativa Municipal | J11: MR1 | K11: =+CONCATENATE(F11,".",J11) -> E1.P_A.MR1 | L11: Mejorar los indicadores de resultado de las pruebas SABER en las Instituciones Educativas del Municipio | M11: Índice de resultado pruebas SABER | N11: 0 | O11: 0.1 | P11: MP02-1 | Q11: =+CONCATENATE(K11,"-",P11) -> E1.P_A.MR1-MP02-1 | R11: implementar acciones para mejorar los resultados de las Pruebas Saber 3°, 5°, 7°, 9° y 11 | S11: No. De acciones implementadas | T11: 1 | U11: 2 | V11: Incremento | W11: 0 | X11: 1 | Y11: 0.5 | Z11: 0.5 | BD11: Secretaria de Educación | BF11: E3. | BG11: Infraestructura, Planeación, Ambiente y Servicios Públicos | BK11: E1.P_C | BL11: CULTURA DE TODOS Y PARA TODOS | BN11: E1.P_A | BO11: TOCANCIPA BIEN EDUCADA | BP11: E1.P_A.MR3 | BQ11: Mantener las tasas de cobertura bruta por niveles | BS11: E1.P_A.MR1 | BT11: Mejorar los indicadores de resultado de las pruebas SABER en las Instituciones Educativas del Municipio | BU11: E1.P_A.MR1-MP01-2 | BV11: Constituir el mecanismo de gestión y financiación contemplados en el PDM para la creación de un complejo Universitario en el Municipio cofinanciado con el departamento, la nación y universidades públicas y privadas nacionales y/o internacionales | BX11: E1.P_C | BY11: CULTURA DE TODOS Y PARA TODOS | BZ11: 1878153364 | CA11: 934669035 | CB11: 200000000 | CE11: 37177601 | CF11: 3050000000 | CG11: 1878153364 | CH11: 934669035 | CI11: 200000000 | CJ11: 0 | CK11: 0 | CL11: 37177601 | CM11: 3050000000 | CN11: 1878153364 | CO11: 934669035 | CP11: 200000000 | CQ11: 0 | CR11: 0 | CS11: 37177601 | CT11: 3050000000 | CU11: 1878153364 | CV11: 934669035 | CW11: 200000000 | CX11: 0 | CY11: 0 | CZ11: 37177601 | DA11: 3050000000 | DB11: 12200000000 | DC11: E1.P_A.MR1 - Mejorar los indicadores de resultado de las pruebas SABER en las Instituciones Educativas del Municipio (Restaurantes Escolares) | DD11: E1. - SOCIAL: Desarrollo Social con alta competitividad y proyección | DE11: E1.P_A - TOCANCIPA BIEN EDUCADA | DF11: Garantizar calidad, cobertura, eficiencia y pertinencia en la oferta Educativa Municipal | DH11: E1.P_A.MR1-MP01-2 - Constituir el mecanismo de gestión y financiación contemplados en el PDM para la creación de un complejo Universitario en el Municipio cofinanciado con el departamento, la nación | DI11: E1. - SOCIAL: Desarrollo Social con alta competitividad y proyección | DJ11: E1.P_A - TOCANCIPA BIEN EDUCADA | DK11: Garantizar calidad, cobertura, eficiencia y pertinencia en la oferta Educativa Municipal | DL11: E1.P_A.MR1 - Mejorar los indicadores de resultado de las pruebas SABER en las Instituciones Educativas del Municipio | DN11: E1.P_A.MR2 | DO11: Disminuir el número de estudiantes por equipo de cómputo | DQ11: E1.P_A.MR1-MP01-2 | DR11: Constituir el mecanismo de gestión y financiación contemplados en el PDM para la creación de un complejo Universitario en el Municipio cofinanciado con el departamento, la nación y universidades públicas y privadas nacionales y/o internacionales | DT11: =+LEFT(DU11,10) -> E1.P_A.MR1 | DU11: E1.P_A.MR1 - Mejorar los indicadores de resultado de las pruebas SABER en las Instituciones Educativas del Municipio (Restaurantes Escolares) | DV11: E1. - SOCIAL: Desarrollo Social con alta competitividad y proyección | DW11: Mejorar las condiciones de calidad de vida de toda la población del territorio y especialmente en los sectores más vulnerables, garantizando el acceso a sus derechos sociales, individuales y colectrivos en Educación, Salud, Cultura, Recreación y Deporte | DX11: Educación | DY11: E1.P_A - TOCANCIPA BIEN EDUCADA | DZ11: Garantizar calidad, cobertura, eficiencia y pertinencia en la oferta Educativa Municipal | EB11: E1.P_A.MR1 | EC11: Mejorar los indicadores de resultado de las pruebas SABER en las Instituciones Educativas del Municipio (Restaurantes Escolares) | ED11: Índice de resultado pruebas SABER | EE11: 0 | EF11: 10 | EL11: E1.P_A.MR1-MP02-1 | EM11: implementar acciones para mejorar los resultados de las Pruebas Saber 3°, 5°, 7°, 9° y 11 | EN11: No. De acciones implementadas | EO11: 1 | EP11: 2 | EQ11: 0 | ER11: 0.5 | ES11: 0.5 | ET11: 1
A12: E1. | B12: SOCIAL: Desarrollo Social con alta competitividad y proyección | C12: Mejorar las condiciones de calidad de vida de toda la población del territorio y especialmente en los sectores más vulnerables, garantizando el acceso a sus derechos sociales, individuales y colectrivos en Educación, Salud, Cultura, Recreación y Deporte | E12: P_A | F12: =+CONCATENATE(A12,E12) -> E1.P_A | G12: TOCANCIPA BIEN EDUCADA | H12: Garantizar calidad, cobertura, eficiencia y pertinencia en la oferta Educativa Municipal | J12: MR1 | K12: =+CONCATENATE(F12,".",J12) -> E1.P_A.MR1 | L12: Mejorar los indicadores de resultado de las pruebas SABER en las Instituciones Educativas del Municipio | M12: Índice de resultado pruebas SABER | N12: 0 | O12: 0.1 | P12: MP03-1 | Q12: =+CONCATENATE(K12,"-",P12) -> E1.P_A.MR1-MP03-1 | R12: Mantener la cobertura del servicio de transporte escolar | S12: Tasa de Cobertura de Transporte Escolar según distancia legal para los estudiantes que lo requieren | T12: 0.98 | U12: 0.98 | V12: Mantenimiento | W12: 0.98 | X12: 0.98 | Y12: 0.98 | Z12: 0.98 | BD12: Secretaria de Educación | BF12: E4. | BG12: Seguridad y Justicia, La Integración Comunitaria y la Administración Pública son con la Gente y por la Gente | BK12: E1.P_D | BL12: DEPORTE Y RECREACIÓN PARA EL MEJORAMIENTO DE LA CALIDAD DE VIDA Y LA SANA CONVIVENCIA | BN12: E1.P_A | BO12: TOCANCIPA BIEN EDUCADA | BP12: E1.P_A.MR4 | BQ12: Mejorar el perfil ocupacional de la población | BS12: E1.P_A.MR1 | BT12: Mejorar los indicadores de resultado de las pruebas SABER en las Instituciones Educativas del Municipio | BU12: E1.P_A.MR1-MP02-1 | BV12: implementar acciones para mejorar los resultados de las Pruebas Saber 3°, 5°, 7°, 9° y 11 | BX12: E1.P_D | BY12: DEPORTE Y RECREACIÓN PARA EL MEJORAMIENTO DE LA CALIDAD DE VIDA Y LA SANA CONVIVENCIA | BZ12: 717603684 | CA12: 1146292679 | CB12: 100000000 | CE12: 104103637 | CF12: 2068000000 | CG12: 717603684 | CH12: 1146292679 | CI12: 100000000 | CJ12: 0 | CK12: 0 | CL12: 104103637 | CM12: 2068000000 | CN12: 717603684 | CO12: 1146292679 | CP12: 100000000 | CQ12: 0 | CR12: 0 | CS12: 104103637 | CT12: 2068000000 | CU12: 717603684 | CV12: 1146292679 | CW12: 100000000 | CX12: 0 | CY12: 0 | CZ12: 104103637 | DA12: 2068000000 | DB12: 8272000000 | DC12: E1.P_A.MR2 - Disminuir el número de estudiantes por equipo de cómputo | DD12: E1. - SOCIAL: Desarrollo Social con alta competitividad y proyección | DE12: E1.P_A - TOCANCIPA BIEN EDUCADA | DF12: Garantizar calidad, cobertura, eficiencia y pertinencia en la oferta Educativa Municipal | DH12: E1.P_A.MR1-MP02-1 - implementar acciones para mejorar los resultados de las Pruebas Saber 3°, 5°, 7°, 9° y 11 | DI12: E1. - SOCIAL: Desarrollo Social con alta competitividad y proyección | DJ12: E1.P_A - TOCANCIPA BIEN EDUCADA | DK12: Garantizar calidad, cobertura, eficiencia y pertinencia en la oferta Educativa Municipal | DL12: E1.P_A.MR1 - Mejorar los indicadores de resultado de las pruebas SABER en las Instituciones Educativas del Municipio | DN12: E1.P_A.MR3 | DO12: Mantener las tasas de cobertura bruta por niveles | DQ12: E1.P_A.MR1-MP02-1 | DR12: implementar acciones para mejorar los resultados de las Pruebas Saber 3°, 5°, 7°, 9° y 11 | DT12: =+LEFT(DU12,10) -> E1.P_A.MR2 | DU12: E1.P_A.MR2 - Disminuir el número de estudiantes por equipo de cómputo | DV12: E1. - SOCIAL: Desarrollo Social con alta competitividad y proyección | DW12: Mejorar las condiciones de calidad de vida de toda la población del territorio y especialmente en los sectores más vulnerables, garantizando el acceso a sus derechos sociales, individuales y colectrivos en Educación, Salud, Cultura, Recreación y Deporte | DX12: Educación | DY12: E1.P_A - TOCANCIPA BIEN EDUCADA | DZ12: Garantizar calidad, cobertura, eficiencia y pertinencia en la oferta Educativa Municipal | EB12: E1.P_A.MR2 | EC12: Disminuir el número de estudiantes por equipo de cómputo | ED12: No. de estudiantes por equipo de cómputo | EE12: 3 | EF12: 2 | EL12: E1.P_A.MR1-MP03-1 | EM12: Mantener la cobertura del servicio de transporte escolar | EN12: Tasa de Cobertura de Transporte Escolar según distancia legal para los estudiantes que lo requieren (%) | EO12: 98 | EP12: 98 | EQ12: 98 | ER12: 98 | ES12: 98 | ET12: 98
A13: E1. | B13: SOCIAL: Desarrollo Social con alta competitividad y proyección | C13: Mejorar las condiciones de calidad de vida de toda la población del territorio y especialmente en los sectores más vulnerables, garantizando el acceso a sus derechos sociales, individuales y colectrivos en Educación, Salud, Cultura, Recreación y Deporte | E13: P_A | F13: =+CONCATENATE(A13,E13) -> E1.P_A | G13: TOCANCIPA BIEN EDUCADA | H13: Garantizar calidad, cobertura, eficiencia y pertinencia en la oferta Educativa Municipal | J13: MR1 | K13: =+CONCATENATE(F13,".",J13) -> E1.P_A.MR1 | L13: Mejorar los indicadores de resultado de las pruebas SABER en las Instituciones Educativas del Municipio | M13: Índice de resultado pruebas SABER | N13: 0 | O13: 0.1 | P13: MP04-1 | Q13: =+CONCATENATE(K13,"-",P13) -> E1.P_A.MR1-MP04-1 | R13: Implementar semilleros de investigación en tecnología e innovación | S13: No. de semilleros de investigación en tecnología e innovación implementados | T13: 0 | U13: 3 | V13: Incremento | W13: 0.5 | X13: 0.5 | Y13: 1 | Z13: 1 | BD13: Secretaria de Educación | BK13: E1.P_E | BL13: ATENCIÓN INTEGRAL DEL ADULTO MAYOR | BN13: E1.P_A | BO13: TOCANCIPA BIEN EDUCADA | BP13: E1.P_A.MR5 | BQ13: Desarrollar una estrategia para fomentar el acceso de la población a la educación técnica, tecnológica y profesional | BS13: E1.P_A.MR1 | BT13: Mejorar los indicadores de resultado de las pruebas SABER en las Instituciones Educativas del Municipio | BU13: E1.P_A.MR1-MP03-1 | BV13: Mantener la cobertura del servicio de transporte escolar | BX13: E1.P_E | BY13: ATENCIÓN INTEGRAL DEL ADULTO MAYOR | BZ13: 240000000 | CB13: 0 | CF13: 240000000 | CG13: 240000000 | CH13: 0 | CI13: 0 | CJ13: 0 | CK13: 0 | CL13: 0 | CM13: 240000000 | CN13: 240000000 | CO13: 0 | CP13: 0 | CQ13: 0 | CR13: 0 | CS13: 0 | CT13: 240000000 | CU13: 240000000 | CV13: 0 | CW13: 0 | CX13: 0 | CY13: 0 | CZ13: 0 | DA13: 240000000 | DB13: 960000000 | DC13: E1.P_A.MR3 - Mantener las tasas de cobertura bruta por niveles | DD13: E1. - SOCIAL: Desarrollo Social con alta competitividad y proyección | DE13: E1.P_A - TOCANCIPA BIEN EDUCADA | DF13: Garantizar calidad, cobertura, eficiencia y pertinencia en la oferta Educativa Municipal | DH13: E1.P_A.MR1-MP03-1 - Mantener la cobertura del servicio de transporte escolar | DI13: E1. - SOCIAL: Desarrollo Social con alta competitividad y proyección | DJ13: E1.P_A - TOCANCIPA BIEN EDUCADA | DK13: Garantizar calidad, cobertura, eficiencia y pertinencia en la oferta Educativa Municipal | DL13: E1.P_A.MR1 - Mejorar los indicadores de resultado de las pruebas SABER en las Instituciones Educativas del Municipio | DN13: E1.P_A.MR4 | DO13: Mejorar el perfil ocupacional de la población | DQ13: E1.P_A.MR1-MP03-1 | DR13: Mantener la cobertura del servicio de transporte escolar | DT13: =+LEFT(DU13,10) -> E1.P_A.MR3 | DU13: E1.P_A.MR3 - Mantener las tasas de cobertura bruta por niveles | DV13: E1. - SOCIAL: Desarrollo Social con alta competitividad y proyección | DW13: Mejorar las condiciones de calidad de vida de toda la población del territorio y especialmente en los sectores más vulnerables, garantizando el acceso a sus derechos sociales, individuales y colectrivos en Educación, Salud, Cultura, Recreación y Deporte | DX13: Educación | DY13: E1.P_A - TOCANCIPA BIEN EDUCADA | DZ13: Garantizar calidad, cobertura, eficiencia y pertinencia en la oferta Educativa Municipal | EB13: E1.P_A.MR3 | EC13: Mantener las tasas de cobertura bruta por niveles | ED13: Tasa de cobertura transición Tasa de cobertura primaria Tasa de cobertura secundaria Tasa de cobertura media | EE13: 104% 108% 126% 90,83% | EF13: 104% 108% 126% 90,83% | EL13: E1.P_A.MR1-MP04-1 | EM13: Implementar semilleros de investigación en tecnología e innovación | EN13: No. de semilleros de investigación en tecnología e innovación implementados | EO13: 0 | EP13: 3 | EQ13: 0.5 | ER13: 0.5 | ES13: 1 | ET13: 1
A14: E1. | B14: SOCIAL: Desarrollo Social con alta competitividad y proyección | C14: Mejorar las condiciones de calidad de vida de toda la población del territorio y especialmente en los sectores más vulnerables, garantizando el acceso a sus derechos sociales, individuales y colectrivos en Educación, Salud, Cultura, Recreación y Deporte | E14: P_A | F14: =+CONCATENATE(A14,E14) -> E1.P_A | G14: TOCANCIPA BIEN EDUCADA | H14: Garantizar calidad, cobertura, eficiencia y pertinencia en la oferta Educativa Municipal | J14: MR1 | K14: =+CONCATENATE(F14,".",J14) -> E1.P_A.MR1 | L14: Mejorar los indicadores de resultado de las pruebas SABER en las Instituciones Educativas del Municipio | M14: Índice de resultado pruebas SABER | N14: 0 | O14: 0.1 | P14: MP05-1 | Q14: =+CONCATENATE(K14,"-",P14) -> E1.P_A.MR1-MP05-1 | R14: Mantener las Dotaciones de las I.E.D en Infraestructura Educativa y en Material y Medios Pedagógicos para el Aprendizaje | S14: No. de instituciones dotadas | T14: 3 | U14: 3 | V14: Mantenimiento | W14: 3 | X14: 3 | Y14: 3 | Z14: 3 | BD14: Secretaria de Educación | BK14: E1.P_F | BL14: PRIMERA INFANCIA, INFANCIA, ADOLESCENCIA Y JUVENTUD CON DESARROLLO Y PROYECCIÓN | BN14: E1.P_B | BO14: SALUD CON ATENCIÓN DIGNA, PRIORITARIA Y DE CALIDAD | BP14: E1.P_B.MR1 | BQ14: Terminación, equipamiento y operación del Hospital Municipal | BS14: E1.P_A.MR1 | BT14: Mejorar los indicadores de resultado de las pruebas SABER en las Instituciones Educativas del Municipio | BU14: E1.P_A.MR1-MP04-1 | BV14: Implementar semilleros de investigación en tecnología e innovación | BX14: E1.P_F | BY14: PRIMERA INFANCIA, INFANCIA, ADOLESCENCIA Y JUVENTUD CON DESARROLLO Y PROYECCIÓN | BZ14: 1566108662 | CA14: 1384562012 | CB14: 0 | CE14: 110329326 | CF14: 3061000000 | CG14: 1566108662 | CH14: 1384562012 | CI14: 0 | CJ14: 0 | CK14: 0 | CL14: 110329326 | CM14: 3061000000 | CN14: 1566108662 | CO14: 1384562012 | CP14: 0 | CQ14: 0 | CR14: 0 | CS14: 110329326 | CT14: 3061000000 | CU14: 1566108662 | CV14: 1384562012 | CW14: 0 | CX14: 0 | CY14: 0 | CZ14: 110329326 | DA14: 3061000000 | DB14: 12244000000 | DC14: E1.P_A.MR4 - Mejorar el perfil ocupacional de la población | DD14: E1. - SOCIAL: Desarrollo Social con alta competitividad y proyección | DE14: E1.P_A - TOCANCIPA BIEN EDUCADA | DF14: Garantizar calidad, cobertura, eficiencia y pertinencia en la oferta Educativa Municipal | DH14: E1.P_A.MR1-MP04-1 - Implementar semilleros de investigación en tecnología e innovación | DI14: E1. - SOCIAL: Desarrollo Social con alta competitividad y proyección | DJ14: E1.P_A - TOCANCIPA BIEN EDUCADA | DK14: Garantizar calidad, cobertura, eficiencia y pertinencia en la oferta Educativa Municipal | DL14: E1.P_A.MR1 - Mejorar los indicadores de resultado de las pruebas SABER en las Instituciones Educativas del Municipio | DN14: E1.P_A.MR5 | DO14: Desarrollar una estrategia para fomentar el acceso de la población a la educación técnica, tecnológica y profesional | DQ14: E1.P_A.MR1-MP04-1 | DR14: Implementar semilleros de investigación en tecnología e innovación | DT14: =+LEFT(DU14,10) -> E1.P_A.MR4 | DU14: E1.P_A.MR4 - Mejorar el perfil ocupacional de la población | DV14: E1. - SOCIAL: Desarrollo Social con alta competitividad y proyección | DW14: Mejorar las condiciones de calidad de vida de toda la población del territorio y especialmente en los sectores más vulnerables, garantizando el acceso a sus derechos sociales, individuales y colectrivos en Educación, Salud, Cultura, Recreación y Deporte | DX14: Educación | DY14: E1.P_A - TOCANCIPA BIEN EDUCADA | DZ14: Garantizar calidad, cobertura, eficiencia y pertinencia en la oferta Educativa Municipal | EB14: E1.P_A.MR4 | EC14: Mejorar el perfil ocupacional de la población | ED14: Índice de perfil ocupacional | EE14: 0 | EF14: 4 | EL14: E1.P_A.MR1-MP05-1 | EM14: Mantener las Dotaciones de las I.E.D en Infraestructura Educativa y en Material y Medios Pedagógicos para el Aprendizaje | EN14: No. de instituciones dotadas | EO14: 3 | EP14: 3 | EQ14: 3 | ER14: 3 | ES14: 3 | ET14: 3
A15: E1. | B15: SOCIAL: Desarrollo Social con alta competitividad y proyección | C15: Mejorar las condiciones de calidad de vida de toda la población del territorio y especialmente en los sectores más vulnerables, garantizando el acceso a sus derechos sociales, individuales y colectrivos en Educación, Salud, Cultura, Recreación y Deporte | E15: P_A | F15: =+CONCATENATE(A15,E15) -> E1.P_A | G15: TOCANCIPA BIEN EDUCADA | H15: Garantizar calidad, cobertura, eficiencia y pertinencia en la oferta Educativa Municipal | J15: MR1 | K15: =+CONCATENATE(F15,".",J15) -> E1.P_A.MR1 | L15: Mejorar los indicadores de resultado de las pruebas SABER en las Instituciones Educativas del Municipio | M15: Índice de resultado pruebas SABER | N15: 0 | O15: 0.1 | P15: MP06-1 | Q15: =+CONCATENATE(K15,"-",P15) -> E1.P_A.MR1-MP06-1 | R15: Mantener la infraestructura educativa y recursos de aprendizaje de las I.E.D | S15: No. de I.E.D a las que se ha realizado mantenimiento | T15: 3 | U15: 3 | V15: Mantenimiento | W15: 3 | X15: 3 | Y15: 3 | Z15: 3 | BD15: Secretaria de Educación | BK15: E1.P_G | BL15: EMPODERAMIENTO E INCLUSIÓN DE GÉNERO Y POBLACIÓN LGTBI | BN15: E1.P_B | BO15: SALUD CON ATENCIÓN DIGNA, PRIORITARIA Y DE CALIDAD | BP15: E1.P_B.MR2 | BQ15: Mantener el programa de aseguramiento SGSSS y fortalecer la prestación de servicios de salud | BS15: E1.P_A.MR1 | BT15: Mejorar los indicadores de resultado de las pruebas SABER en las Instituciones Educativas del Municipio | BU15: E1.P_A.MR1-MP05-1 | BV15: Mantener las Dotaciones de las I.E.D en Infraestructura Educativa y en Material y Medios Pedagógicos para el Aprendizaje | BX15: E1.P_G | BY15: EMPODERAMIENTO E INCLUSIÓN DE GÉNERO Y POBLACIÓN LGTBI | BZ15: 120000000 | CB15: 0 | CF15: 120000000 | CG15: 120000000 | CH15: 0 | CI15: 0 | CJ15: 0 | CK15: 0 | CL15: 0 | CM15: 120000000 | CN15: 120000000 | CO15: 0 | CP15: 0 | CQ15: 0 | CR15: 0 | CS15: 0 | CT15: 120000000 | CU15: 120000000 | CV15: 0 | CW15: 0 | CX15: 0 | CY15: 0 | CZ15: 0 | DA15: 120000000 | DB15: 480000000 | DC15: E1.P_A.MR5 - Desarrollar una estrategia para fomentar el acceso de la población a la educación técnica, tecnológica y profesional | DD15: E1. - SOCIAL: Desarrollo Social con alta competitividad y proyección | DE15: E1.P_A - TOCANCIPA BIEN EDUCADA | DF15: Garantizar calidad, cobertura, eficiencia y pertinencia en la oferta Educativa Municipal | DH15: E1.P_A.MR1-MP05-1 - Mantener las Dotaciones de las I.E.D en Infraestructura Educativa y en Material y Medios Pedagógicos para el Aprendizaje | DI15: E1. - SOCIAL: Desarrollo Social con alta competitividad y proyección | DJ15: E1.P_A - TOCANCIPA BIEN EDUCADA | DK15: Garantizar calidad, cobertura, eficiencia y pertinencia en la oferta Educativa Municipal | DL15: E1.P_A.MR1 - Mejorar los indicadores de resultado de las pruebas SABER en las Instituciones Educativas del Municipio | DN15: E1.P_B.MR1 | DO15: Terminación, equipamiento y operación del Hospital Municipal | DQ15: E1.P_A.MR1-MP05-1 | DR15: Mantener las Dotaciones de las I.E.D en Infraestructura Educativa y en Material y Medios Pedagógicos para el Aprendizaje | DT15: =+LEFT(DU15,10) -> E1.P_A.MR5 | DU15: E1.P_A.MR5 - Desarrollar una estrategia para fomentar el acceso de la población a la educación técnica, tecnológica y profesional | DV15: E1. - SOCIAL: Desarrollo Social con alta competitividad y proyección | DW15: Mejorar las condiciones de calidad de vida de toda la población del territorio y especialmente en los sectores más vulnerables, garantizando el acceso a sus derechos sociales, individuales y colectrivos en Educación, Salud, Cultura, Recreación y Deporte | DX15: Educación | DY15: E1.P_A - TOCANCIPA BIEN EDUCADA | DZ15: Garantizar calidad, cobertura, eficiencia y pertinencia en la oferta Educativa Municipal | EB15: E1.P_A.MR5 | EC15: Desarrollar una estrategia para fomentar el acceso de la población a la educación técnica, tecnológica y profesional | ED15: Estrategia desarrollada | EE15: 0 | EF15: 1 | EL15: E1.P_A.MR1-MP06-1 | EM15: Mantener la infraestructura educativa y recursos de aprendizaje de las I.E.D | EN15: No. de I.E.D a las que se ha realizado mantenimiento | EO15: 3 | EP15: 3 | EQ15: 3 | ER15: 3 | ES15: 3 | ET15: 3
A16: E1. | B16: SOCIAL: Desarrollo Social con alta competitividad y proyección | C16: Mejorar las condiciones de calidad de vida de toda la población del territorio y especialmente en los sectores más vulnerables, garantizando el acceso a sus derechos sociales, individuales y colectrivos en Educación, Salud, Cultura, Recreación y Deporte | E16: P_A | F16: =+CONCATENATE(A16,E16) -> E1.P_A | G16: TOCANCIPA BIEN EDUCADA | H16: Garantizar calidad, cobertura, eficiencia y pertinencia en la oferta Educativa Municipal | J16: MR1 | K16: =+CONCATENATE(F16,".",J16) -> E1.P_A.MR1 | L16: Mejorar los indicadores de resultado de las pruebas SABER en las Instituciones Educativas del Municipio | M16: Índice de resultado pruebas SABER | N16: 0 | O16: 0.1 | P16: MP07-1 | Q16: =+CONCATENATE(K16,"-",P16) -> E1.P_A.MR1-MP07-1 | R16: Realizar procesos de apoyo y acompañamiento a las Instituciones Educativas Oficiales en su operación institucional | S16: No. de Instituciones Educativas Oficiales apoyadas y acompañadas | T16: 3 | U16: 3 | V16: Mantenimiento | W16: 3 | X16: 3 | Y16: 3 | Z16: 3 | BD16: Secretaria de Educación | BK16: E1.P_H | BL16: VICTIMAS DEL CONFLICTO ARMADO Y POSTCONFLICTO | BN16: E1.P_B | BO16: SALUD CON ATENCIÓN DIGNA, PRIORITARIA Y DE CALIDAD | BP16: E1.P_B.MR3 | BQ16: Implementar el 100% de los componentes priorizados de cada una de las dimensiones del Plan Decenal de Salud Pública en el Territorio (20 componentes) | BS16: E1.P_A.MR1 | BT16: Mejorar los indicadores de resultado de las pruebas SABER en las Instituciones Educativas del Municipio | BU16: E1.P_A.MR1-MP06-1 | BV16: Mantener la infraestructura educativa y recursos de aprendizaje de las I.E.D | BX16: E1.P_H | BY16: VICTIMAS DEL CONFLICTO ARMADO Y POSTCONFLICTO | BZ16: 100000000 | CB16: 0 | CF16: 100000000 | CG16: 100000000 | CH16: 0 | CI16: 0 | CJ16: 0 | CK16: 0 | CL16: 0 | CM16: 100000000 | CN16: 100000000 | CO16: 0 | CP16: 0 | CQ16: 0 | CR16: 0 | CS16: 0 | CT16: 100000000 | CU16: 100000000 | CV16: 0 | CW16: 0 | CX16: 0 | CY16: 0 | CZ16: 0 | DA16: 100000000 | DB16: 400000000 | DC16: E1.P_B.MR1 - Terminación, equipamiento y operación del Hospital Municipal | DD16: E1. - SOCIAL: Desarrollo Social con alta competitividad y proyección | DE16: E1.P_B - SALUD CON ATENCIÓN DIGNA, PRIORITARIA Y DE CALIDAD | DF16: Desarrollar acciones para fortalecer las condiciones del sistema de salud, que Garantice una atención digna, prioritaria y de calidad para todos | DH16: E1.P_A.MR1-MP06-1 - Mantener la infraestructura educativa y recursos de aprendizaje de las I.E.D | DI16: E1. - SOCIAL: Desarrollo Social con alta competitividad y proyección | DJ16: E1.P_A - TOCANCIPA BIEN EDUCADA | DK16: Garantizar calidad, cobertura, eficiencia y pertinencia en la oferta Educativa Municipal | DL16: E1.P_A.MR1 - Mejorar los indicadores de resultado de las pruebas SABER en las Instituciones Educativas del Municipio | DN16: E1.P_B.MR2 | DO16: Mantener el programa de aseguramiento SGSSS y fortalecer la prestación de servicios de salud | DQ16: E1.P_A.MR1-MP06-1 | DR16: Mantener la infraestructura educativa y recursos de aprendizaje de las I.E.D | DT16: =+LEFT(DU16,10) -> E1.P_B.MR1 | DU16: E1.P_B.MR1 - Terminación, equipamiento y operación del Hospital Municipal | DV16: E1. - SOCIAL: Desarrollo Social con alta competitividad y proyección | DW16: Mejorar las condiciones de calidad de vida de toda la población del territorio y especialmente en los sectores más vulnerables, garantizando el acceso a sus derechos sociales, individuales y colectrivos en Educación, Salud, Cultura, Recreación y Deporte | DX16: Salud | DY16: E1.P_B - SALUD CON ATENCIÓN DIGNA, PRIORITARIA Y DE CALIDAD | DZ16: Desarrollar acciones para fortalecer las condiciones del sistema de salud, que Garantice una atención digna, prioritaria y de calidad para todos | EB16: E1.P_B.MR1 | EC16: Terminación, equipamiento y operación del Hospital Municipal | ED16: Hospital Terminado, equipado y en operación | EE16: 20 | EF16: 100 | EL16: E1.P_A.MR1-MP07-1 | EM16: Realizar procesos de apoyo y acompañamiento a las Instituciones Educativas Oficiales en su operación institucional | EN16: No. de Instituciones Educativas Oficiales apoyadas y acompañadas | EO16: 3 | EP16: 3 | EQ16: 3 | ER16: 3 | ES16: 3 | ET16: 3
A17: E1. | B17: SOCIAL: Desarrollo Social con alta competitividad y proyección | C17: Mejorar las condiciones de calidad de vida de toda la población del territorio y especialmente en los sectores más vulnerables, garantizando el acceso a sus derechos sociales, individuales y colectrivos en Educación, Salud, Cultura, Recreación y Deporte | E17: P_A | F17: =+CONCATENATE(A17,E17) -> E1.P_A | G17: TOCANCIPA BIEN EDUCADA | H17: Garantizar calidad, cobertura, eficiencia y pertinencia en la oferta Educativa Municipal | I17: 2016-25817-0051 Desarrollo del programa Restaurantes Escolares en el Municipio de Tocancipá, Cundinamarca, Centro Oriente | J17: MR1 | K17: =+CONCATENATE(F17,".",J17) -> E1.P_A.MR1 | L17: Mejorar los indicadores de resultado de las pruebas SABER en las Instituciones Educativas del Municipio (Restaurantes Escolares) | M17: Índice de resultado pruebas SABER | N17: 0 | O17: 0.1 | P17: MP08-1 | Q17: =+CONCATENATE(K17,"-",P17) -> E1.P_A.MR1-MP08-1 | R17: Realizar acciones para fortalecer la estrategia de complementación alimentaria y nutricional de calidad (refrigerios y restaurante escolar) para la población a la luz de criterios del Plan de Seguridad Alimentaria y Nutricional Departamental -PSAIN | S17: N° de acciones realizadas | T17: 0 | U17: 3 | V17: Incremento | W17: 0 | X17: 1 | Y17: 1 | Z17: 1 | BD17: Secretaria de Educación | BK17: E1.P_I | BL17: REDUCCIÓN DE LA POBREZA EXTREMA | BN17: E1.P_C | BO17: CULTURA DE TODOS Y PARA TODOS | BP17: E1.P_C.MR1 | BQ17: Ampliar a 3700 el número de personas que accede anualmente a los programas de formación artística y cultural (L.B. 3630) | BS17: E1.P_A.MR1 | BT17: Mejorar los indicadores de resultado de las pruebas SABER en las Instituciones Educativas del Municipio | BU17: E1.P_A.MR1-MP07-1 | BV17: Realizar procesos de apoyo y acompañamiento a las Instituciones Educativas Oficiales en su operación institucional | BX17: E1.P_I | BY17: REDUCCIÓN DE LA POBREZA EXTREMA | BZ17: 279000000 | CB17: 0 | CF17: 279000000 | CG17: 279000000 | CH17: 0 | CI17: 0 | CJ17: 0 | CK17: 0 | CL17: 0 | CM17: 279000000 | CN17: 279000000 | CO17: 0 | CP17: 0 | CQ17: 0 | CR17: 0 | CS17: 0 | CT17: 279000000 | CU17: 279000000 | CV17: 0 | CW17: 0 | CX17: 0 | CY17: 0 | CZ17: 0 | DA17: 279000000 | DB17: 1116000000 | DC17: E1.P_B.MR2 - Mantener el programa de aseguramiento SGSSS y fortalecer la prestación de servicios de salud | DD17: E1. - SOCIAL: Desarrollo Social con alta competitividad y proyección | DE17: E1.P_B - SALUD CON ATENCIÓN DIGNA, PRIORITARIA Y DE CALIDAD | DF17: Desarrollar acciones para fortalecer las condiciones del sistema de salud, que Garantice una atención digna, prioritaria y de calidad para todos | DH17: E1.P_A.MR1-MP07-1 - Realizar procesos de apoyo y acompañamiento a las Instituciones Educativas Oficiales en su operación institucional | DI17: E1. - SOCIAL: Desarrollo Social con alta competitividad y proyección | DJ17: E1.P_A - TOCANCIPA BIEN EDUCADA | DK17: Garantizar calidad, cobertura, eficiencia y pertinencia en la oferta Educativa Municipal | DL17: E1.P_A.MR1 - Mejorar los indicadores de resultado de las pruebas SABER en las Instituciones Educativas del Municipio | DN17: E1.P_B.MR3 | DO17: Implementar el 100% de los componentes priorizados de cada una de las dimensiones del Plan Decenal de Salud Pública en el Territorio (20 componentes) | DQ17: E1.P_A.MR1-MP07-1 | DR17: Realizar procesos de apoyo y acompañamiento a las Instituciones Educativas Oficiales en su operación institucional | DT17: =+LEFT(DU17,10) -> E1.P_B.MR2 | DU17: E1.P_B.MR2 - Mantener el programa de aseguramiento SGSSS y fortalecer la prestación de servicios de salud | DV17: E1. - SOCIAL: Desarrollo Social con alta competitividad y proyección | DW17: Mejorar las condiciones de calidad de vida de toda la población del territorio y especialmente en los sectores más vulnerables, garantizando el acceso a sus derechos sociales, individuales y colectrivos en Educación, Salud, Cultura, Recreación y Deporte | DX17: Salud | DY17: E1.P_B - SALUD CON ATENCIÓN DIGNA, PRIORITARIA Y DE CALIDAD | DZ17: Desarrollar acciones para fortalecer las condiciones del sistema de salud, que Garantice una atención digna, prioritaria y de calidad para todos | EB17: E1.P_B.MR2 | EC17: Mantener el programa de aseguramiento SGSSS y fortalecer la prestación de servicios de salud | ED17: Programa de aseguramiento mantenido | EE17: 5295 | EF17: 5295 | EL17: E1.P_A.MR1-MP08-1 | EM17: Realizar acciones para fortalecer la estrategia de complementación alimentaria y nutricional de calidad (refrigerios y restaurante escolar) para la población a la luz de criterios del Plan de Seguridad Alimentaria y Nutricional Departamental -PSAIN | EN17: N° de acciones realizadas | EO17: 0 | EP17: 3 | EQ17: 1 | ER17: 0.66 | ES17: 0.66 | ET17: 0.68
A18: E1. | B18: SOCIAL: Desarrollo Social con alta competitividad y proyección | C18: Mejorar las condiciones de calidad de vida de toda la población del territorio y especialmente en los sectores más vulnerables, garantizando el acceso a sus derechos sociales, individuales y colectrivos en Educación, Salud, Cultura, Recreación y Deporte | E18: P_A | F18: =+CONCATENATE(A18,E18) -> E1.P_A | G18: TOCANCIPA BIEN EDUCADA | H18: Garantizar calidad, cobertura, eficiencia y pertinencia en la oferta Educativa Municipal | I18: 2016-25817-0026 Fortalecimiento de la enseñanza mediante ambientes digitales y cualificación docente en el Municipio de Tocancipá, Cundinamarca, Centro Oriente | J18: MR2 | K18: =+CONCATENATE(F18,".",J18) -> E1.P_A.MR2 | L18: Disminuir el número de estudiantes por equipo de cómputo | M18: No. de estudiantes por equipo de cómputo | N18: 3 | O18: 2 | P18: MP01-1 | Q18: =+CONCATENATE(K18,"-",P18) -> E1.P_A.MR2-MP01-1 | R18: Realizar acciones para mejorar la cualificación docente | S18: No. de acciones realizadas | T18: 0 | U18: 4 | V18: Incremento | W18: 1 | X18: 1 | Y18: 1 | Z18: 1 | BD18: Secretaria de Educación | BK18: E1.P_J | BL18: CAPACIDADES DIFERENCIALES | BN18: E1.P_D | BO18: DEPORTE Y RECREACIÓN PARA EL MEJORAMIENTO DE LA CALIDAD DE VIDA Y LA SANA CONVIVENCIA | BP18: E1.P_D.MR1 | BQ18: Ampliar a 1800 personas oficialmente inscritas, que se benefician con el programa de Escuelas Deportivas del Municipio | BS18: E1.P_A.MR1 | BT18: Mejorar los indicadores de resultado de las pruebas SABER en las Instituciones Educativas del Municipio | BU18: E1.P_A.MR1-MP08-1 | BV18: Realizar acciones para fortalecer la estrategia de complementación alimentaria y nutricional de calidad (refrigerios y restaurante escolar) para la población a la luz de criterios del Plan de Seguridad Alimentaria y Nutricional Departamental -PSAIN | BX18: E1.P_J | BY18: CAPACIDADES DIFERENCIALES | BZ18: 240000000 | CB18: 0 | CF18: 240000000 | CG18: 240000000 | CH18: 0 | CI18: 0 | CJ18: 0 | CK18: 0 | CL18: 0 | CM18: 240000000 | CN18: 240000000 | CO18: 0 | CP18: 0 | CQ18: 0 | CR18: 0 | CS18: 0 | CT18: 240000000 | CU18: 240000000 | CV18: 0 | CW18: 0 | CX18: 0 | CY18: 0 | CZ18: 0 | DA18: 240000000 | DB18: 960000000 | DC18: E1.P_B.MR3 - Implementar el 100% de los componentes priorizados de cada una de las dimensiones del Plan Decenal de Salud Pública en el Territorio (20 componentes) | DD18: E1. - SOCIAL: Desarrollo Social con alta competitividad y proyección | DE18: E1.P_B - SALUD CON ATENCIÓN DIGNA, PRIORITARIA Y DE CALIDAD | DF18: Desarrollar acciones para fortalecer las condiciones del sistema de salud, que Garantice una atención digna, prioritaria y de calidad para todos | DH18: E1.P_A.MR1-MP08-1 - Realizar acciones para fortalecer la estrategia de complementación alimentaria y nutricional de calidad (refrigerios y restaurante escolar) para la población a la luz de criterios del Plan de Seguridad Alimentaria | DI18: E1. - SOCIAL: Desarrollo Social con alta competitividad y proyección | DJ18: E1.P_A - TOCANCIPA BIEN EDUCADA | DK18: Garantizar calidad, cobertura, eficiencia y pertinencia en la oferta Educativa Municipal | DL18: E1.P_A.MR1 - Mejorar los indicadores de resultado de las pruebas SABER en las Instituciones Educativas del Municipio | DN18: E1.P_C.MR1 | DO18: Ampliar a 3700 el número de personas que accede anualmente a los programas de formación artística y cultural (L.B. 3630) | DQ18: E1.P_A.MR1-MP08-1 | DR18: Realizar acciones para fortalecer la estrategia de complementación alimentaria y nutricional de calidad (refrigerios y restaurante escolar) para la población a la luz de criterios del Plan de Seguridad Alimentaria y Nutricional Departamental -PSAIN | DT18: =+LEFT(DU18,10) -> E1.P_B.MR3 | DU18: E1.P_B.MR3 - Implementar el 100% de los componentes priorizados de cada una de las dimensiones del Plan Decenal de Salud Pública en el Territorio (20 componentes) | DV18: E1. - SOCIAL: Desarrollo Social con alta competitividad y proyección | DW18: Mejorar las condiciones de calidad de vida de toda la población del territorio y especialmente en los sectores más vulnerables, garantizando el acceso a sus derechos sociales, individuales y colectrivos en Educación, Salud, Cultura, Recreación y Deporte | DX18: Salud | DY18: E1.P_B - SALUD CON ATENCIÓN DIGNA, PRIORITARIA Y DE CALIDAD | DZ18: Desarrollar acciones para fortalecer las condiciones del sistema de salud, que Garantice una atención digna, prioritaria y de calidad para todos | EB18: E1.P_B.MR3 | EC18: Implementar el 100% de los componentes priorizados de cada una de las dimensiones del Plan Decenal de Salud Pública en el Territorio (20 componentes) | ED18: Componentes implementados | EE18: 0 | EF18: 20 | EL18: E1.P_A.MR2-MP01-1 | EM18: Realizar acciones para mejorar la cualificación docente | EN18: No. de acciones realizadas | EO18: 0 | EP18: 4 | EQ18: 0 | ER18: 1 | ES18: 2 | ET18: 1
A19: E1. | B19: SOCIAL: Desarrollo Social con alta competitividad y proyección | C19: Mejorar las condiciones de calidad de vida de toda la población del territorio y especialmente en los sectores más vulnerables, garantizando el acceso a sus derechos sociales, individuales y colectrivos en Educación, Salud, Cultura, Recreación y Deporte | E19: P_A | F19: =+CONCATENATE(A19,E19) -> E1.P_A | G19: TOCANCIPA BIEN EDUCADA | H19: Garantizar calidad, cobertura, eficiencia y pertinencia en la oferta Educativa Municipal | J19: MR2 | K19: =+CONCATENATE(F19,".",J19) -> E1.P_A.MR2 | L19: Disminuir el número de estudiantes por equipo de cómputo | M19: No. de estudiantes por equipo de cómputo | N19: 3 | O19: 2 | P19: MP02-1 | Q19: =+CONCATENATE(K19,"-",P19) -> E1.P_A.MR2-MP02-1 | R19: Implementar una estrategia de “reconocimiento labor docente” | S19: No. de estrategias implementadas | T19: 0 | U19: 1 | V19: Incremento | W19: 0 | X19: 0.5 | Y19: 0.25 | Z19: 0.25 | BD19: Secretaria de Educación | BI19: E2. | BJ19: ECONÓMICO: Desarrollo Económico con alta competitividad y proyección | BK19: E2.P_A | BL19: EMPLEO DIGNO | BN19: E1.P_E | BO19: ATENCIÓN INTEGRAL DEL ADULTO MAYOR | BP19: E1.P_E.MR1 | BQ19: Ampliar la cobertura a 400 adultos Mayores que se benefician con los programas del Municipio | BS19: E1.P_A.MR2 | BT19: Disminuir el número de estudiantes por equipo de cómputo | BU19: E1.P_A.MR2-MP01-1 | BV19: Realizar acciones para mejorar la cualificación docente | BX19: E2.P_A | BY19: EMPLEO DIGNO | BZ19: 30000000 | CA19: 0 | CB19: 0 | CC19: 0 | CD19: 0 | CE19: 0 | CF19: 30000000 | CG19: 31050000 | CH19: 0 | CI19: 0 | CJ19: 0 | CK19: 0 | CL19: 0 | CM19: 31050000 | CN19: 32136750 | CO19: 0 | CP19: 0 | CQ19: 0 | CR19: 0 | CS19: 0 | CT19: 32136750 | CU19: 33261536 | CV19: 0 | CW19: 0 | CX19: 0 | CY19: 0 | CZ19: 0 | DA19: 33261536 | DB19: 1.2644829e+08 | DC19: E1.P_C.MR1 - Ampliar a 3700 el número de personas que accede anualmente a los programas de formación artística y cultural (L.B. 3630) | DD19: E1. - SOCIAL: Desarrollo Social con alta competitividad y proyección | DE19: E1.P_C - CULTURA DE TODOS Y PARA TODOS | DF19: Hacer de la cultura un eje integrador del desarrollo humano, la inclusión social y el aprovechamiento del tiempo libre en el municipio | DH19: E1.P_A.MR2-MP01-1 - Realizar acciones para mejorar la cualificación docente | DI19: E1. - SOCIAL: Desarrollo Social con alta competitividad y proyección | DJ19: E1.P_A - TOCANCIPA BIEN EDUCADA | DK19: Garantizar calidad, cobertura, eficiencia y pertinencia en la oferta Educativa Municipal | DL19: E1.P_A.MR2 - Disminuir el número de estudiantes por equipo de cómputo | DN19: E1.P_D.MR1 | DO19: Ampliar a 1800 personas oficialmente inscritas, que se benefician con el programa de Escuelas Deportivas del Municipio | DQ19: E1.P_A.MR2-MP01-1 | DR19: Realizar acciones para mejorar la cualificación docente | DT19: =+LEFT(DU19,10) -> E1.P_C.MR1 | DU19: E1.P_C.MR1 - Ampliar a 3700 el número de personas que accede anualmente a los programas de formación artística y cultural (L.B. 3630) | DV19: E1. - SOCIAL: Desarrollo Social con alta competitividad y proyección | DW19: Mejorar las condiciones de calidad de vida de toda la población del territorio y especialmente en los sectores más vulnerables, garantizando el acceso a sus derechos sociales, individuales y colectrivos en Educación, Salud, Cultura, Recreación y Deporte | DX19: Cultura | DY19: E1.P_C - CULTURA DE TODOS Y PARA TODOS | DZ19: Hacer de la cultura un eje integrador del desarrollo humano, la inclusión social y el aprovechamiento del tiempo libre en el municipio | EB19: E1.P_C.MR1 | EC19: Ampliar a 3700 el número de personas que accede anualmente a los programas de formación artística y cultural (L.B. 3630) | ED19: Cobertura ampliada | EE19: 3630 | EF19: 3700 | EL19: E1.P_A.MR2-MP02-1 | EM19: Implementar una estrategia de “reconocimiento labor docente” | EN19: No. de estrategias implementadas | EO19: 0 | EP19: 1 | EQ19: 0.25 | ER19: 0.25 | ES19: 0.25 | ET19: 0.25
A20: E1. | B20: SOCIAL: Desarrollo Social con alta competitividad y proyección | C20: Mejorar las condiciones de calidad de vida de toda la población del territorio y especialmente en los sectores más vulnerables, garantizando el acceso a sus derechos sociales, individuales y colectrivos en Educación, Salud, Cultura, Recreación y Deporte | E20: P_A | F20: =+CONCATENATE(A20,E20) -> E1.P_A | G20: TOCANCIPA BIEN EDUCADA | H20: Garantizar calidad, cobertura, eficiencia y pertinencia en la oferta Educativa Municipal | J20: MR2 | K20: =+CONCATENATE(F20,".",J20) -> E1.P_A.MR2 | L20: Disminuir el número de estudiantes por equipo de cómputo | M20: No. de estudiantes por equipo de cómputo | N20: 3 | O20: 2 | P20: MP03-1 | Q20: =+CONCATENATE(K20,"-",P20) -> E1.P_A.MR2-MP03-1 | R20: Mantener y fortalecer los ambientes digitales | S20: No. de ambientes mantenidos y fortalecidos | T20: 8 | U20: 8 | V20: Mantenimiento | W20: 8 | X20: 8 | Y20: 8 | Z20: 8 | BD20: Secretaria de Educación | BK20: E2.P_B | BL20: EMPRENDIMIENTO Y ASOCIATIVIDAD | BN20: E1.P_F | BO20: PRIMERA INFANCIA, INFANCIA, ADOLESCENCIA Y JUVENTUD CON DESARROLLO Y PROYECCIÓN | BP20: E1.P_F.MR1 | BQ20: Ampliar la Infraestructura para la atención de Primera Infancia, Infancia, Adolescencia y Juventud | BS20: E1.P_A.MR2 | BT20: Disminuir el número de estudiantes por equipo de cómputo | BU20: E1.P_A.MR2-MP02-1 | BV20: Implementar una estrategia de “reconocimiento labor docente” | BX20: E2.P_B | BY20: EMPRENDIMIENTO Y ASOCIATIVIDAD | BZ20: 231000000 | CA20: 0 | CB20: 100000000 | CC20: 0 | CD20: 0 | CE20: 0 | CF20: 331000000 | CG20: 2.39085e+08 | CH20: 0 | CI20: 1.035e+08 | CJ20: 0 | CK20: 0 | CL20: 0 | CM20: 3.42585e+08 | CN20: 2.4745297e+08 | CO20: 0 | CP20: 1.071225e+08 | CQ20: 0 | CR20: 0 | CS20: 0 | CT20: 3.5457547e+08 | CU20: 2.5611383e+08 | CV20: 0 | CW20: 1.1087179e+08 | CX20: 0 | CY20: 0 | CZ20: 0 | DA20: 3.6698562e+08 | DB20: 1.3951461e+09 | DC20: E1.P_D.MR1 - Ampliar a 1800 personas oficialmente inscritas, que se benefician con el programa de Escuelas Deportivas del Municipio | DD20: E1. - SOCIAL: Desarrollo Social con alta competitividad y proyección | DE20: E1.P_D - DEPORTE Y RECREACIÓN PARA EL MEJORAMIENTO DE LA CALIDAD DE VIDA Y LA SANA CONVIVENCIA | DF20: Mejorar las condiciones de práctica y competitividad del deporte municipal en el ámbito local, regional, departamental, nacional e internacional | DH20: E1.P_A.MR2-MP02-1 - Implementar una estrategia de “reconocimiento labor docente” | DI20: E1. - SOCIAL: Desarrollo Social con alta competitividad y proyección | DJ20: E1.P_A - TOCANCIPA BIEN EDUCADA | DK20: Garantizar calidad, cobertura, eficiencia y pertinencia en la oferta Educativa Municipal | DL20: E1.P_A.MR2 - Disminuir el número de estudiantes por equipo de cómputo | DN20: E1.P_E.MR1 | DO20: Ampliar la cobertura a 400 adultos Mayores que se benefician con los programas del Municipio | DQ20: E1.P_A.MR2-MP02-1 | DR20: Implementar una estrategia de “reconocimiento labor docente” | DT20: =+LEFT(DU20,10) -> E1.P_D.MR1 | DU20: E1.P_D.MR1 - Ampliar a 1800 personas oficialmente inscritas, que se benefician con el programa de Escuelas Deportivas del Municipio | DV20: E1. - SOCIAL: Desarrollo Social con alta competitividad y proyección | DW20: Mejorar las condiciones de calidad de vida de toda la población del territorio y especialmente en los sectores más vulnerables, garantizando el acceso a sus derechos sociales, individuales y colectrivos en Educación, Salud, Cultura, Recreación y Deporte | DX20: Deporte y Recreación | DY20: E1.P_D - DEPORTE Y RECREACIÓN PARA EL MEJORAMIENTO DE LA CALIDAD DE VIDA Y LA SANA CONVIVENCIA | DZ20: Mejorar las condiciones de práctica y competitividad del deporte municipal en el ámbito local, regional, departamental, nacional e internacional | EB20: E1.P_D.MR1 | EC20: Ampliar a 1800 personas oficialmente inscritas, que se benefician con el programa de Escuelas Deportivas del Municipio | ED20: Cobertura ampliada | EE20: 1400 | EF20: 1800 | EL20: E1.P_A.MR2-MP03-1 | EM20: Mantener y fortalecer los ambientes digitales | EN20: No. de ambientes mantenidos y fortalecidos | EO20: 8 | EP20: 8 | EQ20: 8 | ER20: 8 | ES20: 8 | ET20: 8
A21: E1. | B21: SOCIAL: Desarrollo Social con alta competitividad y proyección | C21: Mejorar las condiciones de calidad de vida de toda la población del territorio y especialmente en los sectores más vulnerables, garantizando el acceso a sus derechos sociales, individuales y colectrivos en Educación, Salud, Cultura, Recreación y Deporte | E21: P_A | F21: =+CONCATENATE(A21,E21) -> E1.P_A | G21: TOCANCIPA BIEN EDUCADA | H21: Garantizar calidad, cobertura, eficiencia y pertinencia en la oferta Educativa Municipal | J21: MR2 | K21: =+CONCATENATE(F21,".",J21) -> E1.P_A.MR2 | L21: Disminuir el número de estudiantes por equipo de cómputo | M21: No. de estudiantes por equipo de cómputo | N21: 3 | O21: 2 | P21: MP04-1 | Q21: =+CONCATENATE(K21,"-",P21) -> E1.P_A.MR2-MP04-1 | R21: Otorgar estímulos a las IED para que logren alta calidad educativa | S21: No. de estímulos otorgados | T21: 0 | U21: 3 | V21: Incremento | W21: 0.75 | X21: 0.75 | Y21: 0.75 | Z21: 0.75 | BD21: Secretaria de Educación | BK21: E2.P_C | BL21: COMPETITIVIDAD Y DESARROLLO | BN21: E1.P_F | BO21: PRIMERA INFANCIA, INFANCIA, ADOLESCENCIA Y JUVENTUD CON DESARROLLO Y PROYECCIÓN | BP21: E1.P_F.MR2 | BQ21: Ampliar en 600 la cobertura de las personas que se benefician de los programas dirigidos a Primera Infancia y Juventud | BS21: E1.P_A.MR2 | BT21: Disminuir el número de estudiantes por equipo de cómputo | BU21: E1.P_A.MR2-MP03-1 | BV21: Mantener y fortalecer los ambientes digitales | BX21: E2.P_C | BY21: COMPETITIVIDAD Y DESARROLLO | BZ21: 60000000 | CA21: 0 | CB21: 0 | CC21: 0 | CD21: 0 | CE21: 0 | CF21: 60000000 | CG21: 62100000 | CH21: 0 | CI21: 0 | CJ21: 0 | CK21: 0 | CL21: 0 | CM21: 62100000 | CN21: 64273500 | CO21: 0 | CP21: 0 | CQ21: 0 | CR21: 0 | CS21: 0 | CT21: 64273500 | CU21: 66523072 | CV21: 0 | CW21: 0 | CX21: 0 | CY21: 0 | CZ21: 0 | DA21: 66523072 | DB21: 2.5289657e+08 | DC21: E1.P_E.MR1 - Ampliar la cobertura a 400 adultos Mayores que se benefician con los programas del Municipio | DD21: E1. - SOCIAL: Desarrollo Social con alta competitividad y proyección | DE21: E1.P_E - ATENCIÓN INTEGRAL DEL ADULTO MAYOR | DF21: Integrar al adulto mayor a la sociedad y garantizarle sus derechos | DH21: E1.P_A.MR2-MP03-1 - Mantener y fortalecer los ambientes digitales | DI21: E1. - SOCIAL: Desarrollo Social con alta competitividad y proyección | DJ21: E1.P_A - TOCANCIPA BIEN EDUCADA | DK21: Garantizar calidad, cobertura, eficiencia y pertinencia en la oferta Educativa Municipal | DL21: E1.P_A.MR2 - Disminuir el número de estudiantes por equipo de cómputo | DN21: E1.P_F.MR1 | DO21: Ampliar la Infraestructura para la atención de Primera Infancia, Infancia, Adolescencia y Juventud | DQ21: E1.P_A.MR2-MP03-1 | DR21: Mantener y fortalecer los ambientes digitales | DT21: =+LEFT(DU21,10) -> E1.P_E.MR1 | DU21: E1.P_E.MR1 - Ampliar la cobertura a 400 adultos Mayores que se benefician con los programas del Municipio | DV21: E1. - SOCIAL: Desarrollo Social con alta competitividad y proyección | DW21: Mejorar las condiciones de calidad de vida de toda la población del territorio y especialmente en los sectores más vulnerables, garantizando el acceso a sus derechos sociales, individuales y colectrivos en Educación, Salud, Cultura, Recreación y Deporte | DX21: Atención a grupos vulnerables - promoción social | DY21: E1.P_E - ATENCIÓN INTEGRAL DEL ADULTO MAYOR | DZ21: Integrar al adulto mayor a la sociedad y garantizarle sus derechos | EB21: E1.P_E.MR1 | EC21: Ampliar la cobertura a 400 adultos Mayores que se benefician con los programas del Municipio | ED21: Cobertura ampliada | EE21: 288 | EF21: 400 | EL21: E1.P_A.MR2-MP04-1 | EM21: Otorgar estímulos a las IED para que logren alta calidad educativa | EN21: No. de estímulos otorgados | EO21: 0 | EP21: 3 | EQ21: 0.75 | ER21: 0.75 | ES21: 0.75 | ET21: 0.75
A22: E1. | B22: SOCIAL: Desarrollo Social con alta competitividad y proyección | C22: Mejorar las condiciones de calidad de vida de toda la población del territorio y especialmente en los sectores más vulnerables, garantizando el acceso a sus derechos sociales, individuales y colectrivos en Educación, Salud, Cultura, Recreación y Deporte | E22: P_A | F22: =+CONCATENATE(A22,E22) -> E1.P_A | G22: TOCANCIPA BIEN EDUCADA | H22: Garantizar calidad, cobertura, eficiencia y pertinencia en la oferta Educativa Municipal | I22: 2016-25817-0044 Mantenimiento de las tasas de cobertura escolar Tocancipá, Cundinamarca, Centro Oriente | J22: MR3 | K22: =+CONCATENATE(F22,".",J22) -> E1.P_A.MR3 | L22: Mantener las tasas de cobertura bruta por niveles | M22: Tasa de cobertura transición Tasa de cobertura primaria Tasa de cobertura secundaria Tasa de cobertura media | N22: 104% 108% 126% 90,83% | O22: 104% 108% 126% 90,83% | P22: MP01-1 | Q22: =+CONCATENATE(K22,"-",P22) -> E1.P_A.MR3-MP01-1 | R22: Implementar procesos de apoyo para la permanencia y cobertura educativa en la población desescolarizada | S22: No. de procesos implementados | T22: 1 | U22: 2 | V22: Incremento | W22: 0.5 | X22: 0.5 | Y22: 0.5 | Z22: 0.5 | BD22: Secretaria de Educación | BK22: E2.P_D | BL22: CIENCIA, TECNOLOGIA E INNOVACIÓN | BN22: E1.P_G | BO22: EMPODERAMIENTO E INCLUSIÓN DE GÉNERO Y POBLACIÓN LGTBI | BP22: E1.P_G.MR1 | BQ22: Ampliar los programas dirigidos a la Mujer | BS22: E1.P_A.MR2 | BT22: Disminuir el número de estudiantes por equipo de cómputo | BU22: E1.P_A.MR2-MP04-1 | BV22: Otorgar estímulos a las IED para que logren alta calidad educativa | BX22: E2.P_D | BY22: CIENCIA, TECNOLOGIA E INNOVACIÓN | BZ22: 100000000 | CA22: 0 | CB22: 200000000 | CC22: 0 | CD22: 0 | CE22: 0 | CF22: 300000000 | CG22: 1.035e+08 | CH22: 0 | CI22: 2.07e+08 | CJ22: 0 | CK22: 0 | CL22: 0 | CM22: 3.105e+08 | CN22: 1.071225e+08 | CO22: 0 | CP22: 2.14245e+08 | CQ22: 0 | CR22: 0 | CS22: 0 | CT22: 3.213675e+08 | CU22: 1.1087179e+08 | CV22: 0 | CW22: 2.2174357e+08 | CX22: 0 | CY22: 0 | CZ22: 0 | DA22: 3.3261536e+08 | DB22: 1.2644829e+09 | DC22: E1.P_F.MR1 - Ampliar la Infraestructura para la atención de Primera Infancia, Infancia, Adolescencia y Juventud | DD22: E1. - SOCIAL: Desarrollo Social con alta competitividad y proyección | DE22: E1.P_F - PRIMERA INFANCIA, INFANCIA, ADOLESCENCIA Y JUVENTUD CON DESARROLLO Y PROYECCIÓN | DF22: Garantizar el acceso de la Primera Infancia, Infancia, Adolescencia y Juventud Tocancipeña a los servicios sociales que permitan su desarrollo personal, social y económico | DH22: E1.P_A.MR2-MP04-1 - Otorgar estímulos a las IED para que logren alta calidad educativa | DI22: E1. - SOCIAL: Desarrollo Social con alta competitividad y proyección | DJ22: E1.P_A - TOCANCIPA BIEN EDUCADA | DK22: Garantizar calidad, cobertura, eficiencia y pertinencia en la oferta Educativa Municipal | DL22: E1.P_A.MR2 - Disminuir el número de estudiantes por equipo de cómputo | DN22: E1.P_F.MR2 | DO22: Ampliar en 600 la cobertura de las personas que se benefician de los programas dirigidos a Primera Infancia y Juventud | DQ22: E1.P_A.MR2-MP04-1 | DR22: Otorgar estímulos a las IED para que logren alta calidad educativa | DT22: =+LEFT(DU22,10) -> E1.P_F.MR1 | DU22: E1.P_F.MR1 - Ampliar la Infraestructura para la atención de Primera Infancia, Infancia, Adolescencia y Juventud | DV22: E1. - SOCIAL: Desarrollo Social con alta competitividad y proyección | DW22: Mejorar las condiciones de calidad de vida de toda la población del territorio y especialmente en los sectores más vulnerables, garantizando el acceso a sus derechos sociales, individuales y colectrivos en Educación, Salud, Cultura, Recreación y Deporte | DX22: Atención a grupos vulnerables - promoción social | DY22: E1.P_F - PRIMERA INFANCIA, INFANCIA, ADOLESCENCIA Y JUVENTUD CON DESARROLLO Y PROYECCIÓN | DZ22: Garantizar el acceso de la Primera Infancia, Infancia, Adolescencia y Juventud Tocancipeña a los servicios sociales que permitan su desarrollo personal, social y económico | EB22: E1.P_F.MR1 | EC22: Ampliar la Infraestructura para la atención de Primera Infancia, Infancia, Adolescencia y Juventud | ED22: Infraestructura ampliada | EE22: 1 | EF22: 4 | EL22: E1.P_A.MR3-MP01-1 | EM22: Implementar procesos de apoyo para la permanencia y cobertura educativa en la población desescolarizada | EN22: No. de procesos implementados | EO22: 1 | EP22: 2 | EQ22: 0.5 | ER22: 0.5 | ES22: 0.5 | ET22: 0.5
A23: E1. | B23: SOCIAL: Desarrollo Social con alta competitividad y proyección | C23: Mejorar las condiciones de calidad de vida de toda la población del territorio y especialmente en los sectores más vulnerables, garantizando el acceso a sus derechos sociales, individuales y colectrivos en Educación, Salud, Cultura, Recreación y Deporte | E23: P_A | F23: =+CONCATENATE(A23,E23) -> E1.P_A | G23: TOCANCIPA BIEN EDUCADA | H23: Garantizar calidad, cobertura, eficiencia y pertinencia en la oferta Educativa Municipal | J23: MR3 | K23: =+CONCATENATE(F23,".",J23) -> E1.P_A.MR3 | L23: Mantener las tasas de cobertura bruta por niveles | M23: Tasa de cobertura transición Tasa de cobertura primaria Tasa de cobertura secundaria Tasa de cobertura media | N23: 104% 108% 126% 90,83% | O23: 104% 108% 126% 90,83% | P23: MP02-1 | Q23: =+CONCATENATE(K23,"-",P23) -> E1.P_A.MR3-MP02-1 | R23: Otorgar estímulos para las IED que implementen la jornada única escolar | S23: No. de Estímulos otorgados | T23: 0 | U23: 3 | V23: Incremento | W23: 0 | X23: 1 | Y23: 1 | Z23: 1 | BD23: Secretaria de Educación | BK23: E2.P_E | BL23: DESARROLLO AGROPECUARIO DE ALTA COMPETITIVIDAD | BN23: E1.P_G | BO23: EMPODERAMIENTO E INCLUSIÓN DE GÉNERO Y POBLACIÓN LGTBI | BP23: E1.P_G.MR2 | BQ23: Ampliar los programas dirigidos a la Población LGBTI | BS23: E1.P_A.MR3 | BT23: Mantener las tasas de cobertura bruta por niveles | BU23: E1.P_A.MR3-MP01-1 | BV23: Implementar procesos de apoyo para la permanencia y cobertura educativa en la población desescolarizada | BX23: E2.P_E | BY23: DESARROLLO AGROPECUARIO DE ALTA COMPETITIVIDAD | BZ23: 368088852 | CA23: 0 | CB23: 50000000 | CC23: 0 | CD23: 0 | CE23: 31911148 | CF23: 450000000 | CG23: 3.8097196e+08 | CH23: 0 | CI23: 51750000 | CJ23: 0 | CK23: 0 | CL23: 33028038 | CM23: 465750000 | CN23: 3.9430598e+08 | CO23: 0 | CP23: 53561250 | CQ23: 0 | CR23: 0 | CS23: 34184020 | CT23: 482051250 | CU23: 4.0810669e+08 | CV23: 0 | CW23: 55435894 | CX23: 0 | CY23: 0 | CZ23: 35380460 | DA23: 4.9892304e+08 | DB23: 1.8967243e+09 | DC23: E1.P_F.MR2 - Ampliar en 600 la cobertura de las personas que se benefician de los programas dirigidos a Primera Infancia y Juventud | DD23: E1. - SOCIAL: Desarrollo Social con alta competitividad y proyección | DE23: E1.P_F - PRIMERA INFANCIA, INFANCIA, ADOLESCENCIA Y JUVENTUD CON DESARROLLO Y PROYECCIÓN | DF23: Garantizar el acceso de la Primera Infancia, Infancia, Adolescencia y Juventud Tocancipeña a los servicios sociales que permitan su desarrollo personal, social y económico | DH23: E1.P_A.MR3-MP01-1 - Implementar procesos de apoyo para la permanencia y cobertura educativa en la población desescolarizada | DI23: E1. - SOCIAL: Desarrollo Social con alta competitividad y proyección | DJ23: E1.P_A - TOCANCIPA BIEN EDUCADA | DK23: Garantizar calidad, cobertura, eficiencia y pertinencia en la oferta Educativa Municipal | DL23: E1.P_A.MR3 - Mantener las tasas de cobertura bruta por niveles | DN23: E1.P_G.MR1 | DO23: Ampliar los programas dirigidos a la Mujer | DQ23: E1.P_A.MR3-MP01-1 | DR23: Implementar procesos de apoyo para la permanencia y cobertura educativa en la población desescolarizada | DT23: =+LEFT(DU23,10) -> E1.P_F.MR2 | DU23: E1.P_F.MR2 - Ampliar en 600 la cobertura de las personas que se benefician de los programas dirigidos a Primera Infancia y Juventud | DV23: E1. - SOCIAL: Desarrollo Social con alta competitividad y proyección | DW23: Mejorar las condiciones de calidad de vida de toda la población del territorio y especialmente en los sectores más vulnerables, garantizando el acceso a sus derechos sociales, individuales y colectrivos en Educación, Salud, Cultura, Recreación y Deporte | DX23: Atención a grupos vulnerables - promoción social | DY23: E1.P_F - PRIMERA INFANCIA, INFANCIA, ADOLESCENCIA Y JUVENTUD CON DESARROLLO Y PROYECCIÓN | DZ23: Garantizar el acceso de la Primera Infancia, Infancia, Adolescencia y Juventud Tocancipeña a los servicios sociales que permitan su desarrollo personal, social y económico | EB23: E1.P_F.MR2 | EC23: Ampliar en 600 la cobertura de las personas que se benefician de los programas dirigidos a Primera Infancia y Juventud | ED23: Cobertura ampliada | EE23: 2598 | EF23: 3100 | EL23: E1.P_A.MR3-MP02-1 | EM23: Otorgar estímulos para las IED que implementen la jornada única escolar | EN23: No. de Estímulos otorgados | EO23: 0 | EP23: 3 | EQ23: 0 | ER23: 0 | ES23: 1 | ET23: 2
A24: E1. | B24: SOCIAL: Desarrollo Social con alta competitividad y proyección | C24: Mejorar las condiciones de calidad de vida de toda la población del territorio y especialmente en los sectores más vulnerables, garantizando el acceso a sus derechos sociales, individuales y colectrivos en Educación, Salud, Cultura, Recreación y Deporte | E24: P_A | F24: =+CONCATENATE(A24,E24) -> E1.P_A | G24: TOCANCIPA BIEN EDUCADA | H24: Garantizar calidad, cobertura, eficiencia y pertinencia en la oferta Educativa Municipal | J24: MR3 | K24: =+CONCATENATE(F24,".",J24) -> E1.P_A.MR3 | L24: Mantener las tasas de cobertura bruta por niveles | M24: Tasa de cobertura transición Tasa de cobertura primaria Tasa de cobertura secundaria Tasa de cobertura media | N24: 104% 108% 126% 90,83% | O24: 104% 108% 126% 90,83% | P24: MP03-1 | Q24: =+CONCATENATE(K24,"-",P24) -> E1.P_A.MR3-MP03-1 | R24: Mantener el acceso a la educación de la población en condiciones de vulnerabilidad que demande el servicio | S24: % de población vulnerable en el sistema educativo | T24: 1 | U24: 1 | V24: Mantenimiento | W24: 1 | X24: 1 | Y24: 1 | Z24: 1 | BD24: Secretaria de Educación | BK24: E2.P_F | BL24: DESARROLLO TURISTICO DE ALTA COMPETITIVIDAD | BN24: E1.P_H | BO24: VICTIMAS DEL CONFLICTO ARMADO Y POSTCONFLICTO | BP24: E1.P_H.MR1 | BQ24: Mantener la cobertura de la Atención a la Población Víctima del Conflicto Armado y Postconflicto. | BS24: E1.P_A.MR3 | BT24: Mantener las tasas de cobertura bruta por niveles | BU24: E1.P_A.MR3-MP02-1 | BV24: Otorgar estímulos para las IED que implementen la jornada única escolar | BX24: E2.P_F | BY24: DESARROLLO TURISTICO DE ALTA COMPETITIVIDAD | BZ24: 100000000 | CB24: 0 | CF24: 100000000 | CG24: 1.035e+08 | CH24: 0 | CI24: 0 | CJ24: 0 | CK24: 0 | CL24: 0 | CM24: 1.035e+08 | CN24: 1.071225e+08 | CO24: 0 | CP24: 0 | CQ24: 0 | CR24: 0 | CS24: 0 | CT24: 1.071225e+08 | CU24: 1.1087179e+08 | CV24: 0 | CW24: 0 | CX24: 0 | CY24: 0 | CZ24: 0 | DA24: 1.1087179e+08 | DB24: 4.2149429e+08 | DC24: E1.P_G.MR1 - Ampliar los programas dirigidos a la Mujer | DD24: E1. - SOCIAL: Desarrollo Social con alta competitividad y proyección | DE24: E1.P_G - EMPODERAMIENTO E INCLUSIÓN DE GÉNERO Y POBLACIÓN LGTBI | DF24: Reivindicar los derechos vulnerados de la mujer y garantizar la inclusión de la comunidad LGBTI, en el marco de una sociedad respetuosa de sus derechos | DH24: E1.P_A.MR3-MP02-1 - Otorgar estímulos para las IED que implementen la jornada única escolar | DI24: E1. - SOCIAL: Desarrollo Social con alta competitividad y proyección | DJ24: E1.P_A - TOCANCIPA BIEN EDUCADA | DK24: Garantizar calidad, cobertura, eficiencia y pertinencia en la oferta Educativa Municipal | DL24: E1.P_A.MR3 - Mantener las tasas de cobertura bruta por niveles | DN24: E1.P_G.MR2 | DO24: Ampliar los programas dirigidos a la Población LGBTI | DQ24: E1.P_A.MR3-MP02-1 | DR24: Otorgar estímulos para las IED que implementen la jornada única escolar | DT24: =+LEFT(DU24,10) -> E1.P_G.MR1 | DU24: E1.P_G.MR1 - Ampliar los programas dirigidos a la Mujer | DV24: E1. - SOCIAL: Desarrollo Social con alta competitividad y proyección | DW24: Mejorar las condiciones de calidad de vida de toda la población del territorio y especialmente en los sectores más vulnerables, garantizando el acceso a sus derechos sociales, individuales y colectrivos en Educación, Salud, Cultura, Recreación y Deporte | DX24: Atención a grupos vulnerables - promoción social | DY24: E1.P_G - EMPODERAMIENTO E INCLUSIÓN DE GÉNERO Y POBLACIÓN LGTBI | DZ24: Reivindicar los derechos vulnerados de la mujer y garantizar la inclusión de la comunidad LGBTI, en el marco de una sociedad respetuosa de sus derechos | EB24: E1.P_G.MR1 | EC24: Ampliar los programas dirigidos a la Mujer | ED24: Programas ampliados | EE24: 1 | EF24: 3 | EL24: E1.P_A.MR3-MP03-1 | EM24: Mantener el acceso a la educación de la población en condiciones de vulnerabilidad que demande el servicio | EN24: % de población vulnerable en el sistema educativo | EO24: 100 | EP24: 100 | EQ24: 100 | ER24: 100 | ES24: 100 | ET24: 100
A25: E1. | B25: SOCIAL: Desarrollo Social con alta competitividad y proyección | C25: Mejorar las condiciones de calidad de vida de toda la población del territorio y especialmente en los sectores más vulnerables, garantizando el acceso a sus derechos sociales, individuales y colectrivos en Educación, Salud, Cultura, Recreación y Deporte | E25: P_A | F25: =+CONCATENATE(A25,E25) -> E1.P_A | G25: TOCANCIPA BIEN EDUCADA | H25: Garantizar calidad, cobertura, eficiencia y pertinencia en la oferta Educativa Municipal | J25: MR3 | K25: =+CONCATENATE(F25,".",J25) -> E1.P_A.MR3 | L25: Mantener las tasas de cobertura bruta por niveles | M25: Tasa de cobertura transición Tasa de cobertura primaria Tasa de cobertura secundaria Tasa de cobertura media | N25: 104% 108% 126% 90,83% | O25: 104% 108% 126% 90,83% | P25: MP04-1 | Q25: =+CONCATENATE(K25,"-",P25) -> E1.P_A.MR3-MP04-1 | R25: Garantizar los servicios de aseo y vigilancia en las I.E.D | S25: No. de I.E.D con Servicios de aseo y vigilancia de calidad mantenidos | T25: 3 | U25: 3 | V25: Mantenimiento | W25: 3 | X25: 3 | Y25: 3 | Z25: 3 | BD25: Secretaria de Educación | BI25: E3. | BJ25: Infraestructura, Planeación, Ambiente y Servicios Públicos | BK25: E3.P_A | BL25: INFRAESTRUCTURAS INSTITUCIONALES Y COMUNITARIAS | BN25: E1.P_I | BO25: REDUCCIÓN DE LA POBREZA EXTREMA | BP25: E1.P_I.MR1 | BQ25: Superar en un 80% la pobreza extrema de las familias identificadas en el Municipio | BS25: E1.P_A.MR3 | BT25: Mantener las tasas de cobertura bruta por niveles | BU25: E1.P_A.MR3-MP03-1 | BV25: Mantener el acceso a la educación de la población en condiciones de vulnerabilidad que demande el servicio | BX25: E3.P_A | BY25: INFRAESTRUCTURAS INSTITUCIONALES Y COMUNITARIAS | BZ25: 12875178237 | CA25: 0 | CB25: 838296900 | CC25: 0 | CD25: 0 | CE25: 2218193937 | CF25: 15931669074 | CG25: 1.3152719e+10 | CH25: 215131029 | CI25: 2106846389 | CK25: 0 | CL25: 1.8451812e+09 | CM25: 1.7319877e+10 | CN25: 1.6025493e+10 | CO25: 615.015 | CP25: 33296026 | CQ25: 0 | CR25: 0 | CS25: 1.7410881e+09 | CT25: 1.7799877e+10 | CU25: 1.5865374e+10 | CV25: 635.54052 | CW25: 7429111238 | CX25: 0 | CY25: 0 | CZ25: 2.5040289e+09 | DA25: 2.5798515e+10 | DB25: 7.6849938e+10 | DC25: E1.P_G.MR2 - Ampliar los programas dirigidos a la Población LGBTI | DD25: E1. - SOCIAL: Desarrollo Social con alta competitividad y proyección | DE25: E1.P_G - EMPODERAMIENTO E INCLUSIÓN DE GÉNERO Y POBLACIÓN LGTBI | DF25: Reivindicar los derechos vulnerados de la mujer y garantizar la inclusión de la comunidad LGBTI, en el marco de una sociedad respetuosa de sus derechos | DH25: E1.P_A.MR3-MP03-1 - Mantener el acceso a la educación de la población en condiciones de vulnerabilidad que demande el servicio | DI25: E1. - SOCIAL: Desarrollo Social con alta competitividad y proyección | DJ25: E1.P_A - TOCANCIPA BIEN EDUCADA | DK25: Garantizar calidad, cobertura, eficiencia y pertinencia en la oferta Educativa Municipal | DL25: E1.P_A.MR3 - Mantener las tasas de cobertura bruta por niveles | DN25: E1.P_H.MR1 | DO25: Mantener la cobertura de la Atención a la Población Víctima del Conflicto Armado y Postconflicto. | DQ25: E1.P_A.MR3-MP03-1 | DR25: Mantener el acceso a la educación de la población en condiciones de vulnerabilidad que demande el servicio | DT25: =+LEFT(DU25,10) -> E1.P_G.MR2 | DU25: E1.P_G.MR2 - Ampliar los programas dirigidos a la Población LGBTI | DV25: E1. - SOCIAL: Desarrollo Social con alta competitividad y proyección | DW25: Mejorar las condiciones de calidad de vida de toda la población del territorio y especialmente en los sectores más vulnerables, garantizando el acceso a sus derechos sociales, individuales y colectrivos en Educación, Salud, Cultura, Recreación y Deporte | DX25: Atención a grupos vulnerables - promoción social | DY25: E1.P_G - EMPODERAMIENTO E INCLUSIÓN DE GÉNERO Y POBLACIÓN LGTBI | DZ25: Reivindicar los derechos vulnerados de la mujer y garantizar la inclusión de la comunidad LGBTI, en el marco de una sociedad respetuosa de sus derechos | EB25: E1.P_G.MR2 | EC25: Ampliar los programas dirigidos a la Población LGBTI | ED25: Programas ampliados | EE25: 1 | EF25: 1 | EL25: E1.P_A.MR3-MP04-1 | EM25: Garantizar los servicios de aseo y vigilancia en las I.E.D | EN25: No. de I.E.D con Servicios de aseo y vigilancia de calidad mantenidos | EO25: 3 | EP25: 3 | EQ25: 3 | ER25: 3 | ES25: 3 | ET25: 3
A26: E1. | B26: SOCIAL: Desarrollo Social con alta competitividad y proyección | C26: Mejorar las condiciones de calidad de vida de toda la población del territorio y especialmente en los sectores más vulnerables, garantizando el acceso a sus derechos sociales, individuales y colectrivos en Educación, Salud, Cultura, Recreación y Deporte | E26: P_A | F26: =+CONCATENATE(A26,E26) -> E1.P_A | G26: TOCANCIPA BIEN EDUCADA | H26: Garantizar calidad, cobertura, eficiencia y pertinencia en la oferta Educativa Municipal | J26: MR3 | K26: =+CONCATENATE(F26,".",J26) -> E1.P_A.MR3 | L26: Mantener las tasas de cobertura bruta por niveles | M26: Tasa de cobertura transición Tasa de cobertura primaria Tasa de cobertura secundaria Tasa de cobertura media | N26: 104% 108% 126% 90,83% | O26: 104% 108% 126% 90,83% | P26: MP05-1 | Q26: =+CONCATENATE(K26,"-",P26) -> E1.P_A.MR3-MP05-1 | R26: Obtener la concesión de servicios educativos en el municipio con entidades de carácter privado | S26: No. Concesiones obtenidas | T26: 0 | U26: 1 | V26: Incremento | W26: 0 | X26: 0 | Y26: 0.5 | Z26: 0.5 | BD26: Secretaria de Educación | BK26: E3.P_B | BL26: PLAN VIAL, VIAS Y MOVILIDAD | BN26: E1.P_J | BO26: CAPACIDADES DIFERENCIALES | BP26: E1.P_J.MR1 | BQ26: Ampliar a 70% la cobertura en la atención de la Población en Condición de Discapacidad y/o Necesidades Educativas Especiales, identificadas en el Censo Municipal de Discapacidad. (LB. 444) | BS26: E1.P_A.MR3 | BT26: Mantener las tasas de cobertura bruta por niveles | BU26: E1.P_A.MR3-MP04-1 | BV26: Garantizar los servicios de aseo y vigilancia en las I.E.D | BX26: E3.P_B | BY26: PLAN VIAL, VIAS Y MOVILIDAD | BZ26: 16420460768 | CA26: 0 | CB26: 7683070518 | CC26: 0 | CD26: 0 | CE26: 2790824326 | CF26: 26894355612 | CG26: 1.6995177e+10 | CH26: 0 | CI26: 7.951978e+09 | CJ26: 0 | CK26: 0 | CL26: 2.8885032e+09 | CM26: 2.7835658e+10 | CN26: 1.7590008e+10 | CO26: 0 | CP26: 8.2302972e+09 | CQ26: 0 | CR26: 0 | CS26: 2.9896008e+09 | CT26: 2.8809906e+10 | CU26: 1.8205658e+10 | CV26: 0 | CW26: 8.5183576e+09 | CX26: 0 | CY26: 0 | CZ26: 3.0942368e+09 | DA26: 2.9818253e+10 | DB26: 1.1335817e+11 | DC26: E1.P_H.MR1 - Mantener la cobertura de la Atención a la Población Víctima del Conflicto Armado y Postconflicto. | DD26: E1. - SOCIAL: Desarrollo Social con alta competitividad y proyección | DE26: E1.P_H - VICTIMAS DEL CONFLICTO ARMADO Y POSTCONFLICTO | DF26: Brindar asistencia, atención y reparación integral a las Víctimas del Conflicto Armado residentes en el Municipio, buscando la garantía de sus derechos; así mismo, atender las directrices del Nivel Nacional generadas sobre postconflicto | DH26: E1.P_A.MR3-MP04-1 - Garantizar los servicios de aseo y vigilancia en las I.E.D | DI26: E1. - SOCIAL: Desarrollo Social con alta competitividad y proyección | DJ26: E1.P_A - TOCANCIPA BIEN EDUCADA | DK26: Garantizar calidad, cobertura, eficiencia y pertinencia en la oferta Educativa Municipal | DL26: E1.P_A.MR3 - Mantener las tasas de cobertura bruta por niveles | DN26: E1.P_I.MR1 | DO26: Superar en un 80% la pobreza extrema de las familias identificadas en el Municipio | DQ26: E1.P_A.MR3-MP04-1 | DR26: Garantizar los servicios de aseo y vigilancia en las I.E.D | DT26: =+LEFT(DU26,10) -> E1.P_H.MR1 | DU26: E1.P_H.MR1 - Mantener la cobertura de la Atención a la Población Víctima del Conflicto Armado y Postconflicto. | DV26: E1. - SOCIAL: Desarrollo Social con alta competitividad y proyección | DW26: Mejorar las condiciones de calidad de vida de toda la población del territorio y especialmente en los sectores más vulnerables, garantizando el acceso a sus derechos sociales, individuales y colectrivos en Educación, Salud, Cultura, Recreación y Deporte | DX26: Atención a grupos vulnerables - promoción social | DY26: E1.P_H - VICTIMAS DEL CONFLICTO ARMADO Y POSTCONFLICTO | DZ26: Brindar asistencia, atención y reparación integral a las Víctimas del Conflicto Armado residentes en el Municipio, buscando la garantía de sus derechos; así mismo, atender las directrices del Nivel Nacional generadas sobre postconflicto | EB26: E1.P_H.MR1 | EC26: Mantener la cobertura de la Atención a la Población Víctima del Conflicto Armado y Postconflicto. | ED26: Cobertura mantenida | EE26: 952 | EF26: 952 | EL26: E1.P_A.MR3-MP05-1 | EM26: Obtener la concesión de servicios educativos en el municipio con entidades de carácter privado | EN26: No. Concesiones obtenidas | EO26: 0 | EP26: 1 | EQ26: 0 | ER26: 0 | ES26: 0.5 | ET26: 0.5
A27: E1. | B27: SOCIAL: Desarrollo Social con alta competitividad y proyección | C27: Mejorar las condiciones de calidad de vida de toda la población del territorio y especialmente en los sectores más vulnerables, garantizando el acceso a sus derechos sociales, individuales y colectrivos en Educación, Salud, Cultura, Recreación y Deporte | E27: P_A | F27: =+CONCATENATE(A27,E27) -> E1.P_A | G27: TOCANCIPA BIEN EDUCADA | H27: Garantizar calidad, cobertura, eficiencia y pertinencia en la oferta Educativa Municipal | I27: 2016-25817-0019 Mejoramiento Perfil ocupacional de la comunidad educativa Tocancipá, Cundinamarca, Centro Oriente | J27: MR4 | K27: =+CONCATENATE(F27,".",J27) -> E1.P_A.MR4 | L27: Mejorar el perfil ocupacional de la población | M27: Índice de perfil ocupacional | N27: 0 | O27: 0.04 | P27: MP01-1 | Q27: =+CONCATENATE(K27,"-",P27) -> E1.P_A.MR4-MP01-1 | R27: Realizar acciones en para la orientación ocupacional y vocacional para los estudiantes de grado 11 de las IED | S27: No. de Acciones realizadas | T27: 2 | U27: 2 | V27: Mantenimiento | W27: 0.5 | X27: 0.05 | Y27: 0.5 | Z27: 0.5 | BD27: Secretaria de Educación | BK27: E3.P_C | BL27: ALUMBRADO PÚBLICO, ENERGÍA Y ENERGÍAS RENOVABLES, GAS, CONECTIVIDAD Y TELECOMUNICACIONES | BN27: E2.P_A | BO27: EMPLEO DIGNO | BP27: E2.P_A.MR1 | BQ27: Reducir el índice de desempleo entre la población economicamente activa residente en el Municipio | BS27: E1.P_A.MR3 | BT27: Mantener las tasas de cobertura bruta por niveles | BU27: E1.P_A.MR3-MP05-1 | BV27: Obtener la concesión de servicios educativos en el municipio con entidades de carácter privado | BX27: E3.P_C | BY27: ALUMBRADO PÚBLICO, ENERGÍA Y ENERGÍAS RENOVABLES, GAS, CONECTIVIDAD Y TELECOMUNICACIONES | BZ27: 176384000 | CA27: 0 | CB27: 1000000000 | CC27: 0 | CD27: 0 | CE27: 23616000 | CF27: 1200000000 | CG27: 182557440 | CH27: 0 | CI27: 1.035e+09 | CJ27: 0 | CK27: 0 | CL27: 24442560 | CM27: 1242000000 | CN27: 1.8894695e+08 | CO27: 0 | CP27: 1.071225e+09 | CQ27: 0 | CR27: 0 | CS27: 25298050 | CT27: 1.28547e+09 | CU27: 1.9556009e+08 | CV27: 0 | CW27: 1.1087179e+09 | CX27: 0 | CY27: 0 | CZ27: 26183481 | DA27: 1.3304614e+09 | DB27: 5.0579314e+09 | DC27: E1.P_I.MR1 - Superar en un 80% la pobreza extrema de las familias identificadas en el Municipio | DD27: E1. - SOCIAL: Desarrollo Social con alta competitividad y proyección | DE27: E1.P_I - REDUCCIÓN DE LA POBREZA EXTREMA | DF27: Coordinar, articular y focalizar, a través de Programas contra la Pobreza Extrema, la oferta de servicios sociales, que les permita superar su nivel de Pobreza | DH27: E1.P_A.MR3-MP05-1 - Obtener la concesión de servicios educativos en el municipio con entidades de carácter privado | DI27: E1. - SOCIAL: Desarrollo Social con alta competitividad y proyección | DJ27: E1.P_A - TOCANCIPA BIEN EDUCADA | DK27: Garantizar calidad, cobertura, eficiencia y pertinencia en la oferta Educativa Municipal | DL27: E1.P_A.MR3 - Mantener las tasas de cobertura bruta por niveles | DN27: E1.P_J.MR1 | DO27: Ampliar a 70% la cobertura en la atención de la Población en Condición de Discapacidad y/o Necesidades Educativas Especiales, identificadas en el Censo Municipal de Discapacidad. (LB. 444) | DQ27: E1.P_A.MR3-MP05-1 | DR27: Obtener la concesión de servicios educativos en el municipio con entidades de carácter privado | DT27: =+LEFT(DU27,10) -> E1.P_I.MR1 | DU27: E1.P_I.MR1 - Superar en un 80% la pobreza extrema de las familias identificadas en el Municipio | DV27: E1. - SOCIAL: Desarrollo Social con alta competitividad y proyección | DW27: Mejorar las condiciones de calidad de vida de toda la población del territorio y especialmente en los sectores más vulnerables, garantizando el acceso a sus derechos sociales, individuales y colectrivos en Educación, Salud, Cultura, Recreación y Deporte | DX27: Atención a grupos vulnerables - promoción social | DY27: E1.P_I - REDUCCIÓN DE LA POBREZA EXTREMA | DZ27: Coordinar, articular y focalizar, a través de Programas contra la Pobreza Extrema, la oferta de servicios sociales, que les permita superar su nivel de Pobreza | EB27: E1.P_I.MR1 | EC27: Superar en un 80% la pobreza extrema de las familias identificadas en el Municipio | ED27: Pobreza extrema superada (80%) | EE27: 164 | EF27: 131 | EL27: E1.P_A.MR4-MP01-1 | EM27: Realizar acciones en para la orientación ocupacional y vocacional para los estudiantes de grado 11 de las IED | EN27: No. de Acciones realizadas | EO27: 2 | EP27: 2 | EQ27: 0.5 | ER27: 0.5 | ES27: 0.5 | ET27: 0.5
A28: E1. | B28: SOCIAL: Desarrollo Social con alta competitividad y proyección | C28: Mejorar las condiciones de calidad de vida de toda la población del territorio y especialmente en los sectores más vulnerables, garantizando el acceso a sus derechos sociales, individuales y colectrivos en Educación, Salud, Cultura, Recreación y Deporte | E28: P_A | F28: =+CONCATENATE(A28,E28) -> E1.P_A | G28: TOCANCIPA BIEN EDUCADA | H28: Garantizar calidad, cobertura, eficiencia y pertinencia en la oferta Educativa Municipal | J28: MR4 | K28: =+CONCATENATE(F28,".",J28) -> E1.P_A.MR4 | L28: Mejorar el perfil ocupacional de la población | M28: Índice de perfil ocupacional | N28: 0 | O28: 0.04 | P28: MP02-1 | Q28: =+CONCATENATE(K28,"-",P28) -> E1.P_A.MR4-MP02-1 | R28: Desarrollar Estrategias articuladas con otras dependencias de la administración y/o otras entidades para la prevención de embarazo adolescente en ambientes escolares | S28: No. de estrategias desarrolladas | T28: 1 | U28: 3 | V28: Incremento | W28: 0.75 | X28: 0.75 | Y28: 0.75 | Z28: 0.75 | BD28: Secretaria de Educación | BK28: E3.P_D | BL28: ORDENAMIENTO, GESTIÓN DEL TERRITORIO Y PLANEACIÓN DEL DESARROLLO | BN28: E2.P_B | BO28: EMPRENDIMIENTO Y ASOCIATIVIDAD | BP28: E2.P_B.MR1 | BQ28: Incrementar la cobertura de usuarios de unidades de emprendimiento y asociatividad fortalecidas | BS28: E1.P_A.MR4 | BT28: Mejorar el perfil ocupacional de la población | BU28: E1.P_A.MR4-MP01-1 | BV28: Realizar acciones en para la orientación ocupacional y vocacional para los estudiantes de grado 11 de las IED | BX28: E3.P_D | BY28: ORDENAMIENTO, GESTIÓN DEL TERRITORIO Y PLANEACIÓN DEL DESARROLLO | BZ28: 145849388 | CA28: 0 | CB28: 0 | CC28: 54150612 | CD28: 0 | CF28: 200000000 | CG28: 1.5095412e+08 | CH28: 0 | CI28: 293000000 | CJ28: 56045883 | CK28: 0 | CL28: 0 | CM28: 500000000 | CN28: 1.5095412e+08 | CO28: 0 | CP28: 293000000 | CQ28: 56045883 | CR28: 0 | CS28: 0 | CT28: 500000000 | CU28: 145849388 | CV28: 0 | CW28: 0 | CX28: 54150612 | CY28: 0 | CZ28: 0 | DA28: 200000000 | DB28: 1400000000 | DC28: E1.P_J.MR1 - Ampliar a 70% la cobertura en la atención de la Población en Condición de Discapacidad y/o Necesidades Educativas Especiales, identificadas en el Censo Municipal de Discapacidad. (LB. 444) | DD28: E1. - SOCIAL: Desarrollo Social con alta competitividad y proyección | DE28: E1.P_J - CAPACIDADES DIFERENCIALES | DF28: Brindar acceso a servicios sociales a la población con capacidades diferenciales y/o necesidades educativas especiales, que les incluya socialmente y mejorar su calidad de vida. | DH28: E1.P_A.MR4-MP01-1 - Realizar acciones en para la orientación ocupacional y vocacional para los estudiantes de grado 11 de las IED | DI28: E1. - SOCIAL: Desarrollo Social con alta competitividad y proyección | DJ28: E1.P_A - TOCANCIPA BIEN EDUCADA | DK28: Garantizar calidad, cobertura, eficiencia y pertinencia en la oferta Educativa Municipal | DL28: E1.P_A.MR4 - Mejorar el perfil ocupacional de la población | DN28: E2.P_A.MR1 | DO28: Reducir el índice de desempleo entre la población economicamente activa residente en el Municipio | DQ28: E1.P_A.MR4-MP01-1 | DR28: Realizar acciones en para la orientación ocupacional y vocacional para los estudiantes de grado 11 de las IED | DT28: =+LEFT(DU28,10) -> E1.P_J.MR1 | DU28: E1.P_J.MR1 - Ampliar a 70% la cobertura en la atención de la Población en Condición de Discapacidad y/o Necesidades Educativas Especiales, identificadas en el Censo Municipal de Discapacidad. (LB. 444) | DV28: E1. - SOCIAL: Desarrollo Social con alta competitividad y proyección | DW28: Mejorar las condiciones de calidad de vida de toda la población del territorio y especialmente en los sectores más vulnerables, garantizando el acceso a sus derechos sociales, individuales y colectrivos en Educación, Salud, Cultura, Recreación y Deporte | DX28: Atención a grupos vulnerables - promoción social | DY28: E1.P_J - CAPACIDADES DIFERENCIALES | DZ28: Brindar acceso a servicios sociales a la población con capacidades diferenciales y/o necesidades educativas especiales, que les incluya socialmente y mejorar su calidad de vida. | EB28: E1.P_J.MR1 | EC28: Ampliar a 70% la cobertura en la atención de la Población en Condición de Discapacidad y/o Necesidades Educativas Especiales, identificadas en el Censo Municipal de Discapacidad. (LB. 444) | ED28: Cobertura ampliada | EE28: 260 | EF28: 318 | EL28: E1.P_A.MR4-MP02-1 | EM28: Desarrollar Estrategias articuladas con otras dependencias de la administración y/o otras entidades para la prevención de embarazo adolescente en ambientes escolares | EN28: No. de estrategias desarrolladas | EO28: 1 | EP28: 3 | EQ28: 0.75 | ER28: 0.75 | ES28: 0.75 | ET28: 0.75
A29: E1. | B29: SOCIAL: Desarrollo Social con alta competitividad y proyección | C29: Mejorar las condiciones de calidad de vida de toda la población del territorio y especialmente en los sectores más vulnerables, garantizando el acceso a sus derechos sociales, individuales y colectrivos en Educación, Salud, Cultura, Recreación y Deporte | E29: P_A | F29: =+CONCATENATE(A29,E29) -> E1.P_A | G29: TOCANCIPA BIEN EDUCADA | H29: Garantizar calidad, cobertura, eficiencia y pertinencia en la oferta Educativa Municipal | J29: MR4 | K29: =+CONCATENATE(F29,".",J29) -> E1.P_A.MR4 | L29: Mejorar el perfil ocupacional de la población | M29: Índice de perfil ocupacional | N29: 0 | O29: 0.04 | P29: MP03-1 | Q29: =+CONCATENATE(K29,"-",P29) -> E1.P_A.MR4-MP03-1 | R29: Implementar estrategias articuladas con otras dependencias de la administración y/o otras entidades para la prevención del consumo de SPA en ambientes escolares | S29: No. de estrategias implementadas | T29: 1 | U29: 3 | V29: Incremento | W29: 0.75 | X29: 0.75 | Y29: 0.75 | Z29: 0.75 | BD29: Secretaria de Educación | BK29: E3.P_E | BL29: VIVIENDA | BN29: E2.P_C | BO29: COMPETITIVIDAD Y DESARROLLO | BP29: E2.P_C.MR1 | BQ29: Avanzar en la implementación de mecanismos que favorezcan la competitividad local | BS29: E1.P_A.MR4 | BT29: Mejorar el perfil ocupacional de la población | BU29: E1.P_A.MR4-MP02-1 | BV29: Desarrollar Estrategias articuladas con otras dependencias de la administración y/o otras entidades para la prevención de embarazo adolescente en ambientes escolares | BX29: E3.P_E | BY29: VIVIENDA | BZ29: 3999944973 | CA29: 0 | CB29: 0 | CC29: 0 | CD29: 0 | CE29: 55027 | CF29: 4000000000 | CG29: 4.139943e+09 | CH29: 0 | CI29: 0 | CJ29: 0 | CK29: 0 | CL29: 56952.945 | CM29: 4140000000 | CN29: 4.2848411e+09 | CO29: 0 | CP29: 0 | CQ29: 0 | CR29: 0 | CS29: 58946.298 | CT29: 4.2849e+09 | CU29: 4.4348105e+09 | CV29: 0 | CW29: 0 | CX29: 0 | CY29: 0 | CZ29: 61009.419 | DA29: 4.4348715e+09 | DB29: 1.6859771e+10 | DC29: E2.P_A.MR1 - Reducir el índice de desempleo entre la población economicamente activa residente en el Municipio | DD29: E2. - ECONÓMICO: Desarrollo Económico con alta competitividad y proyección | DE29: E2.P_A - EMPLEO DIGNO | DF29: Consolidar el servicio público de Empleo con enfoque de calidad para la disminución del desempleo del municipio | DH29: E1.P_A.MR4-MP02-1 - Desarrollar Estrategias articuladas con otras dependencias de la administración y/o otras entidades para la prevención de embarazo adolescente en ambientes escolares | DI29: E1. - SOCIAL: Desarrollo Social con alta competitividad y proyección | DJ29: E1.P_A - TOCANCIPA BIEN EDUCADA | DK29: Garantizar calidad, cobertura, eficiencia y pertinencia en la oferta Educativa Municipal | DL29: E1.P_A.MR4 - Mejorar el perfil ocupacional de la población | DN29: E2.P_B.MR1 | DO29: Incrementar la cobertura de usuarios de unidades de emprendimiento y asociatividad fortalecidas | DQ29: E1.P_A.MR4-MP02-1 | DR29: Desarrollar Estrategias articuladas con otras dependencias de la administración y/o otras entidades para la prevención de embarazo adolescente en ambientes escolares | DT29: =+LEFT(DU29,10) -> E2.P_A.MR1 | DU29: E2.P_A.MR1 - Reducir el índice de desempleo entre la población economicamente activa residente en el Municipio | DV29: E2. - ECONÓMICO: Desarrollo Económico con alta competitividad y proyección | DW29: Fortalecer el desarrollo económico del Municipio orientado a la alta competitividad, a través de la disminución de los índices de desempleo, promoviendo la generaciónde emprendimiento y las unidades de negocio, así como el desarrollo del sector turístico y la tecnificación de los procesos del sector agropecuario | DX29: Promoción del desarrollo | DY29: E2.P_A - EMPLEO DIGNO | DZ29: Consolidar el servicio público de Empleo con enfoque de calidad para la disminución del desempleo del municipio | EB29: E2.P_A.MR1 | EC29: Reducir el índice de desempleo entre la población economicamente activa residente en el Municipio | ED29: Índice de desempleo | EE29: 4.75 | EF29: 4.5 | EL29: E1.P_A.MR4-MP03-1 | EM29: Implementar estrategias articuladas con otras dependencias de la administración y/o otras entidades para la prevención del consumo de SPA en ambientes escolares | EN29: No. de estrategias implementadas | EO29: 1 | EP29: 3 | EQ29: 0.75 | ER29: 0.75 | ES29: 0.75 | ET29: 0.75
A30: E1. | B30: SOCIAL: Desarrollo Social con alta competitividad y proyección | C30: Mejorar las condiciones de calidad de vida de toda la población del territorio y especialmente en los sectores más vulnerables, garantizando el acceso a sus derechos sociales, individuales y colectrivos en Educación, Salud, Cultura, Recreación y Deporte | E30: P_A | F30: =+CONCATENATE(A30,E30) -> E1.P_A | G30: TOCANCIPA BIEN EDUCADA | H30: Garantizar calidad, cobertura, eficiencia y pertinencia en la oferta Educativa Municipal | J30: MR4 | K30: =+CONCATENATE(F30,".",J30) -> E1.P_A.MR4 | L30: Mejorar el perfil ocupacional de la población | M30: Índice de perfil ocupacional | N30: 0 | O30: 0.04 | P30: MP04-1 | Q30: =+CONCATENATE(K30,"-",P30) -> E1.P_A.MR4-MP04-1 | R30: Implementar una estrategia de apoyo profesional para fortalecer la convivencia escolar y el entorno familiar | S30: No. de estrategias implementadas | T30: 0 | U30: 1 | V30: Incremento | W30: 0.25 | X30: 0.25 | Y30: 0.25 | Z30: 0.25 | BD30: Secretaria de Educación | BK30: E3.P_F | BL30: TOCANCIPA SE PREPARA PARA EL CAMBIO CLIMÁTICO | BN30: E2.P_D | BO30: CIENCIA, TECNOLOGIA E INNOVACIÓN | BP30: E2.P_D.MR1 | BQ30: Mejorar el estado de implementación de las estrategias para el avance en ciencia tecnología e innovación | BS30: E1.P_A.MR4 | BT30: Mejorar el perfil ocupacional de la población | BU30: E1.P_A.MR4-MP03-1 | BV30: Implementar estrategias articuladas con otras dependencias de la administración y/o otras entidades para la prevención del consumo de SPA en ambientes escolares | BX30: E3.P_F | BY30: TOCANCIPA SE PREPARA PARA EL CAMBIO CLIMÁTICO | BZ30: 0 | CA30: 0 | CB30: 0 | CC30: 0 | CD30: 0 | CE30: 50000000 | CF30: 50000000 | CH30: 0 | CJ30: 0 | CK30: 0 | CL30: 120000000 | CM30: 120000000 | CO30: 0 | CQ30: 0 | CR30: 0 | CS30: 171367000 | CT30: 171367000 | CV30: 0 | CX30: 0 | CY30: 0 | CZ30: 148000000 | DA30: 148000000 | DB30: 489367000 | DC30: E2.P_B.MR1 - Incrementar la cobertura de usuarios de unidades de emprendimiento y asociatividad fortalecidas | DD30: E2. - ECONÓMICO: Desarrollo Económico con alta competitividad y proyección | DE30: E2.P_B - EMPRENDIMIENTO Y ASOCIATIVIDAD | DF30: Promover programas inclusivos dirigidos a emprendedores competitivos y con visión estratégica | DH30: E1.P_A.MR4-MP03-1 - Implementar estrategias articuladas con otras dependencias de la administración y/o otras entidades para la prevención del consumo de SPA en ambientes escolares | DI30: E1. - SOCIAL: Desarrollo Social con alta competitividad y proyección | DJ30: E1.P_A - TOCANCIPA BIEN EDUCADA | DK30: Garantizar calidad, cobertura, eficiencia y pertinencia en la oferta Educativa Municipal | DL30: E1.P_A.MR4 - Mejorar el perfil ocupacional de la población | DN30: E2.P_C.MR1 | DO30: Avanzar en la implementación de mecanismos que favorezcan la competitividad local | DQ30: E1.P_A.MR4-MP03-1 | DR30: Implementar estrategias articuladas con otras dependencias de la administración y/o otras entidades para la prevención del consumo de SPA en ambientes escolares | DT30: =+LEFT(DU30,10) -> E2.P_B.MR1 | DU30: E2.P_B.MR1 - Incrementar la cobertura de usuarios de unidades de emprendimiento y asociatividad fortalecidas | DV30: E2. - ECONÓMICO: Desarrollo Económico con alta competitividad y proyección | DW30: Fortalecer el desarrollo económico del Municipio orientado a la alta competitividad, a través de la disminución de los índices de desempleo, promoviendo la generaciónde emprendimiento y las unidades de negocio, así como el desarrollo del sector turístico y la tecnificación de los procesos del sector agropecuario | DX30: Promoción del desarrollo | DY30: E2.P_B - EMPRENDIMIENTO Y ASOCIATIVIDAD | DZ30: Promover programas inclusivos dirigidos a emprendedores competitivos y con visión estratégica | EB30: E2.P_B.MR1 | EC30: Incrementar la cobertura de usuarios de unidades de emprendimiento y asociatividad fortalecidas | ED30: No. de unidades de emprendimiento asesoradas y fortalecidas a través de asesorías | EE30: 184 | EF30: 230 | EL30: E1.P_A.MR4-MP04-1 | EM30: Implementar una estrategia de apoyo profesional para fortalecer la convivencia escolar y el entorno familiar | EN30: No. de estrategias implementadas | EO30: 0 | EP30: 1 | EQ30: 0.25 | ER30: 0.25 | ES30: 0.25 | ET30: 0.25
A31: E1. | B31: SOCIAL: Desarrollo Social con alta competitividad y proyección | C31: Mejorar las condiciones de calidad de vida de toda la población del territorio y especialmente en los sectores más vulnerables, garantizando el acceso a sus derechos sociales, individuales y colectrivos en Educación, Salud, Cultura, Recreación y Deporte | E31: P_A | F31: =+CONCATENATE(A31,E31) -> E1.P_A | G31: TOCANCIPA BIEN EDUCADA | H31: Garantizar calidad, cobertura, eficiencia y pertinencia en la oferta Educativa Municipal | J31: MR4 | K31: =+CONCATENATE(F31,".",J31) -> E1.P_A.MR4 | L31: Mejorar el perfil ocupacional de la población | M31: Índice de perfil ocupacional | N31: 0 | O31: 0.04 | P31: MP05-1 | Q31: =+CONCATENATE(K31,"-",P31) -> E1.P_A.MR4-MP05-1 | R31: Aumentar la cobertura de formación en programas de Segunda Lengua | S31: No. de Beneficiarios de formación en segunda Lengua | T31: 120 | U31: 1500 | V31: Incremento | W31: 375 | X31: 375 | Y31: 375 | Z31: 375 | BD31: Secretaria de Educación | BK31: E3.P_G | BL31: AGUA | BN31: E2.P_E | BO31: DESARROLLO AGROPECUARIO DE ALTA COMPETITIVIDAD | BP31: E2.P_E.MR1 | BQ31: Incrementar la productividad de las unidades productivas agropecuarias | BS31: E1.P_A.MR4 | BT31: Mejorar el perfil ocupacional de la población | BU31: E1.P_A.MR4-MP04-1 | BV31: Implementar una estrategia de apoyo profesional para fortalecer la convivencia escolar y el entorno familiar | BX31: E3.P_G | BY31: AGUA | BZ31: 0 | CA31: 0 | CB31: 0 | CC31: 0 | CD31: 0 | CE31: 674581000 | CF31: 674581000 | CH31: 0 | CJ31: 0 | CK31: 0 | CL31: 713610000 | CM31: 713610000 | CO31: 0 | CQ31: 0 | CR31: 0 | CS31: 749291000 | CT31: 749291000 | CV31: 0 | CX31: 0 | CY31: 0 | CZ31: 754803000 | DA31: 754803000 | DB31: 2892285000 | DC31: E2.P_C.MR1 - Avanzar en la implementación de mecanismos que favorezcan la competitividad local | DD31: E2. - ECONÓMICO: Desarrollo Económico con alta competitividad y proyección | DE31: E2.P_C - COMPETITIVIDAD Y DESARROLLO | DF31: Generar condiciones para el desarrollo de la competitividad municipal | DH31: E1.P_A.MR4-MP04-1 - Implementar una estrategia de apoyo profesional para fortalecer la convivencia escolar y el entorno familiar | DI31: E1. - SOCIAL: Desarrollo Social con alta competitividad y proyección | DJ31: E1.P_A - TOCANCIPA BIEN EDUCADA | DK31: Garantizar calidad, cobertura, eficiencia y pertinencia en la oferta Educativa Municipal | DL31: E1.P_A.MR4 - Mejorar el perfil ocupacional de la población | DN31: E2.P_D.MR1 | DO31: Mejorar el estado de implementación de las estrategias para el avance en ciencia tecnología e innovación | DQ31: E1.P_A.MR4-MP04-1 | DR31: Implementar una estrategia de apoyo profesional para fortalecer la convivencia escolar y el entorno familiar | DT31: =+LEFT(DU31,10) -> E2.P_C.MR1 | DU31: E2.P_C.MR1 - Avanzar en la implementación de mecanismos que favorezcan la competitividad local | DV31: E2. - ECONÓMICO: Desarrollo Económico con alta competitividad y proyección | DW31: Fortalecer el desarrollo económico del Municipio orientado a la alta competitividad, a través de la disminución de los índices de desempleo, promoviendo la generaciónde emprendimiento y las unidades de negocio, así como el desarrollo del sector turístico y la tecnificación de los procesos del sector agropecuario | DX31: Promoción del desarrollo | DY31: E2.P_C - COMPETITIVIDAD Y DESARROLLO | DZ31: Generar condiciones para el desarrollo de la competitividad municipal | EB31: E2.P_C.MR1 | EC31: Avanzar en la implementación de mecanismos que favorezcan la competitividad local | ED31: % de avance en la implementación de mecanismos para la competitividad | EE31: 0 | EF31: 80 | EL31: E1.P_A.MR4-MP05-1 | EM31: Aumentar la cobertura de formación en programas de Segunda Lengua | EN31: No. de Beneficiarios de formación en segunda Lengua | EO31: 120 | EP31: 1500 | EQ31: 375 | ER31: 375 | ES31: 375 | ET31: 375
A32: E1. | B32: SOCIAL: Desarrollo Social con alta competitividad y proyección | C32: Mejorar las condiciones de calidad de vida de toda la población del territorio y especialmente en los sectores más vulnerables, garantizando el acceso a sus derechos sociales, individuales y colectrivos en Educación, Salud, Cultura, Recreación y Deporte | E32: P_A | F32: =+CONCATENATE(A32,E32) -> E1.P_A | G32: TOCANCIPA BIEN EDUCADA | H32: Garantizar calidad, cobertura, eficiencia y pertinencia en la oferta Educativa Municipal | I32: 2016-25817-0006 Implementación de una estrategia para el acceso y permanencia a la Educación Titulada, Complementaria, Tecnológica Tocancipá, Cundinamarca, Centro Oriente | J32: MR5 | K32: =+CONCATENATE(F32,".",J32) -> E1.P_A.MR5 | L32: Desarrollar una estrategia para fomentar el acceso de la población a la educación técnica, tecnológica y profesional | M32: Estrategia desarrollada | N32: 0 | O32: 1 | P32: MP01-1 | Q32: =+CONCATENATE(K32,"-",P32) -> E1.P_A.MR5-MP01-1 | R32: Realizar un proyecto de acuerdo para la modificación y reestructuración del Fondo Educativo Municipal | S32: N° de proyectos de acuerdo presentado | T32: 1 | U32: 1 | V32: Mantenimiento | W32: 1 | X32: 0 | Y32: 0 | Z32: 0 | BD32: Secretaria de Educación | BK32: E3.P_H | BL32: FLORA, FAUNA, SUELO, MINERÍA Y GESTIÓN DE RESIDUOS SÓLIDOS | BN32: E2.P_F | BO32: DESARROLLO TURISTICO DE ALTA COMPETITIVIDAD | BP32: E2.P_F.MR1 | BQ32: Avanzar en la implementación del Plan Municipal de Turismo | BS32: E1.P_A.MR4 | BT32: Mejorar el perfil ocupacional de la población | BU32: E1.P_A.MR4-MP05-1 | BV32: Aumentar la cobertura de formación en programas de Segunda Lengua | BX32: E3.P_H | BY32: FLORA, FAUNA, SUELO, MINERÍA Y GESTIÓN DE RESIDUOS SÓLIDOS | BZ32: 50000000 | CA32: 0 | CB32: 1450000000 | CC32: 0 | CD32: 0 | CE32: 0 | CF32: 1500000000 | CG32: 145000000 | CH32: 0 | CI32: 950500000 | CJ32: 0 | CK32: 0 | CL32: 0 | CM32: 1095500000 | CN32: 115500000 | CO32: 0 | CP32: 1474500000 | CQ32: 0 | CR32: 0 | CS32: 0 | CT32: 1590000000 | CU32: 170000000 | CV32: 0 | CW32: 450000000 | CX32: 0 | CY32: 0 | CZ32: 0 | DA32: 620000000 | DB32: 4805500000 | DC32: E2.P_D.MR1 - Mejorar el estado de implementación de las estrategias para el avance en ciencia tecnología e innovación | DD32: E2. - ECONÓMICO: Desarrollo Económico con alta competitividad y proyección | DE32: E2.P_D - CIENCIA, TECNOLOGIA E INNOVACIÓN | DF32: Desarrollar estrategias en ciencia, tencología e innovación en el municipio | DH32: E1.P_A.MR4-MP05-1 - Aumentar la cobertura de formación en programas de Segunda Lengua | DI32: E1. - SOCIAL: Desarrollo Social con alta competitividad y proyección | DJ32: E1.P_A - TOCANCIPA BIEN EDUCADA | DK32: Garantizar calidad, cobertura, eficiencia y pertinencia en la oferta Educativa Municipal | DL32: E1.P_A.MR4 - Mejorar el perfil ocupacional de la población | DN32: E2.P_E.MR1 | DO32: Incrementar la productividad de las unidades productivas agropecuarias | DQ32: E1.P_A.MR4-MP05-1 | DR32: Aumentar la cobertura de formación en programas de Segunda Lengua | DT32: =+LEFT(DU32,10) -> E2.P_D.MR1 | DU32: E2.P_D.MR1 - Mejorar el estado de implementación de las estrategias para el avance en ciencia tecnología e innovación | DV32: E2. - ECONÓMICO: Desarrollo Económico con alta competitividad y proyección | DW32: Fortalecer el desarrollo económico del Municipio orientado a la alta competitividad, a través de la disminución de los índices de desempleo, promoviendo la generaciónde emprendimiento y las unidades de negocio, así como el desarrollo del sector turístico y la tecnificación de los procesos del sector agropecuario | DX32: Promoción del desarrollo | DY32: E2.P_D - CIENCIA, TECNOLOGIA E INNOVACIÓN | DZ32: Desarrollar estrategias en ciencia, tencología e innovación en el municipio | EB32: E2.P_D.MR1 | EC32: Mejorar el estado de implementación de las estrategias para el avance en ciencia tecnología e innovación | ED32: No. de estrategias implementadas en Ciencia, Tecnología e Innovación | EE32: 0 | EF32: 2 | EL32: E1.P_A.MR5-MP01-1 | EM32: Realizar un proyecto de acuerdo para la modificación y reestructuración del Fondo Educativo Municipal | EN32: N° de proyectos de acuerdo presentado | EO32: 1 | EP32: 1 | EQ32: 0.25 | ER32: 0.25 | ES32: 0.25 | ET32: 0.25
A33: E1. | B33: SOCIAL: Desarrollo Social con alta competitividad y proyección | C33: Mejorar las condiciones de calidad de vida de toda la población del territorio y especialmente en los sectores más vulnerables, garantizando el acceso a sus derechos sociales, individuales y colectrivos en Educación, Salud, Cultura, Recreación y Deporte | E33: P_A | F33: =+CONCATENATE(A33,E33) -> E1.P_A | G33: TOCANCIPA BIEN EDUCADA | H33: Garantizar calidad, cobertura, eficiencia y pertinencia en la oferta Educativa Municipal | J33: MR5 | K33: =+CONCATENATE(F33,".",J33) -> E1.P_A.MR5 | L33: Desarrollar una estrategia para fomentar el acceso de la población a la educación técnica, tecnológica y profesional | M33: Estrategia desarrollada | N33: 0 | O33: 1 | P33: MP02-1 | Q33: =+CONCATENATE(K33,"-",P33) -> E1.P_A.MR5-MP02-1 | R33: Suscribir convenios para la articulación de la educación media con la educación superior | S33: No. de convenios suscritos para articulación de la educación media con la educación superior | T33: 1 | U33: 2 | V33: Incremento | W33: 0.5 | X33: 0.5 | Y33: 0.5 | Z33: 0.5 | BD33: Secretaria de Educación | BK33: E3.P_I | BL33: AIRE, RUIDO Y CONTAMINACIÓN VISUAL | BN33: E2.P_F | BO33: DESARROLLO TURISTICO DE ALTA COMPETITIVIDAD | BP33: E2.P_F.MR2 | BQ33: Incrementar el número de nuevos visitantes anuales a los sitios de interés turístico | BS33: E1.P_A.MR5 | BT33: Desarrollar una estrategia para fomentar el acceso de la población a la educación técnica, tecnológica y profesional | BU33: E1.P_A.MR5-MP01-1 | BV33: Realizar un proyecto de acuerdo para la modificación y reestructuración del Fondo Educativo Municipal | BX33: E3.P_I | BY33: AIRE, RUIDO Y CONTAMINACIÓN VISUAL | BZ33: 22000000 | CA33: 0 | CB33: 0 | CC33: 0 | CD33: 0 | CE33: 0 | CF33: 22000000 | CG33: 23000000 | CH33: 0 | CI33: 0 | CJ33: 0 | CK33: 0 | CL33: 0 | CM33: 23000000 | CN33: 44000000 | CO33: 0 | CP33: 0 | CQ33: 0 | CR33: 0 | CS33: 0 | CT33: 44000000 | CU33: 46000000 | CV33: 0 | CW33: 0 | CX33: 0 | CY33: 0 | CZ33: 0 | DA33: 46000000 | DB33: 135000000 | DC33: E2.P_E.MR1 - Incrementar la productividad de las unidades productivas agropecuarias | DD33: E2. - ECONÓMICO: Desarrollo Económico con alta competitividad y proyección | DE33: E2.P_E - DESARROLLO AGROPECUARIO DE ALTA COMPETITIVIDAD | DF33: Fortalecer el sector Agropecuario con enfoque competitivo y emprendedor | DH33: E1.P_A.MR5-MP01-1 - Realizar un proyecto de acuerdo para la modificación y reestructuración del Fondo Educativo Municipal | DI33: E1. - SOCIAL: Desarrollo Social con alta competitividad y proyección | DJ33: E1.P_A - TOCANCIPA BIEN EDUCADA | DK33: Garantizar calidad, cobertura, eficiencia y pertinencia en la oferta Educativa Municipal | DL33: E1.P_A.MR5 - Desarrollar una estrategia para fomentar el acceso de la población a la educación técnica, tecnológica y profesional | DN33: E2.P_F.MR1 | DO33: Avanzar en la implementación del Plan Municipal de Turismo | DQ33: E1.P_A.MR5-MP01-1 | DR33: Realizar un proyecto de acuerdo para la modificación y reestructuración del Fondo Educativo Municipal | DT33: =+LEFT(DU33,10) -> E2.P_E.MR1 | DU33: E2.P_E.MR1 - Incrementar la productividad de las unidades productivas agropecuarias | DV33: E2. - ECONÓMICO: Desarrollo Económico con alta competitividad y proyección | DW33: Fortalecer el desarrollo económico del Municipio orientado a la alta competitividad, a través de la disminución de los índices de desempleo, promoviendo la generaciónde emprendimiento y las unidades de negocio, así como el desarrollo del sector turístico y la tecnificación de los procesos del sector agropecuario | DX33: Agropecuario | DY33: E2.P_E - DESARROLLO AGROPECUARIO DE ALTA COMPETITIVIDAD | DZ33: Fortalecer el sector Agropecuario con enfoque competitivo y emprendedor | EB33: E2.P_E.MR1 | EC33: Incrementar la productividad de las unidades productivas agropecuarias | ED33: Sistemas agropecuarios con productividad mejorada | EE33: 665 | EF33: 1100 | EL33: E1.P_A.MR5-MP02-1 | EM33: Suscribir convenios para la articulación de la educación media con la educación superior | EN33: No. de convenios suscritos para articulación de la educación media con la educación superior | EO33: 1 | EP33: 2 | EQ33: 0.5 | ER33: 0.5 | ES33: 0.5 | ET33: 0.5
A34: E1. | B34: SOCIAL: Desarrollo Social con alta competitividad y proyección | C34: Mejorar las condiciones de calidad de vida de toda la población del territorio y especialmente en los sectores más vulnerables, garantizando el acceso a sus derechos sociales, individuales y colectrivos en Educación, Salud, Cultura, Recreación y Deporte | E34: P_A | F34: =+CONCATENATE(A34,E34) -> E1.P_A | G34: TOCANCIPA BIEN EDUCADA | H34: Garantizar calidad, cobertura, eficiencia y pertinencia en la oferta Educativa Municipal | J34: MR5 | K34: =+CONCATENATE(F34,".",J34) -> E1.P_A.MR5 | L34: Desarrollar una estrategia para fomentar el acceso de la población a la educación técnica, tecnológica y profesional | M34: Estrategia desarrollada | N34: 0 | O34: 1 | P34: MP03-1 | Q34: =+CONCATENATE(K34,"-",P34) -> E1.P_A.MR5-MP03-1 | R34: Realizar acciones administrativas para promover el acceso a la educación técnica, tecnológica y profesional para egresados del Municipio | S34: No. de acciones administrativas realizadas para el acceso a la educación Técnica, Tecnológica y Pofesional para egresados del Municipio | T34: 5 | U34: 6 | V34: Incremento | W34: 2 | X34: 2 | Y34: 1 | Z34: 1 | BD34: Secretaria de Educación | BK34: E3.P_J | BL34: SIGAM, PRAES, PIGA Y PROCEDAS | BN34: E3.P_A | BO34: INFRAESTRUCTURAS INSTITUCIONALES Y COMUNITARIAS | BP34: E3.P_A.MR1 | BQ34: Desarrollar infraestructuras públicas para mejorar las condiciones de vida de los Tocancipeños | BS34: E1.P_A.MR5 | BT34: Desarrollar una estrategia para fomentar el acceso de la población a la educación técnica, tecnológica y profesional | BU34: E1.P_A.MR5-MP02-1 | BV34: Suscribir convenios para la articulación de la educación media con la educación superior | BX34: E3.P_J | BY34: SIGAM, PRAES, PIGA Y PROCEDAS | BZ34: 103000000 | CA34: 0 | CB34: 0 | CC34: 0 | CD34: 0 | CE34: 0 | CF34: 103000000 | CG34: 79000000 | CH34: 0 | CI34: 0 | CJ34: 0 | CK34: 0 | CL34: 0 | CM34: 79000000 | CN34: 76500000 | CO34: 0 | CP34: 0 | CQ34: 0 | CR34: 0 | CS34: 0 | CT34: 76500000 | CU34: 105000000 | CV34: 0 | CW34: 0 | CX34: 0 | CY34: 0 | CZ34: 0 | DA34: 105000000 | DB34: 363500000 | DC34: E2.P_F.MR1 - Avanzar en la implementación del Plan Municipal de Turismo | DD34: E2. - ECONÓMICO: Desarrollo Económico con alta competitividad y proyección | DE34: E2.P_F - DESARROLLO TURISTICO DE ALTA COMPETITIVIDAD | DF34: Incrementar la promoción y fortalecimiento del turismo para el posicionamiento del Municipio a nivel regional y Nacional | DH34: E1.P_A.MR5-MP02-1 - Suscribir convenios para la articulación de la educación media con la educación superior | DI34: E1. - SOCIAL: Desarrollo Social con alta competitividad y proyección | DJ34: E1.P_A - TOCANCIPA BIEN EDUCADA | DK34: Garantizar calidad, cobertura, eficiencia y pertinencia en la oferta Educativa Municipal | DL34: E1.P_A.MR5 - Desarrollar una estrategia para fomentar el acceso de la población a la educación técnica, tecnológica y profesional | DN34: E2.P_F.MR2 | DO34: Incrementar el número de nuevos visitantes anuales a los sitios de interés turístico | DQ34: E1.P_A.MR5-MP02-1 | DR34: Suscribir convenios para la articulación de la educación media con la educación superior | DT34: =+LEFT(DU34,10) -> E2.P_F.MR1 | DU34: E2.P_F.MR1 - Avanzar en la implementación del Plan Municipal de Turismo | DV34: E2. - ECONÓMICO: Desarrollo Económico con alta competitividad y proyección | DW34: Fortalecer el desarrollo económico del Municipio orientado a la alta competitividad, a través de la disminución de los índices de desempleo, promoviendo la generaciónde emprendimiento y las unidades de negocio, así como el desarrollo del sector turístico y la tecnificación de los procesos del sector agropecuario | DX34: Promoción del desarrollo | DY34: E2.P_F - DESARROLLO TURISTICO DE ALTA COMPETITIVIDAD | DZ34: Incrementar la promoción y fortalecimiento del turismo para el posicionamiento del Municipio a nivel regional y Nacional | EB34: E2.P_F.MR1 | EC34: Avanzar en la implementación del Plan Municipal de Turismo | ED34: % de avance logrado | EE34: 25 | EF34: 90 | EL34: E1.P_A.MR5-MP03-1 | EM34: Realizar acciones administrativas para promover el acceso a la educación técnica, tecnológica y profesional para egresados del Municipio | EN34: No. de acciones administrativas realizadas para el acceso a la educación Técnica, Tecnológica y Pofesional para egresados del Municipio | EO34: 5 | EP34: 6 | EQ34: 2 | ER34: 2 | ES34: 1 | ET34: 1
A35: E1. | B35: SOCIAL: Desarrollo Social con alta competitividad y proyección | C35: Mejorar las condiciones de calidad de vida de toda la población del territorio y especialmente en los sectores más vulnerables, garantizando el acceso a sus derechos sociales, individuales y colectrivos en Educación, Salud, Cultura, Recreación y Deporte | E35: P_A | F35: =+CONCATENATE(A35,E35) -> E1.P_A | G35: TOCANCIPA BIEN EDUCADA | H35: Garantizar calidad, cobertura, eficiencia y pertinencia en la oferta Educativa Municipal | J35: MR5 | K35: =+CONCATENATE(F35,".",J35) -> E1.P_A.MR5 | L35: Desarrollar una estrategia para fomentar el acceso de la población a la educación técnica, tecnológica y profesional | M35: Estrategia desarrollada | N35: 0 | O35: 1 | P35: MP04-1 | Q35: =+CONCATENATE(K35,"-",P35) -> E1.P_A.MR5-MP04-1 | R35: Implementar estrategias con entidades públicas y/o privadas para el acceso a becas de educación superior | S35: No. de estrategias implementadas para la acceder a becas en educación superior | T35: 0 | U35: 1 | V35: Incremento | W35: 0.25 | X35: 0.25 | Y35: 0.25 | Z35: 0.25 | BD35: Secretaria de Educación | BK35: E3.P_K | BL35: SENTENCIA DEL RÍO BOGOTÁ | BN35: E3.P_B | BO35: PLAN VIAL, VIAS Y MOVILIDAD | BP35: E3.P_B.MR1 | BQ35: Mejorar las condiciones de movilidad del municipio a través de una inversión per cápita en el sector | BS35: E1.P_A.MR5 | BT35: Desarrollar una estrategia para fomentar el acceso de la población a la educación técnica, tecnológica y profesional | BU35: E1.P_A.MR5-MP03-1 | BV35: Realizar acciones administrativas para promover el acceso a la educación técnica, tecnológica y profesional para egresados del Municipio | BX35: E3.P_K | BY35: SENTENCIA DEL RÍO BOGOTÁ | BZ35: 706463231 | CA35: 0 | CB35: 0 | CC35: 0 | CD35: 0 | CE35: 493536769 | CF35: 1200000000 | CG35: 7.3118944e+08 | CH35: 0 | CI35: 0 | CJ35: 0 | CK35: 0 | CL35: 5.1081056e+08 | CM35: 1242000000 | CN35: 7.5678107e+08 | CO35: 0 | CP35: 0 | CQ35: 0 | CR35: 0 | CS35: 5.2868893e+08 | CT35: 1.28547e+09 | CU35: 7.8326841e+08 | CV35: 0 | CW35: 0 | CX35: 0 | CY35: 0 | CZ35: 5.4719304e+08 | DA35: 1.3304614e+09 | DB35: 5.0579314e+09 | DC35: E2.P_F.MR2 - Incrementar el número de nuevos visitantes anuales a los sitios de interés turístico | DD35: E2. - ECONÓMICO: Desarrollo Económico con alta competitividad y proyección | DE35: E2.P_F - DESARROLLO TURISTICO DE ALTA COMPETITIVIDAD | DF35: Incrementar la promoción y fortalecimiento del turismo para el posicionamiento del Municipio a nivel regional y Nacional | DH35: E1.P_A.MR5-MP03-1 - Realizar acciones administrativas para promover el acceso a la educación técnica, tecnológica y profesional para egresados del Municipio | DI35: E1. - SOCIAL: Desarrollo Social con alta competitividad y proyección | DJ35: E1.P_A - TOCANCIPA BIEN EDUCADA | DK35: Garantizar calidad, cobertura, eficiencia y pertinencia en la oferta Educativa Municipal | DL35: E1.P_A.MR5 - Desarrollar una estrategia para fomentar el acceso de la población a la educación técnica, tecnológica y profesional | DN35: E3.P_A.MR1 | DO35: Desarrollar infraestructuras públicas para mejorar las condiciones de vida de los Tocancipeños | DQ35: E1.P_A.MR5-MP03-1 | DR35: Realizar acciones administrativas para promover el acceso a la educación técnica, tecnológica y profesional para egresados del Municipio | DT35: =+LEFT(DU35,10) -> E2.P_F.MR2 | DU35: E2.P_F.MR2 - Incrementar el número de nuevos visitantes anuales a los sitios de interés turístico | DV35: E2. - ECONÓMICO: Desarrollo Económico con alta competitividad y proyección | DW35: Fortalecer el desarrollo económico del Municipio orientado a la alta competitividad, a través de la disminución de los índices de desempleo, promoviendo la generaciónde emprendimiento y las unidades de negocio, así como el desarrollo del sector turístico y la tecnificación de los procesos del sector agropecuario | DX35: Promoción del desarrollo | DY35: E2.P_F - DESARROLLO TURISTICO DE ALTA COMPETITIVIDAD | DZ35: Incrementar la promoción y fortalecimiento del turismo para el posicionamiento del Municipio a nivel regional y Nacional | EB35: E2.P_F.MR2 | EC35: Incrementar el número de nuevos visitantes anuales a los sitios de interés turístico | ED35: No. de visitantes anuales a los sitios de interés turístico | EE35: 18152 | EF35: 40000 | EL35: E1.P_A.MR5-MP04-1 | EM35: Implementar estrategias con entidades públicas y/o privadas para el acceso a becas de educación superior | EN35: No. de estrategias implementadas para la acceder a becas en educación superior | EO35: 0 | EP35: 1 | EQ35: 0.25 | ER35: 0.25 | ES35: 0.25 | ET35: 0.25
A36: E1. | B36: SOCIAL: Desarrollo Social con alta competitividad y proyección | C36: Mejorar las condiciones de calidad de vida de toda la población del territorio y especialmente en los sectores más vulnerables, garantizando el acceso a sus derechos sociales, individuales y colectrivos en Educación, Salud, Cultura, Recreación y Deporte | D36: Salud | E36: P_B | F36: =+CONCATENATE(A36,E36) -> E1.P_B | G36: SALUD CON ATENCIÓN DIGNA, PRIORITARIA Y DE CALIDAD | H36: Desarrollar acciones para fortalecer las condiciones del sistema de salud, que Garantice una atención digna, prioritaria y de calidad para todos | I36: 2016-25817-0038 Adecuación, terminación, equipamiento y operación del Hospital Municipal Tocancipá, Cundinamarca, Centro Oriente | J36: MR1 | K36: =+CONCATENATE(F36,".",J36) -> E1.P_B.MR1 | L36: Terminación, equipamiento y operación del Hospital Municipal | M36: Hospital Terminado, equipado y en operación | N36: 0.2 | O36: 1 | P36: MP01-1 | Q36: =+CONCATENATE(K36,"-",P36) -> E1.P_B.MR1-MP01-1 | R36: Terminación de la Construcción del Hospital Municipal bajo esquemas de gestión conjunta con el departamento | S36: Porcentaje de construcción del Hospital Municipal | T36: 0.6 | U36: 1 | V36: Incremento | W36: 0 | X36: 0.5 | Y36: 0.5 | Z36: 0 | AA36: =45000000+5000000+42000000+149295165+52000000+40000000+81871606+88245720+1159140+75000000+32000000+27000000+100000000+35877140+233000000+25185824+704835+1684614000+815386000-2500000000+2500000000 -> 3533339430 | AB36: =893704160+48000000+51000000+43000000+96928+5128394+13003958 -> 1053933440 | AC36: 500000000 | AF36: =469367247+541637228+1499262124+16008270+122259387+28727650+1995078 -> 2679256984 | AG36: =SUM(AA36:AF36) -> 7766529854 | AH36: =AA36*1.035 -> 3.6570063e+09 | AI36: =AB36*1.035 -> 1.0908211e+09 | AJ36: =AC36*1.035-87500000 -> 4.3e+08 | AK36: =AD36*1.035 -> 0 | AL36: =AE36*1.035 -> 0 | AM36: =AF36*1.035 -> 2.773031e+09 | AN36: =SUM(AH36:AM36) -> 7.9508584e+09 | AO36: =AH36*1.035-2500000000 -> 1.2850015e+09 | AP36: =AI36*1.035 -> 1.1289998e+09 | AQ36: =AJ36*1.035-87500000 -> 3.5755e+08 | AR36: =AK36*1.035 -> 0 | AS36: =AL36*1.035 -> 0 | AT36: =AM36*1.035 -> 2.8700871e+09 | AU36: =SUM(AO36:AT36) -> 5.6416384e+09 | AV36: =AO36*1.035 -> 1.3299766e+09 | AW36: =AP36*1.035 -> 1.1685148e+09 | AX36: =AQ36*1.035 -> 3.7006425e+08 | AY36: =AR36*1.035 -> 0 | AZ36: =AS36*1.035 -> 0 | BA36: =AT36*1.035 -> 2.9705401e+09 | BB36: =SUM(AV36:BA36) -> 5.8390958e+09 | BC36: =+BB36+AU36+AN36+AG36 -> 2.7198122e+10 | BD36: Secretaria de Salud | BK36: E3.P_L | BL36: ACUEDUCTO, ALCANTARILLADO Y ASEO | BN36: E3.P_C | BO36: ALUMBRADO PÚBLICO, ENERGÍA Y ENERGÍAS RENOVABLES, GAS, CONECTIVIDAD Y TELECOMUNICACIONES | BP36: E3.P_C.MR1 | BQ36: Mantener los puntos lumínicos de alumbrado público municipal | BS36: E1.P_A.MR5 | BT36: Desarrollar una estrategia para fomentar el acceso de la población a la educación técnica, tecnológica y profesional | BU36: E1.P_A.MR5-MP04-1 | BV36: Implementar estrategias con entidades públicas y/o privadas para el acceso a becas de educación superior | BX36: E3.P_L | BY36: ACUEDUCTO, ALCANTARILLADO Y ASEO | BZ36: 0 | CA36: 980802926 | CB36: 510000000 | CC36: 0 | CD36: 0 | CE36: 4347947000 | CF36: 5838749926 | CG36: 0 | CH36: 800000000 | CI36: 395529000 | CJ36: 0 | CK36: 0 | CL36: 4855322000 | CM36: 6050851000 | CN36: 0 | CO36: 1050660000 | CP36: 199710000 | CQ36: 0 | CR36: 0 | CS36: 5124277000 | CT36: 6374647000 | CU36: 624555000 | CV36: 1087433100 | CW36: 0 | CX36: 0 | CY36: 0 | CZ36: 4639918000 | DA36: 6351906100 | DB36: 24616154026 | DC36: E3.P_A.MR1 - Desarrollar infraestructuras públicas para mejorar las condiciones de vida de los Tocancipeños | DD36: E3. - Infraestructura, Planeación, Ambiente y Servicios Públicos | DE36: E3.P_A - INFRAESTRUCTURAS INSTITUCIONALES Y COMUNITARIAS | DF36: Desarrollar infraestructuras públicas para mejorar las condiciones de vida de los Tocancipeños | DH36: E1.P_A.MR5-MP04-1 - Implementar estrategias con entidades públicas y/o privadas para el acceso a becas de educación superior | DI36: E1. - SOCIAL: Desarrollo Social con alta competitividad y proyección | DJ36: E1.P_A - TOCANCIPA BIEN EDUCADA | DK36: Garantizar calidad, cobertura, eficiencia y pertinencia en la oferta Educativa Municipal | DL36: E1.P_A.MR5 - Desarrollar una estrategia para fomentar el acceso de la población a la educación técnica, tecnológica y profesional | DN36: E3.P_B.MR1 | DO36: Mejorar las condiciones de movilidad del municipio a través de una inversión per cápita en el sector | DQ36: E1.P_A.MR5-MP04-1 | DR36: Implementar estrategias con entidades públicas y/o privadas para el acceso a becas de educación superior | DT36: =+LEFT(DU36,10) -> E3.P_A.MR1 | DU36: E3.P_A.MR1 - Desarrollar infraestructuras públicas para mejorar las condiciones de vida de los Tocancipeños | DV36: E3. - Infraestructura, Planeación, Ambiente y Servicios Públicos | DW36: Desarrollar infraestructuras sostenibles y de calidad, que interactúen de manera armónica con el medio ambiente y el cambio climático basado en el desarrollo económico y el bienestar social, promoviendo el acceso equitativo de servicios básicos esenciales para todos los grupos de población | DX36: Equipamiento | DY36: E3.P_A - INFRAESTRUCTURAS INSTITUCIONALES Y COMUNITARIAS | DZ36: Desarrollar infraestructuras públicas para mejorar las condiciones de vida de los Tocancipeños | EB36: E3.P_A.MR1 | EC36: Desarrollar infraestructuras públicas para mejorar las condiciones de vida de los Tocancipeños | ED36: Infraestructuras desarrolladas | EE36: 87 | EF36: 114 | EL36: E1.P_B.MR1-MP01-1 | EM36: Terminación de la Construcción del Hospital Municipal bajo esquemas de gestión conjunta con el departamento | EN36: Porcentaje de construcción del Hospital Municipal (%) | EO36: 60 | EP36: 100 | EQ36: 0 | ER36: 0 | ES36: 50 | ET36: 50
A37: E1. | B37: SOCIAL: Desarrollo Social con alta competitividad y proyección | C37: Mejorar las condiciones de calidad de vida de toda la población del territorio y especialmente en los sectores más vulnerables, garantizando el acceso a sus derechos sociales, individuales y colectrivos en Educación, Salud, Cultura, Recreación y Deporte | E37: P_B | F37: =+CONCATENATE(A37,E37) -> E1.P_B | G37: SALUD CON ATENCIÓN DIGNA, PRIORITARIA Y DE CALIDAD | H37: Desarrollar acciones para fortalecer las condiciones del sistema de salud, que Garantice una atención digna, prioritaria y de calidad para todos | J37: MR1 | K37: =+CONCATENATE(F37,".",J37) -> E1.P_B.MR1 | L37: Terminación, equipamiento y operación del Hospital Municipal | M37: Hospital Terminado, equipado y en operación | N37: 0.2 | O37: 1 | P37: MP02-1 | Q37: =+CONCATENATE(K37,"-",P37) -> E1.P_B.MR1-MP02-1 | R37: Dotación del Hospital Municipal de Tocancipá. | S37: Dotación del Hospital Municipal Nuestra Señora de Tránsito | T37: 0 | U37: 1 | V37: Incremento | W37: 0 | X37: 0 | Y37: 0.5 | Z37: 0.5 | BD37: Secretaria de Salud | BI37: E4. | BJ37: Seguridad y Justicia, La Integración Comunitaria y la Administración Pública son con la Gente y por la Gente | BK37: E4.P_A | BL37: SEGURIDAD Y JUSTICIA | BN37: E3.P_C | BO37: ALUMBRADO PÚBLICO, ENERGÍA Y ENERGÍAS RENOVABLES, GAS, CONECTIVIDAD Y TELECOMUNICACIONES | BP37: E3.P_C.MR2 | BQ37: Articular con las empresas prestadoras de servicios la ampliación de la cobertura de redes de (energía, gas, telefonía, concectividad, telecomunicaciones, etc) | BS37: E1.P_B.MR1 | BT37: Terminación, equipamiento y operación del Hospital Municipal | BU37: E1.P_B.MR1-MP01-1 | BV37: Terminación de la Construcción del Hospital Municipal bajo esquemas de gestión conjunta con el departamento | BX37: E4.P_A | BY37: SEGURIDAD Y JUSTICIA | BZ37: 592661060 | CA37: 0 | CB37: 200000000 | CC37: 0 | CD37: 0 | CE37: 3607338940 | CF37: 4400000000 | CG37: 6.134042e+08 | CH37: 0 | CI37: 2.07e+08 | CJ37: 0 | CK37: 0 | CL37: 3.7335958e+09 | CM37: 4554000000 | CN37: 6.3487334e+08 | CO37: 0 | CP37: 2.14245e+08 | CQ37: 0 | CR37: 0 | CS37: 3.8642717e+09 | CT37: 4713390000 | CU37: 6.5709391e+08 | CV37: 0 | CW37: 2.2174357e+08 | CX37: 0 | CY37: 0 | CZ37: 3.9995212e+09 | DA37: 4.8783586e+09 | DB37: 18545748650 | DC37: E3.P_B.MR1 - Mejorar las condiciones de movilidad del municipio a través de una inversión per cápita en el sector | DD37: E3. - Infraestructura, Planeación, Ambiente y Servicios Públicos | DE37: E3.P_B - PLAN VIAL, VIAS Y MOVILIDAD | DF37: Mejorar las condiciones de movilidad del municipio | DH37: E1.P_B.MR1-MP01-1 - Terminación de la Construcción del Hospital Municipal bajo esquemas de gestión conjunta con el departamento | DI37: E1. - SOCIAL: Desarrollo Social con alta competitividad y proyección | DJ37: E1.P_B - SALUD CON ATENCIÓN DIGNA, PRIORITARIA Y DE CALIDAD | DK37: Desarrollar acciones para fortalecer las condiciones del sistema de salud, que Garantice una atención digna, prioritaria y de calidad para todos | DL37: E1.P_B.MR1 - Terminación, equipamiento y operación del Hospital Municipal | DN37: E3.P_C.MR1 | DO37: Mantener los puntos lumínicos de alumbrado público municipal | DQ37: E1.P_B.MR1-MP01-1 | DR37: Terminación de la Construcción del Hospital Municipal bajo esquemas de gestión conjunta con el departamento | DT37: =+LEFT(DU37,10) -> E3.P_B.MR1 | DU37: E3.P_B.MR1 - Mejorar las condiciones de movilidad del municipio a través de una inversión per cápita en el sector | DV37: E3. - Infraestructura, Planeación, Ambiente y Servicios Públicos | DW37: Desarrollar infraestructuras sostenibles y de calidad, que interactúen de manera armónica con el medio ambiente y el cambio climático basado en el desarrollo económico y el bienestar social, promoviendo el acceso equitativo de servicios básicos esenciales para todos los grupos de población | DX37: Transporte | DY37: E3.P_B - PLAN VIAL, VIAS Y MOVILIDAD | DZ37: Mejorar las condiciones de movilidad del municipio | EB37: E3.P_B.MR1 | EC37: Mejorar las condiciones de movilidad del municipio a través de una inversión per cápita en el sector | ED37: Inversión per cápita Anual en el sector (SMMLV) | EE37: 0,21 smmlv per cápita | EF37: 0,5 smmlv per cápita | EL37: E1.P_B.MR1-MP02-1 | EM37: Dotación del Hospital Municipal de Tocancipá. | EN37: Dotación del Hospital Municipal Nuestra Señora de Tránsito | EO37: 0 | EP37: 1 | EQ37: 0 | ER37: 0 | ES37: 0.5 | ET37: 0.5
